Workbook
Name AnaplanColHeader_c4cb70b2_6598_4c0e_aa8c_9c4deb501a87: PL!$R$10:$AC$10
Name AnaplanDescription_c4cb70b2_6598_4c0e_aa8c_9c4deb501a87: PL!$Q$4:$Q$9
Name AnaplanRowHeader_c4cb70b2_6598_4c0e_aa8c_9c4deb501a87: PL!$Q$11:$Q$1596

Sheet Instruction
A1: Instruction for FY22 BT Package
A3: 1. Contents | H3: Plan | I3: Actual | J3: Forecast
B4: "PL" sheet
C5: 1. P/L (1) - Overview | H5: Y | I5: Y | J5: Y
C6: 2. P/L (2) - Overview by BU | H6: Y | I6: Y | J6: Y
C7: ・・・ | H7: Y | I7: Y | J7: Y
C8: 2-3. Sales/GP Details by BU | H8: Y | I8: Y | J8: N
C9: 3. Headcount | H9: Y | I9: Y | J9: Y
C10: 4. Inventories | H10: Y | I10: Y | J10: Y
C11: 5. One Rate | H11: Y | I11: Y | J11: Y
C12: 6. Purchase | H12: Y | I12: Y | J12: Y | K12: Moved from another sheet
C13: 7. CX2 | H13: Y | I13: Y | J13: N | K13: Moved from another sheet
C14: 8. Rolling forecast only | H14: N | I14: N | J14: Y
C15: ・・・ | H15: N | I15: N | J15: Y
C16: 8-5. Open Orders amount of sales orders | H16: N | I16: N | J16: Y
C17: 9. Other segments: BIC, IIS(Mobotix and DM) | H17: Y | I17: Y | J17: Y | K17: Moved from another sheet
B18: "FP" sheet
C19: 1. Investment | H19: Y | I19: N | J19: Y | K19: Moved from another sheet
C20: 2. Financial position | H20: Y | I20: N | J20: N
C21: 3. FP related information | H21: Y | I21: N | J21: N
C22: 4. Cash Flow (Automatic Calculation) | H22: Y | I22: N | J22: N
A25: 2. Submission
B26: Uploading to Anaplan will change from FY22. The simple guide is as follows, but please refer to the separate manual for the detailed operation.
B27: ** If #1 & #2 below are unsuccessful, skip #1 & #2 and proceed to #3 **
B29: 1. Upload to Anaplan from Excel | H29: Command in "Anaplan" tab in Excel file
C30: 1-1 | D30: Open BT-Package file | H30: -
D31: Sign In to Anaplan | H31: Sign In
D32: Select your company and refresh data | H32: Refresh
C33: 1-1 | D33: Input data | H33: - | K33: Formulas are possible, but please do not refer to formulas from other excel files
C34: 1-2 | D34: Upload by Excel sheet | H34: Send and Refresh -> Submit
E35: PL sheet | F35: FP sheet
D36: Actual | E36: Upload | F36: - | G36: Once
D37: Forecast | E37: Upload | F37: Upload | G37: Twice | K37: Please note that Rolling forecast requires to upload "PL" sheet & "FP" sheet respectively!!
B39: 2. Change status in Anaplan(Web) | H39: Command in Anaplan(Web)
C40: 2-0 | D40: Logon to Anaplan | H40: URL for SSO User: [E-mail address domain is “@konicaminolta.com”]
I41: https://sdp.anaplan.com/frontdoor/saml/konicasaml | O41: *If the jump from the URL fails, enter it directly in your browser
H42: URL for Password User: [E-mail address domain other than “@konicaminolta.com”]
I43: https://us1a.app.anaplan.com/frontdoor
D45: Open the menu | H45: refer to below
E46: Anaplan menu
D47: Actual | E47: Model "BT Globan Management" ->"AC1 - Sales Company Actual Top" ->
D48: Forecast | E48: Model "BT Globan Management" ->"RF1 - Sales Company RF Top" ->
C49: 2-1 | D49: Import data from Excel Add-in | H49: Import data for Actual from Excel Add-in
C50: 2-2 | D50: Check the value in "Summary Report" | H50: -
C51: 2-3 | D51: Change status to "2. Submitted" | H51: "Status Management" Tab
D52: "0. No Entered" | F52: Before processing
D53: "1. During Input" | F53: Uploading is possible
D54: "2. Submitted" | F54: Uploading is not possible. If Changes are needed, change the status to "1. During Input"
B56: 3. Send e-mail
C57: TO: | D57: Members at your organization | H57: XXXX
D58: KMI BT Sales Company Division | H58: BT_Sales_Planning01@gcp.konicaminolta.com
D59: Persons concerned in KMI | H59: XXXX
C60: Attached file: BT-package file | K60: *Excel files are used as a backup in case of system failure. If the system operates stably and the operation is stable, they may not be attached in the future.

Sheet Due date
A1: Due date of FY22 submission
D3: Due date of Unit Report | F3: Due date of BT-Package | H3: Due date of CEO Report | J3: Reference: Stravis-Link
H4: [BUS/BEU/KMJ/BCN/BHK/BSA/BAU/BIN]
C5: Reporting Period | D5: Due date of Unit Report | F5: Due date of BT-Package | H5: Due date of CEO Report | J5: Due date of Stravis-Link
B6: 1st Month | C6: April, 2022 | D6: May 5, 2022 (Japan: May 10, 2022) | F6: May 9, 2022 (Japan: May 11, 2022) | H6: May 13, 2022 (Japan: May 16, 2022) | J6: May 9, 2022 (Japan: May 11, 2022)
B7: 2nd Month | C7: May, 2022 | D7: 44718 | F7: 44719 | H7: 44722 | J7: 44719
B8: 3rd Month | C8: Jun, 2022 | D8: July 6, 2022 (US: July 7, 2022) | F8: 44750 | H8: July 13, 2022 (US: July 14, 2022) | J8: 44750
B9: 4th Month | C9: July, 2022 | D9: 44777 | F9: August 8, 2022 (Japan: August 10, 2022) | H9: August 12, 2022 (Japan: August 16, 2022) | J9: August 8, 2022 (Japan: August 10, 2022)
B10: 5th Month | C10: August, 2022 | D10: September 6, 2022 (US: September 7, 2022) | F10: September 7, 2022 (US: September 8, 2022) | H10: September 12, 2022 (US: September 13, 2022) | J10: September 7, 2022 (US: September 8, 2022)
B11: 6th Month | C11: September, 2022 | D11: 44840 | F11: October 10, 2022 (Japan: October 11, 2022) | H11: October 13, 2022 (US: October 14, 2022) | J11: October 10, 2022 (Japan: October 11, 2022)
B12: 7th Month | C12: October, 2022 | D12: November 4, 2022 (Japan: November 7, 2022) | F12: November 7, 2022 (Japan: November 8, 2022) | H12: November 10, 2022 (US: November 11, 2022) | J12: November 7, 2022 (Japan: November 8, 2022)
B13: 8th Month | C13: November, 2022 | D13: 44901 | F13: 44902 | H13: 44907 | J13: 44902
B14: 9th Month | C14: December, 2022 | D14: January 5, 2023 (Japan: January 10, 2023) | F14: January 10, 2023 (Japan: January 11, 2023) | H14: 44577 | J14: January 10, 2023 (Japan: January 11, 2023)
B15: 10th Month | C15: January, 2023 | D15: 44963 | F15: 44964 | H15: 44967 | J15: 44964
B16: 11th Month | C16: February, 2023 | D16: 44991 | F16: 44992 | H16: 44995 | J16: 44992
B17: 12th Month | C17: March, 2023 | D17: 45022 | F17: 45027 | H17: 45030 | J17: TBD
B20: [BBR Only]
C21: Reporting Period | D21: Due date of Unit Report | F21: Due date of BT-Package | J21: Due date of Stravis-Link
B22: 1st Month | C22: Apr, 2022 | D22: 44683 | F22: 44683 | J22: 44683
B23: 2nd Month | C23: May, 2022 | D23: 44713 | F23: 44713 | J23: 44713
B24: 3rd Month | C24: Jun, 2022 | D24: 44744 | F24: 44744 | J24: 44744
B25: 4th Month | C25: Jul, 2022 | D25: 44774 | F25: 44774 | J25: 44774
B26: 5th Month | C26: Aug, 2022 | D26: 44805 | F26: 44805 | J26: 44805
B27: 6th Month | C27: Sep, 2022 | D27: 44837 | F27: 44837 | J27: 44837
B28: 7th Month | C28: Oct, 2022 | D28: 44866 | F28: 44866 | J28: 44866
B29: 8th Month | C29: Nov, 2022 | D29: 44896 | F29: 44896 | J29: 44896
B30: 9th Month | C30: Dec, 2022 | D30: 44929 | F30: 44929 | J30: 44564
B31: 10th Month | C31: Jan, 2023 | D31: 44958 | F31: 44958 | J31: 44593
B32: 11th Month | C32: Feb, 2023 | D32: 44986 | F32: 44986 | J32: 44621
B33: 12th Month | C33: Mar, 2023 | D33: 45019 | F33: 45019 | J33: 44654

Sheet PL
AM1: 'OP'! | AP1: 'Previous'! | AU1: =AM1 -> 'OP'! | AX1: =AP1 -> 'Previous'! | BC1: =AM1 -> 'OP'! | BF1: =AP1 -> 'Previous'!
AL2: =VLOOKUP($AL$7,Work1!$F$6:$I$17,2,0) -> AC | AM2: =VLOOKUP($AL$7,Work1!$F$6:$I$17,3,0) -> AB | AP2: =VLOOKUP($AL$7,Work1!$F$6:$I$17,4,0) -> AB | AT2: =VLOOKUP($AL$7,Work1!$K$6:$Q$17,2,0) -> AA | AU2: =VLOOKUP($AL$7,Work1!$K$6:$Q$17,3,0) -> Z | AX2: =VLOOKUP($AL$7,Work1!$K$6:$Q$17,4,0) -> Z | BB2: =VLOOKUP($AL$7,Work1!$K$6:$Q$17,5,0) -> R | BC2: =VLOOKUP($AL$7,Work1!$K$6:$Q$17,6,0) -> Q | BF2: =VLOOKUP($AL$7,Work1!$K$6:$Q$17,7,0) -> Q
AL3: =AL2 -> AC | AM3: =AM2 -> AB | AP3: =AP2 -> AB | AT3: =VLOOKUP($AL$7,Work1!$K$22:$Q$33,2,0) -> AC | AU3: =VLOOKUP($AL$7,Work1!$K$22:$Q$33,3,0) -> AB | AX3: =VLOOKUP($AL$7,Work1!$K$22:$Q$33,4,0) -> AB | BB3: =VLOOKUP($AL$7,Work1!$K$22:$Q$33,5,0) -> AC | BC3: =VLOOKUP($AL$7,Work1!$K$22:$Q$33,6,0) -> AB | BF3: =VLOOKUP($AL$7,Work1!$K$22:$Q$33,7,0) -> AB
A4: Prev | C4: OP | F4: FY2022 Actual ver1.0 | P4: BIN | Q4: Last Refresh: 11-05-2022 12:09:15 | R4: (Unit:1000LC) | U4: When using Excel Add-in, please reduce the number of Excel workbooks opened at the same time. | AL4: vs OP / vs FY21 | AP4: Please copy&paste "OP" sheet and "Previous" sheet as they are
Q5: BT Global Management
D6: RF | I6: =VLOOKUP(P4,Work1!C6:D32,2,0) -> K_INR | L6: (Unit:1000LC) | P6: Input fields | Q6: data - Plan & Actual Pkg : Monthly | R6: =Q4 -> Last Refresh: 11-05-2022 12:09:15 | AL6: Select period (1-12)
P7: Input fields, but not affect PL | Q7: for FY22 PL Actual Excel Input | R7: =IF(R12="","","Last Send and Refresh:"&TEXT(R12," YYYY/MM/DD HH:MM:SS")) -> Last Send and Refresh: 2022/05/10 15:33:48 | AL7: 12 | AM7: ex. Apr ->1, Feb ->2 ,,,Mar ->12 *BBR: Jan ->1, Feb ->2 ,,,Dec ->12
G8: 1. P/L (1) - Overview | Q8: Sales Company - BIN
H9: 1-1. P/L Statement | Q9: Scenario : 01-2 - Actual | AL9: single month | AT9: Quarter (QTD) | BB9: Annual Year (YTD)
R10: =CHOOSE(2, "5446510030", "Apr 22") -> Apr 22 | S10: =CHOOSE(2, "5446810031", "May 22") -> May 22 | T10: =CHOOSE(2, "5447120030", "Jun 22") -> Jun 22 | U10: =CHOOSE(2, "5447420031", "Jul 22") -> Jul 22 | V10: =CHOOSE(2, "5447730031", "Aug 22") -> Aug 22 | W10: =CHOOSE(2, "5448040030", "Sep 22") -> Sep 22 | X10: =CHOOSE(2, "5448340031", "Oct 22") -> Oct 22 | Y10: =CHOOSE(2, "5448650030", "Nov 22") -> Nov 22 | Z10: =CHOOSE(2, "5448950031", "Dec 22") -> Dec 22 | AA10: =CHOOSE(2, "5449260031", "Jan 23") -> Jan 23 | AB10: =CHOOSE(2, "5449570028", "Feb 23") -> Feb 23 | AC10: =CHOOSE(2, "5449850031", "Mar 23") -> Mar 23
D11: RF | E11: 1 | Q11: =CHOOSE(2, "6722000002631", "1. P/L (1) - Overview") -> 1. P/L (1) - Overview | R11: =NOW() -> 45029.072
D12: RF | E12: 1 | Q12: =CHOOSE(2, "6722000002630", "1-1. P/L Statement") -> 1-1. P/L Statement | R12: 2022/05/10 15:33:48
D13: RF | E13: 1 | Q13: =CHOOSE(2, "6722000002629", "▷ Blank 0") -> ▷ Blank 0 | R13: =IF($P$4="BBR",Work1!D2, Work1!D3) -> 44652 | S13: =DATE(YEAR(R13),MONTH(R13)+1,DAY(R13)) -> 44682 | T13: =DATE(YEAR(S13),MONTH(S13)+1,DAY(S13)) -> 44713 | U13: =DATE(YEAR(T13),MONTH(T13)+1,DAY(T13)) -> 44743 | V13: =DATE(YEAR(U13),MONTH(U13)+1,DAY(U13)) -> 44774 | W13: =DATE(YEAR(V13),MONTH(V13)+1,DAY(V13)) -> 44805 | X13: =DATE(YEAR(W13),MONTH(W13)+1,DAY(W13)) -> 44835 | Y13: =DATE(YEAR(X13),MONTH(X13)+1,DAY(X13)) -> 44866 | Z13: =DATE(YEAR(Y13),MONTH(Y13)+1,DAY(Y13)) -> 44896 | ... AC13: =DATE(YEAR(AB13),MONTH(AB13)+1,DAY(AB13)) -> 44986 | AD13: Q1 | AE13: Q2 | AF13: Q3 | AG13: Q4 | AH13: 1st H | AI13: 2nd H | AJ13: Yr. | AL13: Result | AM13: OP | AN13: vs OP | AO13: % | AP13: FY21 | AQ13: vs FY21 | AR13: % | AT13: Result | AU13: OP | AV13: vs OP | AW13: % | AX13: FY21 | AY13: vs FY21 | AZ13: % | BB13: Result | BC13: OP | BD13: vs OP | BE13: % | BF13: FY21 | BG13: vs FY21 | BH13: %
A14: =ROW()-3 -> 11 | B14: 1 | C14: =ROW()-3 -> 11 | D14: RF | E14: 1 | I14: Net Sales | Q14: =CHOOSE(2, "6722000002628", "PL Statement Net Sales") -> PL Statement Net Sales | R14: =R79+R353+R154+R208+R290 -> 649255 | S14: =S79+S353+S154+S208+S290 -> 656821 | T14: =T79+T353+T154+T208+T290 -> 693011 | U14: =U79+U353+U154+U208+U290 -> 709342 | V14: =V79+V353+V154+V208+V290 -> 827652.6 | W14: =W79+W353+W154+W208+W290 -> 711087 | X14: =X79+X353+X154+X208+X290 -> 873355 | Y14: =Y79+Y353+Y154+Y208+Y290 -> 797664 | ... AC14: =AC79+AC353+AC154+AC208+AC290 -> 764117 | AD14: =SUM(R14,S14,T14) -> 1999087 | AE14: =SUM(U14,V14,W14) -> 2248081.6 | AF14: =SUM(X14,Y14,Z14) -> 2523796 | AG14: =SUM(AA14,AB14,AC14) -> 2469807.6 | AH14: =AD14+AE14 -> 4247168.6 | AI14: =AG14+AF14 -> 4993603.6 | AJ14: =AH14+AI14 -> 9240772.2 | AL14: =SUM((INDIRECT(AL$2&(ROW())):INDIRECT(AL$3&(ROW())))) -> 764117 | AM14: =SUM(INDIRECT(AM$1&AM$2&$C14):INDIRECT(AM$1&AM$3&$C14)) -> 0 | AN14: =AL14-AM14 -> 764117 | AO14: =IFERROR(AL14/AM14,0) -> 0 | AP14: =SUM(INDIRECT(AP$1&AP$2&$A14):INDIRECT(AP$1&AP$3&$A14))+SUM(INDIRECT(AP$1&AP$2&$B14):INDIRECT(AP$1&AP$3&$B14)) -> 770388 | AQ14: =AL14-AP14 -> -6271 | AR14: =IFERROR(AL14/AP14,0) -> 0.99185995 | AT14: =SUM((INDIRECT(AT$2&(ROW())):INDIRECT(AT$3&(ROW())))) -> 2469807.6 | AU14: =SUM(INDIRECT(AU$1&AU$2&$C14):INDIRECT(AU$1&AU$3&$C14)) -> 0 | AV14: =AT14-AU14 -> 2469807.6 | AW14: =IFERROR(AT14/AU14,0) -> 0 | AX14: =SUM(INDIRECT(AX$1&AX$2&$A14):INDIRECT(AX$1&AX$3&$A14))+SUM(INDIRECT(AX$1&AX$2&$B14):INDIRECT(AX$1&AX$3&$B14)) -> 1939949 | AY14: =AT14-AX14 -> 529858.63 | AZ14: =IFERROR(AT14/AX14,0) -> 1.2731302 | BB14: =SUM((INDIRECT(BB$2&(ROW())):INDIRECT(BB$3&(ROW())))) -> 9240772.2 | BC14: =SUM(INDIRECT(BC$1&BC$2&$C14):INDIRECT(BC$1&BC$3&$C14)) -> 0 | BD14: =BB14-BC14 -> 9240772.2 | BE14: =IFERROR(BB14/BC14,0) -> 0 | BF14: =SUM(INDIRECT(BF$1&BF$2&$A14):INDIRECT(BF$1&BF$3&$A14))+SUM(INDIRECT(BF$1&BF$2&$B14):INDIRECT(BF$1&BF$3&$B14)) -> 6980546 | BG14: =BB14-BF14 -> 2260226.2 | BH14: =IFERROR(BB14/BF14,0) -> 1.3237893
A15: =ROW()-3 -> 12 | B15: 1 | C15: =ROW()-3 -> 12 | D15: RF | E15: 1 | I15: BT Consolidated Sales | Q15: =CHOOSE(2, "6722000002627", "PL Statement BT Cons. Sales") -> PL Statement BT Cons. Sales | R15: =R80+R362+R159+R223+R300 -> 648073 | S15: =S80+S362+S159+S223+S300 -> 656821 | T15: =T80+T362+T159+T223+T300 -> 693011 | U15: =U80+U362+U159+U223+U300 -> 706173 | V15: =V80+V362+V159+V223+V300 -> 827652.6 | W15: =W80+W362+W159+W223+W300 -> 711087 | X15: =X80+X362+X159+X223+X300 -> 873355 | Y15: =Y80+Y362+Y159+Y223+Y300 -> 797664 | ... AC15: =AC80+AC362+AC159+AC223+AC300 -> 764117 | AD15: =SUM(R15,S15,T15) -> 1997905 | AE15: =SUM(U15,V15,W15) -> 2244912.6 | AF15: =SUM(X15,Y15,Z15) -> 2523796 | AG15: =SUM(AA15,AB15,AC15) -> 2469807.6 | AH15: =AD15+AE15 -> 4242817.6 | AI15: =AG15+AF15 -> 4993603.6 | AJ15: =AH15+AI15 -> 9236421.2 | AL15: =SUM((INDIRECT(AL$2&(ROW())):INDIRECT(AL$3&(ROW())))) -> 764117 | AM15: =SUM(INDIRECT(AM$1&AM$2&$C15):INDIRECT(AM$1&AM$3&$C15)) -> 0 | AN15: =AL15-AM15 -> 764117 | AO15: =IFERROR(AL15/AM15,0) -> 0 | AP15: =SUM(INDIRECT(AP$1&AP$2&$A15):INDIRECT(AP$1&AP$3&$A15))+SUM(INDIRECT(AP$1&AP$2&$B15):INDIRECT(AP$1&AP$3&$B15)) -> 770388 | AQ15: =AL15-AP15 -> -6271 | AR15: =IFERROR(AL15/AP15,0) -> 0.99185995 | AT15: =SUM((INDIRECT(AT$2&(ROW())):INDIRECT(AT$3&(ROW())))) -> 2469807.6 | AU15: =SUM(INDIRECT(AU$1&AU$2&$C15):INDIRECT(AU$1&AU$3&$C15)) -> 0 | AV15: =AT15-AU15 -> 2469807.6 | AW15: =IFERROR(AT15/AU15,0) -> 0 | AX15: =SUM(INDIRECT(AX$1&AX$2&$A15):INDIRECT(AX$1&AX$3&$A15))+SUM(INDIRECT(AX$1&AX$2&$B15):INDIRECT(AX$1&AX$3&$B15)) -> 1939949 | AY15: =AT15-AX15 -> 529858.63 | AZ15: =IFERROR(AT15/AX15,0) -> 1.2731302 | BB15: =SUM((INDIRECT(BB$2&(ROW())):INDIRECT(BB$3&(ROW())))) -> 9236421.2 | BC15: =SUM(INDIRECT(BC$1&BC$2&$C15):INDIRECT(BC$1&BC$3&$C15)) -> 0 | BD15: =BB15-BC15 -> 9236421.2 | BE15: =IFERROR(BB15/BC15,0) -> 0 | BF15: =SUM(INDIRECT(BF$1&BF$2&$A15):INDIRECT(BF$1&BF$3&$A15))+SUM(INDIRECT(BF$1&BF$2&$B15):INDIRECT(BF$1&BF$3&$B15)) -> 6980546 | BG15: =BB15-BF15 -> 2255875.2 | BH15: =IFERROR(BB15/BF15,0) -> 1.323166
A16: =ROW()-3 -> 13 | B16: 1 | C16: =ROW()-3 -> 13 | D16: RF | E16: 1 | I16: Cost of Sales | Q16: =CHOOSE(2, "6722000002626", "PL Statement Cost of Sales") -> PL Statement Cost of Sales | R16: =R14-R17 -> 442381 | S16: =S14-S17 -> 465153 | T16: =T14-T17 -> 469842 | U16: =U14-U17 -> 473701 | V16: =V14-V17 -> 549586.86 | W16: =W14-W17 -> 520638.35 | X16: =X14-X17 -> 562611.75 | Y16: =Y14-Y17 -> 540330 | ... AC16: =AC14-AC17 -> 590384 | AD16: =SUM(R16,S16,T16) -> 1377376 | AE16: =SUM(U16,V16,W16) -> 1543926.2 | AF16: =SUM(X16,Y16,Z16) -> 1699578.7 | AG16: =SUM(AA16,AB16,AC16) -> 1742153.8 | AH16: =AD16+AE16 -> 2921302.2 | AI16: =AG16+AF16 -> 3441732.5 | AJ16: =AH16+AI16 -> 6363034.7 | AL16: =SUM((INDIRECT(AL$2&(ROW())):INDIRECT(AL$3&(ROW())))) -> 590384 | AM16: =SUM(INDIRECT(AM$1&AM$2&$C16):INDIRECT(AM$1&AM$3&$C16)) -> 0 | AN16: =AL16-AM16 -> 590384 | AO16: =IFERROR(AL16/AM16,0) -> 0 | AP16: =SUM(INDIRECT(AP$1&AP$2&$A16):INDIRECT(AP$1&AP$3&$A16))+SUM(INDIRECT(AP$1&AP$2&$B16):INDIRECT(AP$1&AP$3&$B16)) -> 510625 | AQ16: =AL16-AP16 -> 79759 | AR16: =IFERROR(AL16/AP16,0) -> 1.1561988 | AT16: =SUM((INDIRECT(AT$2&(ROW())):INDIRECT(AT$3&(ROW())))) -> 1742153.8 | AU16: =SUM(INDIRECT(AU$1&AU$2&$C16):INDIRECT(AU$1&AU$3&$C16)) -> 0 | AV16: =AT16-AU16 -> 1742153.8 | AW16: =IFERROR(AT16/AU16,0) -> 0 | AX16: =SUM(INDIRECT(AX$1&AX$2&$A16):INDIRECT(AX$1&AX$3&$A16))+SUM(INDIRECT(AX$1&AX$2&$B16):INDIRECT(AX$1&AX$3&$B16)) -> 1288337 | AY16: =AT16-AX16 -> 453816.77 | AZ16: =IFERROR(AT16/AX16,0) -> 1.35225 | BB16: =SUM((INDIRECT(BB$2&(ROW())):INDIRECT(BB$3&(ROW())))) -> 6363034.7 | BC16: =SUM(INDIRECT(BC$1&BC$2&$C16):INDIRECT(BC$1&BC$3&$C16)) -> 0 | BD16: =BB16-BC16 -> 6363034.7 | BE16: =IFERROR(BB16/BC16,0) -> 0 | BF16: =SUM(INDIRECT(BF$1&BF$2&$A16):INDIRECT(BF$1&BF$3&$A16))+SUM(INDIRECT(BF$1&BF$2&$B16):INDIRECT(BF$1&BF$3&$B16)) -> 4559396 | BG16: =BB16-BF16 -> 1803638.7 | BH16: =IFERROR(BB16/BF16,0) -> 1.3955872
A17: =ROW()-3 -> 14 | B17: 1 | C17: =ROW()-3 -> 14 | D17: RF | E17: 1 | I17: Gross Profit | Q17: =CHOOSE(2, "6722000002625", "PL Statement Gross Profit") -> PL Statement Gross Profit | R17: =R81+R371+R176+R238+R310 -> 206874 | S17: =S81+S371+S176+S238+S310 -> 191668 | T17: =T81+T371+T176+T238+T310 -> 223169 | U17: =U81+U371+U176+U238+U310 -> 235641 | V17: =V81+V371+V176+V238+V310 -> 278065.73 | W17: =W81+W371+W176+W238+W310 -> 190448.65 | X17: =X81+X371+X176+X238+X310 -> 310743.25 | Y17: =Y81+Y371+Y176+Y238+Y310 -> 257334 | ... AC17: =AC81+AC371+AC176+AC238+AC310 -> 173733 | AD17: =SUM(R17,S17,T17) -> 621711 | AE17: =SUM(U17,V17,W17) -> 704155.38 | AF17: =SUM(X17,Y17,Z17) -> 824217.25 | AG17: =SUM(AA17,AB17,AC17) -> 727653.86 | AH17: =AD17+AE17 -> 1325866.4 | AI17: =AG17+AF17 -> 1551871.1 | AJ17: =AH17+AI17 -> 2877737.5 | AL17: =SUM((INDIRECT(AL$2&(ROW())):INDIRECT(AL$3&(ROW())))) -> 173733 | AM17: =SUM(INDIRECT(AM$1&AM$2&$C17):INDIRECT(AM$1&AM$3&$C17)) -> 0 | AN17: =AL17-AM17 -> 173733 | AO17: =IFERROR(AL17/AM17,0) -> 0 | AP17: =SUM(INDIRECT(AP$1&AP$2&$A17):INDIRECT(AP$1&AP$3&$A17))+SUM(INDIRECT(AP$1&AP$2&$B17):INDIRECT(AP$1&AP$3&$B17)) -> 259763 | AQ17: =AL17-AP17 -> -86030 | AR17: =IFERROR(AL17/AP17,0) -> 0.6688135 | AT17: =SUM((INDIRECT(AT$2&(ROW())):INDIRECT(AT$3&(ROW())))) -> 727653.86 | AU17: =SUM(INDIRECT(AU$1&AU$2&$C17):INDIRECT(AU$1&AU$3&$C17)) -> 0 | AV17: =AT17-AU17 -> 727653.86 | AW17: =IFERROR(AT17/AU17,0) -> 0 | AX17: =SUM(INDIRECT(AX$1&AX$2&$A17):INDIRECT(AX$1&AX$3&$A17))+SUM(INDIRECT(AX$1&AX$2&$B17):INDIRECT(AX$1&AX$3&$B17)) -> 651612 | AY17: =AT17-AX17 -> 76041.86 | AZ17: =IFERROR(AT17/AX17,0) -> 1.1166981 | BB17: =SUM((INDIRECT(BB$2&(ROW())):INDIRECT(BB$3&(ROW())))) -> 2877737.5 | BC17: =SUM(INDIRECT(BC$1&BC$2&$C17):INDIRECT(BC$1&BC$3&$C17)) -> 0 | BD17: =BB17-BC17 -> 2877737.5 | BE17: =IFERROR(BB17/BC17,0) -> 0 | BF17: =SUM(INDIRECT(BF$1&BF$2&$A17):INDIRECT(BF$1&BF$3&$A17))+SUM(INDIRECT(BF$1&BF$2&$B17):INDIRECT(BF$1&BF$3&$B17)) -> 2421150 | BG17: =BB17-BF17 -> 456587.5 | BH17: =IFERROR(BB17/BF17,0) -> 1.1885829
A18: =ROW()-3 -> 15 | B18: 1 | C18: =ROW()-3 -> 15 | D18: RF | E18: 1 | P18: (%) | Q18: =CHOOSE(2, "6722000002624", "PL Statement Gross Profit (%)") -> PL Statement Gross Profit (%) | R18: =IFERROR(R17/R14,0) -> 0.31863289 | S18: =IFERROR(S17/S14,0) -> 0.29181162 | T18: =IFERROR(T17/T14,0) -> 0.32202808 | U18: =IFERROR(U17/U14,0) -> 0.3321966 | V18: =IFERROR(V17/V14,0) -> 0.33596914 | W18: =IFERROR(W17/W14,0) -> 0.26782749 | X18: =IFERROR(X17/X14,0) -> 0.35580406 | Y18: =IFERROR(Y17/Y14,0) -> 0.32260952 | ... AJ18: =IFERROR(AJ17/AJ14,0) -> 0.31141743 | AL18: =IFERROR(AL17/AL14,0) -> 0.2273644 | AM18: =IFERROR(AM17/AM14,0) -> 0 | AN18: =AL18-AM18 -> 0.2273644 | AP18: =IFERROR(AP17/AP14,0) -> 0.33718464 | AQ18: =AL18-AP18 -> -0.10982024 | AT18: =IFERROR(AT17/AT14,0) -> 0.29461965 | AU18: =IFERROR(AU17/AU14,0) -> 0 | AV18: =AT18-AU18 -> 0.29461965 | AX18: =IFERROR(AX17/AX14,0) -> 0.3358913 | AY18: =AT18-AX18 -> -0.041271654 | BB18: =IFERROR(BB17/BB14,0) -> 0.31141743 | BC18: =IFERROR(BC17/BC14,0) -> 0 | BD18: =BB18-BC18 -> 0.31141743 | BF18: =IFERROR(BF17/BF14,0) -> 0.3468425 | BG18: =BB18-BF18 -> -0.035425071
A19: =ROW()-3 -> 16 | B19: 1 | C19: =ROW()-3 -> 16 | D19: RF | E19: 1 | I19: SGA Expenses | Q19: =CHOOSE(2, "6722000002623", "PL Statement SGA") -> PL Statement SGA | R19: =R21+R22+R23 -> 162497 | S19: =S21+S22+S23 -> 152600.97 | T19: =T21+T22+T23 -> 168144.03 | U19: =U21+U22+U23 -> 169226 | V19: =V21+V22+V23 -> 192339.22 | W19: =W21+W22+W23 -> 129717.21 | X19: =X21+X22+X23 -> 216458.78 | Y19: =Y21+Y22+Y23 -> 174487.53 | ... AC19: =AC21+AC22+AC23 -> 121853.88 | AD19: =SUM(R19,S19,T19) -> 483242 | AE19: =SUM(U19,V19,W19) -> 491282.43 | AF19: =SUM(X19,Y19,Z19) -> 579637.99 | AG19: =SUM(AA19,AB19,AC19) -> 515690.58 | AH19: =AD19+AE19 -> 974524.42 | AI19: =AG19+AF19 -> 1095328.6 | AJ19: =AH19+AI19 -> 2069853 | AL19: =SUM((INDIRECT(AL$2&(ROW())):INDIRECT(AL$3&(ROW())))) -> 121853.88 | AM19: =SUM(INDIRECT(AM$1&AM$2&$C19):INDIRECT(AM$1&AM$3&$C19)) -> 0 | AN19: =AL19-AM19 -> 121853.88 | AO19: =IFERROR(AL19/AM19,0) -> 0 | AP19: =SUM(INDIRECT(AP$1&AP$2&$A19):INDIRECT(AP$1&AP$3&$A19))+SUM(INDIRECT(AP$1&AP$2&$B19):INDIRECT(AP$1&AP$3&$B19)) -> 200181.89 | AQ19: =AL19-AP19 -> -78328.01 | AR19: =IFERROR(AL19/AP19,0) -> 0.60871581 | AT19: =SUM((INDIRECT(AT$2&(ROW())):INDIRECT(AT$3&(ROW())))) -> 515690.58 | AU19: =SUM(INDIRECT(AU$1&AU$2&$C19):INDIRECT(AU$1&AU$3&$C19)) -> 0 | AV19: =AT19-AU19 -> 515690.58 | AW19: =IFERROR(AT19/AU19,0) -> 0 | AX19: =SUM(INDIRECT(AX$1&AX$2&$A19):INDIRECT(AX$1&AX$3&$A19))+SUM(INDIRECT(AX$1&AX$2&$B19):INDIRECT(AX$1&AX$3&$B19)) -> 427094.89 | AY19: =AT19-AX19 -> 88595.685 | AZ19: =IFERROR(AT19/AX19,0) -> 1.2074379 | BB19: =SUM((INDIRECT(BB$2&(ROW())):INDIRECT(BB$3&(ROW())))) -> 2069853 | BC19: =SUM(INDIRECT(BC$1&BC$2&$C19):INDIRECT(BC$1&BC$3&$C19)) -> 0 | BD19: =BB19-BC19 -> 2069853 | BE19: =IFERROR(BB19/BC19,0) -> 0 | BF19: =SUM(INDIRECT(BF$1&BF$2&$A19):INDIRECT(BF$1&BF$3&$A19))+SUM(INDIRECT(BF$1&BF$2&$B19):INDIRECT(BF$1&BF$3&$B19)) -> 1673029.9 | BG19: =BB19-BF19 -> 396823.1 | BH19: =IFERROR(BB19/BF19,0) -> 1.2371883
A20: =ROW()-3 -> 17 | B20: 1 | C20: =ROW()-3 -> 17 | D20: RF | E20: 1 | P20: (%) | Q20: =CHOOSE(2, "6722000002622", "PL Statement SGA (%)") -> PL Statement SGA (%) | R20: =IFERROR(R19/R14,0) -> 0.25028225 | S20: =IFERROR(S19/S14,0) -> 0.23233265 | T20: =IFERROR(T19/T14,0) -> 0.24262823 | U20: =IFERROR(U19/U14,0) -> 0.23856757 | V20: =IFERROR(V19/V14,0) -> 0.23239125 | W20: =IFERROR(W19/W14,0) -> 0.18242102 | X20: =IFERROR(X19/X14,0) -> 0.24784742 | Y20: =IFERROR(Y19/Y14,0) -> 0.21874816 | ... AJ20: =IFERROR(AJ19/AJ14,0) -> 0.22399134 | AL20: =INDIRECT(AL$2&ROW()) -> 0.15947019 | AM20: =IFERROR(AM19/AM14,0) -> 0 | AN20: =AL20-AM20 -> 0.15947019 | AP20: =IFERROR(AP19/AP14,0) -> 0.25984555 | AQ20: =AL20-AP20 -> -0.10037536 | AT20: =INDIRECT(AT$2&ROW()) -> 0.26562731 | AU20: =IFERROR(AU19/AU14,0) -> 0 | AV20: =AT20-AU20 -> 0.26562731 | AX20: =IFERROR(AX19/AX14,0) -> 0.22015779 | AY20: =AT20-AX20 -> 0.045469513 | BB20: =IFERROR(BB19/BB14,0) -> 0.22399134 | BC20: =IFERROR(BC19/BC14,0) -> 0 | BD20: =BB20-BC20 -> 0.22399134 | BF20: =IFERROR(BF19/BF14,0) -> 0.23967035 | BG20: =BB20-BF20 -> -0.015679004
A21: =ROW()-3 -> 18 | B21: 1 | C21: =ROW()-3 -> 18 | D21: RF | E21: 1 | J21: Variable Expenses | Q21: =CHOOSE(2, "6722000002621", "PL Statement SGA Variable Expenses") -> PL Statement SGA Variable Expenses | R21: =R83+R187+R269+R332+R390 -> 61663 | S21: =S83+S187+S269+S332+S390 -> 49532.816 | T21: =T83+T187+T269+T332+T390 -> 47765.199 | U21: =U83+U187+U269+U332+U390 -> 67757.615 | V21: =V83+V187+V269+V332+V390 -> 73732.577 | W21: =W83+W187+W269+W332+W390 -> 50380.993 | X21: =X83+X187+X269+X332+X390 -> 42778.732 | Y21: =Y83+Y187+Y269+Y332+Y390 -> 54978.632 | ... AC21: =AC83+AC187+AC269+AC332+AC390 -> -4031.7866 | AD21: =SUM(R21,S21,T21) -> 158961.01 | AE21: =SUM(U21,V21,W21) -> 191871.18 | AF21: =SUM(X21,Y21,Z21) -> 171051.77 | AG21: =SUM(AA21,AB21,AC21) -> 162010.38 | AH21: =AD21+AE21 -> 350832.2 | AI21: =AG21+AF21 -> 333062.15 | AJ21: =AH21+AI21 -> 683894.35 | AL21: =SUM((INDIRECT(AL$2&(ROW())):INDIRECT(AL$3&(ROW())))) -> -4031.7866 | AM21: =SUM(INDIRECT(AM$1&AM$2&$C21):INDIRECT(AM$1&AM$3&$C21)) -> 0 | AN21: =AL21-AM21 -> -4031.7866 | AO21: =IFERROR(AL21/AM21,0) -> 0 | AP21: =SUM(INDIRECT(AP$1&AP$2&$A21):INDIRECT(AP$1&AP$3&$A21))+SUM(INDIRECT(AP$1&AP$2&$B21):INDIRECT(AP$1&AP$3&$B21)) -> 38451 | AQ21: =AL21-AP21 -> -42482.787 | AR21: =IFERROR(AL21/AP21,0) -> -0.10485518 | AT21: =SUM((INDIRECT(AT$2&(ROW())):INDIRECT(AT$3&(ROW())))) -> 162010.38 | AU21: =SUM(INDIRECT(AU$1&AU$2&$C21):INDIRECT(AU$1&AU$3&$C21)) -> 0 | AV21: =AT21-AU21 -> 162010.38 | AW21: =IFERROR(AT21/AU21,0) -> 0 | AX21: =SUM(INDIRECT(AX$1&AX$2&$A21):INDIRECT(AX$1&AX$3&$A21))+SUM(INDIRECT(AX$1&AX$2&$B21):INDIRECT(AX$1&AX$3&$B21)) -> 81376 | AY21: =AT21-AX21 -> 80634.381 | AZ21: =IFERROR(AT21/AX21,0) -> 1.9908865 | BB21: =SUM((INDIRECT(BB$2&(ROW())):INDIRECT(BB$3&(ROW())))) -> 683894.35 | BC21: =SUM(INDIRECT(BC$1&BC$2&$C21):INDIRECT(BC$1&BC$3&$C21)) -> 0 | BD21: =BB21-BC21 -> 683894.35 | BE21: =IFERROR(BB21/BC21,0) -> 0 | BF21: =SUM(INDIRECT(BF$1&BF$2&$A21):INDIRECT(BF$1&BF$3&$A21))+SUM(INDIRECT(BF$1&BF$2&$B21):INDIRECT(BF$1&BF$3&$B21)) -> 408165 | BG21: =BB21-BF21 -> 275729.35 | BH21: =IFERROR(BB21/BF21,0) -> 1.675534
A22: =ROW()-3 -> 19 | B22: 1 | C22: =ROW()-3 -> 19 | D22: RF | E22: 1 | J22: Wages & Salaries | Q22: =CHOOSE(2, "6722000002620", "PL Statement SGA Wages & Salaries") -> PL Statement SGA Wages & Salaries | R22: =R84+R188+R270+R333+R391 -> 57082 | S22: =S84+S188+S270+S333+S391 -> 56006.377 | T22: =T84+T188+T270+T333+T391 -> 57211.481 | U22: =U84+U188+U270+U333+U391 -> 54312.126 | V22: =V84+V188+V270+V333+V391 -> 56583.331 | W22: =W84+W188+W270+W333+W391 -> 60614.824 | X22: =X84+X188+X270+X333+X391 -> 87502.546 | Y22: =Y84+Y188+Y270+Y333+Y391 -> 65320.761 | ... AC22: =AC84+AC188+AC270+AC333+AC391 -> 55275.38 | AD22: =SUM(R22,S22,T22) -> 170299.86 | AE22: =SUM(U22,V22,W22) -> 171510.28 | AF22: =SUM(X22,Y22,Z22) -> 220177.71 | AG22: =SUM(AA22,AB22,AC22) -> 183245.4 | AH22: =AD22+AE22 -> 341810.14 | AI22: =AG22+AF22 -> 403423.11 | AJ22: =AH22+AI22 -> 745233.25 | AL22: =SUM((INDIRECT(AL$2&(ROW())):INDIRECT(AL$3&(ROW())))) -> 55275.38 | AM22: =SUM(INDIRECT(AM$1&AM$2&$C22):INDIRECT(AM$1&AM$3&$C22)) -> 0 | AN22: =AL22-AM22 -> 55275.38 | AO22: =IFERROR(AL22/AM22,0) -> 0 | AP22: =SUM(INDIRECT(AP$1&AP$2&$A22):INDIRECT(AP$1&AP$3&$A22))+SUM(INDIRECT(AP$1&AP$2&$B22):INDIRECT(AP$1&AP$3&$B22)) -> 68403.893 | AQ22: =AL22-AP22 -> -13128.514 | AR22: =IFERROR(AL22/AP22,0) -> 0.80807359 | AT22: =SUM((INDIRECT(AT$2&(ROW())):INDIRECT(AT$3&(ROW())))) -> 183245.4 | AU22: =SUM(INDIRECT(AU$1&AU$2&$C22):INDIRECT(AU$1&AU$3&$C22)) -> 0 | AV22: =AT22-AU22 -> 183245.4 | AW22: =IFERROR(AT22/AU22,0) -> 0 | AX22: =SUM(INDIRECT(AX$1&AX$2&$A22):INDIRECT(AX$1&AX$3&$A22))+SUM(INDIRECT(AX$1&AX$2&$B22):INDIRECT(AX$1&AX$3&$B22)) -> 193083.89 | AY22: =AT22-AX22 -> -9838.4969 | AZ22: =IFERROR(AT22/AX22,0) -> 0.94904548 | BB22: =SUM((INDIRECT(BB$2&(ROW())):INDIRECT(BB$3&(ROW())))) -> 745233.25 | BC22: =SUM(INDIRECT(BC$1&BC$2&$C22):INDIRECT(BC$1&BC$3&$C22)) -> 0 | BD22: =BB22-BC22 -> 745233.25 | BE22: =IFERROR(BB22/BC22,0) -> 0 | BF22: =SUM(INDIRECT(BF$1&BF$2&$A22):INDIRECT(BF$1&BF$3&$A22))+SUM(INDIRECT(BF$1&BF$2&$B22):INDIRECT(BF$1&BF$3&$B22)) -> 651927.89 | BG22: =BB22-BF22 -> 93305.355 | BH22: =IFERROR(BB22/BF22,0) -> 1.1431222
A23: =ROW()-3 -> 20 | B23: 1 | C23: =ROW()-3 -> 20 | D23: RF | E23: 1 | J23: Fixed Expenses | Q23: =CHOOSE(2, "6722000002619", "PL Statement SGA Fixed Expenses") -> PL Statement SGA Fixed Expenses | R23: =R85+R189+R271+R334+R396 -> 43752 | S23: =S85+S189+S271+S334+S396 -> 47061.774 | T23: =T85+T189+T271+T334+T396 -> 63167.35 | U23: =U85+U189+U271+U334+U396 -> 47156.256 | V23: =V85+V189+V271+V334+V396 -> 62023.309 | W23: =W85+W189+W271+W334+W396 -> 18721.395 | X23: =X85+X189+X271+X334+X396 -> 86177.502 | Y23: =Y85+Y189+Y271+Y334+Y396 -> 54188.14 | ... AC23: =AC85+AC189+AC271+AC334+AC396 -> 70610.29 | AD23: =SUM(R23,S23,T23) -> 153981.12 | AE23: =SUM(U23,V23,W23) -> 127900.96 | AF23: =SUM(X23,Y23,Z23) -> 188408.51 | AG23: =SUM(AA23,AB23,AC23) -> 170434.8 | AH23: =AD23+AE23 -> 281882.08 | AI23: =AG23+AF23 -> 358843.31 | AJ23: =AH23+AI23 -> 640725.39 | AL23: =SUM((INDIRECT(AL$2&(ROW())):INDIRECT(AL$3&(ROW())))) -> 70610.29 | AM23: =SUM(INDIRECT(AM$1&AM$2&$C23):INDIRECT(AM$1&AM$3&$C23)) -> 0 | AN23: =AL23-AM23 -> 70610.29 | AO23: =IFERROR(AL23/AM23,0) -> 0 | AP23: =SUM(INDIRECT(AP$1&AP$2&$A23):INDIRECT(AP$1&AP$3&$A23))+SUM(INDIRECT(AP$1&AP$2&$B23):INDIRECT(AP$1&AP$3&$B23)) -> 93327 | AQ23: =AL23-AP23 -> -22716.71 | AR23: =IFERROR(AL23/AP23,0) -> 0.75659016 | AT23: =SUM((INDIRECT(AT$2&(ROW())):INDIRECT(AT$3&(ROW())))) -> 170434.8 | AU23: =SUM(INDIRECT(AU$1&AU$2&$C23):INDIRECT(AU$1&AU$3&$C23)) -> 0 | AV23: =AT23-AU23 -> 170434.8 | AW23: =IFERROR(AT23/AU23,0) -> 0 | AX23: =SUM(INDIRECT(AX$1&AX$2&$A23):INDIRECT(AX$1&AX$3&$A23))+SUM(INDIRECT(AX$1&AX$2&$B23):INDIRECT(AX$1&AX$3&$B23)) -> 152635 | AY23: =AT23-AX23 -> 17799.8 | AZ23: =IFERROR(AT23/AX23,0) -> 1.1166168 | BB23: =SUM((INDIRECT(BB$2&(ROW())):INDIRECT(BB$3&(ROW())))) -> 640725.39 | BC23: =SUM(INDIRECT(BC$1&BC$2&$C23):INDIRECT(BC$1&BC$3&$C23)) -> 0 | BD23: =BB23-BC23 -> 640725.39 | BE23: =IFERROR(BB23/BC23,0) -> 0 | BF23: =SUM(INDIRECT(BF$1&BF$2&$A23):INDIRECT(BF$1&BF$3&$A23))+SUM(INDIRECT(BF$1&BF$2&$B23):INDIRECT(BF$1&BF$3&$B23)) -> 612937 | BG23: =BB23-BF23 -> 27788.395 | BH23: =IFERROR(BB23/BF23,0) -> 1.0453365
A24: =ROW()-3 -> 21 | B24: 1 | C24: =ROW()-3 -> 21 | D24: RF | E24: 1 | I24: Business Contribution Profit | Q24: =CHOOSE(2, "6722000002618", "PL Statement BCP") -> PL Statement BCP | R24: =R17-R19 -> 44377 | S24: =S17-S19 -> 39067.034 | T24: =T17-T19 -> 55024.97 | U24: =U17-U19 -> 66415.004 | V24: =V17-V19 -> 85726.517 | W24: =W17-W19 -> 60731.437 | X24: =X17-X19 -> 94284.471 | Y24: =Y17-Y19 -> 82846.466 | ... AC24: =AC17-AC19 -> 51879.117 | AD24: =SUM(R24,S24,T24) -> 138469 | AE24: =SUM(U24,V24,W24) -> 212872.96 | AF24: =SUM(X24,Y24,Z24) -> 244579.26 | AG24: =SUM(AA24,AB24,AC24) -> 211963.28 | AH24: =AD24+AE24 -> 351341.96 | AI24: =AG24+AF24 -> 456542.54 | AJ24: =AH24+AI24 -> 807884.5 | AL24: =SUM((INDIRECT(AL$2&(ROW())):INDIRECT(AL$3&(ROW())))) -> 51879.117 | AM24: =SUM(INDIRECT(AM$1&AM$2&$C24):INDIRECT(AM$1&AM$3&$C24)) -> 0 | AN24: =AL24-AM24 -> 51879.117 | AO24: =IFERROR(AL24/AM24,0) -> 0 | AP24: =SUM(INDIRECT(AP$1&AP$2&$A24):INDIRECT(AP$1&AP$3&$A24))+SUM(INDIRECT(AP$1&AP$2&$B24):INDIRECT(AP$1&AP$3&$B24)) -> 59581.107 | AQ24: =AL24-AP24 -> -7701.9898 | AR24: =IFERROR(AL24/AP24,0) -> 0.870731 | AT24: =SUM((INDIRECT(AT$2&(ROW())):INDIRECT(AT$3&(ROW())))) -> 211963.28 | AU24: =SUM(INDIRECT(AU$1&AU$2&$C24):INDIRECT(AU$1&AU$3&$C24)) -> 0 | AV24: =AT24-AU24 -> 211963.28 | AW24: =IFERROR(AT24/AU24,0) -> 0 | AX24: =SUM(INDIRECT(AX$1&AX$2&$A24):INDIRECT(AX$1&AX$3&$A24))+SUM(INDIRECT(AX$1&AX$2&$B24):INDIRECT(AX$1&AX$3&$B24)) -> 224517.11 | AY24: =AT24-AX24 -> -12553.825 | AZ24: =IFERROR(AT24/AX24,0) -> 0.94408522 | BB24: =SUM((INDIRECT(BB$2&(ROW())):INDIRECT(BB$3&(ROW())))) -> 807884.5 | BC24: =SUM(INDIRECT(BC$1&BC$2&$C24):INDIRECT(BC$1&BC$3&$C24)) -> 0 | BD24: =BB24-BC24 -> 807884.5 | BE24: =IFERROR(BB24/BC24,0) -> 0 | BF24: =SUM(INDIRECT(BF$1&BF$2&$A24):INDIRECT(BF$1&BF$3&$A24))+SUM(INDIRECT(BF$1&BF$2&$B24):INDIRECT(BF$1&BF$3&$B24)) -> 748120.11 | BG24: =BB24-BF24 -> 59764.398 | BH24: =IFERROR(BB24/BF24,0) -> 1.0798861
A25: =ROW()-3 -> 22 | B25: 1 | C25: =ROW()-3 -> 22 | D25: RF | E25: 1 | P25: (%) | Q25: =CHOOSE(2, "6722000002617", "PL Statement BCP (%)") -> PL Statement BCP (%) | R25: =IFERROR(R24/R14,0) -> 0.068350648 | S25: =IFERROR(S24/S14,0) -> 0.059478966 | T25: =IFERROR(T24/T14,0) -> 0.079399851 | U25: =IFERROR(U24/U14,0) -> 0.093629031 | V25: =IFERROR(V24/V14,0) -> 0.1035779 | W25: =IFERROR(W24/W14,0) -> 0.085406479 | X25: =IFERROR(X24/X14,0) -> 0.10795664 | Y25: =IFERROR(Y24/Y14,0) -> 0.10386136 | ... AJ25: =IFERROR(AJ24/AJ14,0) -> 0.087426081 | AL25: =IFERROR(AL24/AL14,0) -> 0.067894206 | AM25: =IFERROR(AM24/AM14,0) -> 0 | AN25: =AL25-AM25 -> 0.067894206 | AP25: =IFERROR(AP24/AP14,0) -> 0.07733909 | AQ25: =AL25-AP25 -> -0.009444884 | AT25: =IFERROR(AT24/AT14,0) -> 0.085821778 | AU25: =IFERROR(AU24/AU14,0) -> 0 | AV25: =AT25-AU25 -> 0.085821778 | AX25: =IFERROR(AX24/AX14,0) -> 0.11573351 | AY25: =AT25-AX25 -> -0.029911732 | BB25: =IFERROR(BB24/BB14,0) -> 0.087426081 | BC25: =IFERROR(BC24/BC14,0) -> 0 | BD25: =BB25-BC25 -> 0.087426081 | BF25: =IFERROR(BF24/BF14,0) -> 0.10717215 | BG25: =BB25-BF25 -> -0.019746066
A26: =ROW()-3 -> 23 | B26: 1 | C26: =ROW()-3 -> 23 | D26: RF | E26: 1 | I26: Other Income | Q26: =CHOOSE(2, "6722000002616", "PL Statement Other Income") -> PL Statement Other Income | R26: =R87+R409+R192+R274+R337 -> 9951 | S26: =S87+S409+S192+S274+S337 -> 376 | T26: =T87+T409+T192+T274+T337 -> 21.466274 | U26: =U87+U409+U192+U274+U337 -> 236 | V26: =V87+V409+V192+V274+V337 -> 440.28 | W26: =W87+W409+W192+W274+W337 -> 20 | X26: =X87+X409+X192+X274+X337 -> 0 | Y26: =Y87+Y409+Y192+Y274+Y337 -> 277 | ... AC26: =AC87+AC409+AC192+AC274+AC337 -> 34895.301 | AD26: =SUM(R26,S26,T26) -> 10348.466 | AE26: =SUM(U26,V26,W26) -> 696.28 | AF26: =SUM(X26,Y26,Z26) -> 91242.32 | AG26: =SUM(AA26,AB26,AC26) -> 41461.541 | AH26: =AD26+AE26 -> 11044.746 | AI26: =AG26+AF26 -> 132703.86 | AJ26: =AH26+AI26 -> 143748.61 | AL26: =SUM((INDIRECT(AL$2&(ROW())):INDIRECT(AL$3&(ROW())))) -> 34895.301 | AM26: =SUM(INDIRECT(AM$1&AM$2&$C26):INDIRECT(AM$1&AM$3&$C26)) -> 0 | AN26: =AL26-AM26 -> 34895.301 | AO26: =IFERROR(AL26/AM26,0) -> 0 | AP26: =SUM(INDIRECT(AP$1&AP$2&$A26):INDIRECT(AP$1&AP$3&$A26))+SUM(INDIRECT(AP$1&AP$2&$B26):INDIRECT(AP$1&AP$3&$B26)) -> 36050 | AQ26: =AL26-AP26 -> -1154.6986 | AR26: =IFERROR(AL26/AP26,0) -> 0.96796953 | AT26: =SUM((INDIRECT(AT$2&(ROW())):INDIRECT(AT$3&(ROW())))) -> 41461.541 | AU26: =SUM(INDIRECT(AU$1&AU$2&$C26):INDIRECT(AU$1&AU$3&$C26)) -> 0 | AV26: =AT26-AU26 -> 41461.541 | AW26: =IFERROR(AT26/AU26,0) -> 0 | AX26: =SUM(INDIRECT(AX$1&AX$2&$A26):INDIRECT(AX$1&AX$3&$A26))+SUM(INDIRECT(AX$1&AX$2&$B26):INDIRECT(AX$1&AX$3&$B26)) -> 36450 | AY26: =AT26-AX26 -> 5011.5414 | AZ26: =IFERROR(AT26/AX26,0) -> 1.1374908 | BB26: =SUM((INDIRECT(BB$2&(ROW())):INDIRECT(BB$3&(ROW())))) -> 143748.61 | BC26: =SUM(INDIRECT(BC$1&BC$2&$C26):INDIRECT(BC$1&BC$3&$C26)) -> 0 | BD26: =BB26-BC26 -> 143748.61 | BE26: =IFERROR(BB26/BC26,0) -> 0 | BF26: =SUM(INDIRECT(BF$1&BF$2&$A26):INDIRECT(BF$1&BF$3&$A26))+SUM(INDIRECT(BF$1&BF$2&$B26):INDIRECT(BF$1&BF$3&$B26)) -> 53624 | BG26: =BB26-BF26 -> 90124.608 | BH26: =IFERROR(BB26/BF26,0) -> 2.6806767
A27: =ROW()-3 -> 24 | B27: 1 | C27: =ROW()-3 -> 24 | D27: RF | E27: 1 | I27: Other Expenses | Q27: =CHOOSE(2, "6722000002615", "PL Statement Other Expenses") -> PL Statement Other Expenses | R27: =R88+R410+R193+R275+R338 -> 0 | S27: =S88+S410+S193+S275+S338 -> 0 | T27: =T88+T410+T193+T275+T338 -> 0 | U27: =U88+U410+U193+U275+U338 -> 0 | V27: =V88+V410+V193+V275+V338 -> 0 | W27: =W88+W410+W193+W275+W338 -> 0 | X27: =X88+X410+X193+X275+X338 -> 0 | Y27: =Y88+Y410+Y193+Y275+Y338 -> 0 | ... AC27: =AC88+AC410+AC193+AC275+AC338 -> 0 | AD27: =SUM(R27,S27,T27) -> 0 | AE27: =SUM(U27,V27,W27) -> 0 | AF27: =SUM(X27,Y27,Z27) -> 0 | AG27: =SUM(AA27,AB27,AC27) -> 0 | AH27: =AD27+AE27 -> 0 | AI27: =AG27+AF27 -> 0 | AJ27: =AH27+AI27 -> 0 | AL27: =SUM((INDIRECT(AL$2&(ROW())):INDIRECT(AL$3&(ROW())))) -> 0 | AM27: =SUM(INDIRECT(AM$1&AM$2&$C27):INDIRECT(AM$1&AM$3&$C27)) -> 0 | AN27: =AL27-AM27 -> 0 | AO27: =IFERROR(AL27/AM27,0) -> 0 | AP27: =SUM(INDIRECT(AP$1&AP$2&$A27):INDIRECT(AP$1&AP$3&$A27))+SUM(INDIRECT(AP$1&AP$2&$B27):INDIRECT(AP$1&AP$3&$B27)) -> 0 | AQ27: =AL27-AP27 -> 0 | AR27: =IFERROR(AL27/AP27,0) -> 0 | AT27: =SUM((INDIRECT(AT$2&(ROW())):INDIRECT(AT$3&(ROW())))) -> 0 | AU27: =SUM(INDIRECT(AU$1&AU$2&$C27):INDIRECT(AU$1&AU$3&$C27)) -> 0 | AV27: =AT27-AU27 -> 0 | AW27: =IFERROR(AT27/AU27,0) -> 0 | AX27: =SUM(INDIRECT(AX$1&AX$2&$A27):INDIRECT(AX$1&AX$3&$A27))+SUM(INDIRECT(AX$1&AX$2&$B27):INDIRECT(AX$1&AX$3&$B27)) -> 0 | AY27: =AT27-AX27 -> 0 | AZ27: =IFERROR(AT27/AX27,0) -> 0 | BB27: =SUM((INDIRECT(BB$2&(ROW())):INDIRECT(BB$3&(ROW())))) -> 0 | BC27: =SUM(INDIRECT(BC$1&BC$2&$C27):INDIRECT(BC$1&BC$3&$C27)) -> 0 | BD27: =BB27-BC27 -> 0 | BE27: =IFERROR(BB27/BC27,0) -> 0 | BF27: =SUM(INDIRECT(BF$1&BF$2&$A27):INDIRECT(BF$1&BF$3&$A27))+SUM(INDIRECT(BF$1&BF$2&$B27):INDIRECT(BF$1&BF$3&$B27)) -> 1057 | BG27: =BB27-BF27 -> -1057 | BH27: =IFERROR(BB27/BF27,0) -> 0
A28: =ROW()-3 -> 25 | B28: 1 | C28: =ROW()-3 -> 25 | D28: RF | E28: 1 | I28: Operating Profit | Q28: =CHOOSE(2, "6722000002614", "PL Statement Operating Profit") -> PL Statement Operating Profit | R28: =R24+R26-R27 -> 54328 | S28: =S24+S26-S27 -> 39443.034 | T28: =T24+T26-T27 -> 55046.436 | U28: =U24+U26-U27 -> 66651.004 | V28: =V24+V26-V27 -> 86166.797 | W28: =W24+W26-W27 -> 60751.437 | X28: =X24+X26-X27 -> 94284.471 | Y28: =Y24+Y26-Y27 -> 83123.466 | ... AC28: =AC24+AC26-AC27 -> 86774.418 | AD28: =SUM(R28,S28,T28) -> 148817.47 | AE28: =SUM(U28,V28,W28) -> 213569.24 | AF28: =SUM(X28,Y28,Z28) -> 335821.58 | AG28: =SUM(AA28,AB28,AC28) -> 253424.82 | AH28: =AD28+AE28 -> 362386.71 | AI28: =AG28+AF28 -> 589246.4 | AJ28: =AH28+AI28 -> 951633.11 | AL28: =SUM((INDIRECT(AL$2&(ROW())):INDIRECT(AL$3&(ROW())))) -> 86774.418 | AM28: =SUM(INDIRECT(AM$1&AM$2&$C28):INDIRECT(AM$1&AM$3&$C28)) -> 0 | AN28: =AL28-AM28 -> 86774.418 | AO28: =IFERROR(AL28/AM28,0) -> 0 | AP28: =SUM(INDIRECT(AP$1&AP$2&$A28):INDIRECT(AP$1&AP$3&$A28))+SUM(INDIRECT(AP$1&AP$2&$B28):INDIRECT(AP$1&AP$3&$B28)) -> 95631.107 | AQ28: =AL28-AP28 -> -8856.6884 | AR28: =IFERROR(AL28/AP28,0) -> 0.90738695 | AT28: =SUM((INDIRECT(AT$2&(ROW())):INDIRECT(AT$3&(ROW())))) -> 253424.82 | AU28: =SUM(INDIRECT(AU$1&AU$2&$C28):INDIRECT(AU$1&AU$3&$C28)) -> 0 | AV28: =AT28-AU28 -> 253424.82 | AW28: =IFERROR(AT28/AU28,0) -> 0 | AX28: =SUM(INDIRECT(AX$1&AX$2&$A28):INDIRECT(AX$1&AX$3&$A28))+SUM(INDIRECT(AX$1&AX$2&$B28):INDIRECT(AX$1&AX$3&$B28)) -> 260967.11 | AY28: =AT28-AX28 -> -7542.2837 | AZ28: =IFERROR(AT28/AX28,0) -> 0.97109872 | BB28: =SUM((INDIRECT(BB$2&(ROW())):INDIRECT(BB$3&(ROW())))) -> 951633.11 | BC28: =SUM(INDIRECT(BC$1&BC$2&$C28):INDIRECT(BC$1&BC$3&$C28)) -> 0 | BD28: =BB28-BC28 -> 951633.11 | BE28: =IFERROR(BB28/BC28,0) -> 0 | BF28: =SUM(INDIRECT(BF$1&BF$2&$A28):INDIRECT(BF$1&BF$3&$A28))+SUM(INDIRECT(BF$1&BF$2&$B28):INDIRECT(BF$1&BF$3&$B28)) -> 800687.11 | BG28: =BB28-BF28 -> 150946.01 | BH28: =IFERROR(BB28/BF28,0) -> 1.1885206
A29: =ROW()-3 -> 26 | B29: 1 | C29: =ROW()-3 -> 26 | D29: RF | E29: 1 | P29: (%) | Q29: =CHOOSE(2, "6722000002613", "PL Statement Operating Profit (%)") -> PL Statement Operating Profit (%) | R29: =IFERROR(R28/R14,0) -> 0.083677446 | S29: =IFERROR(S28/S14,0) -> 0.06005142 | T29: =IFERROR(T28/T14,0) -> 0.079430826 | U29: =IFERROR(U28/U14,0) -> 0.093961733 | V29: =IFERROR(V28/V14,0) -> 0.10410986 | W29: =IFERROR(W28/W14,0) -> 0.085434605 | X29: =IFERROR(X28/X14,0) -> 0.10795664 | Y29: =IFERROR(Y28/Y14,0) -> 0.10420862 | ... AJ29: =IFERROR(AJ28/AJ14,0) -> 0.10298199 | AL29: =IFERROR(AL28/AL14,0) -> 0.11356169 | AM29: =IFERROR(AM28/AM14,0) -> 0 | AN29: =AL29-AM29 -> 0.11356169 | AP29: =IFERROR(AP28/AP14,0) -> 0.12413369 | AQ29: =AL29-AP29 -> -0.010572001 | AT29: =IFERROR(AT28/AT14,0) -> 0.10260913 | AU29: =IFERROR(AU28/AU14,0) -> 0 | AV29: =AT29-AU29 -> 0.10260913 | AX29: =IFERROR(AX28/AX14,0) -> 0.13452266 | AY29: =AT29-AX29 -> -0.031913529 | BB29: =IFERROR(BB28/BB14,0) -> 0.10298199 | BC29: =IFERROR(BC28/BC14,0) -> 0 | BD29: =BB29-BC29 -> 0.10298199 | BF29: =IFERROR(BF28/BF14,0) -> 0.11470265 | BG29: =BB29-BF29 -> -0.011720657
A30: =ROW()-3 -> 27 | B30: 1 | C30: =ROW()-3 -> 27 | D30: RF | E30: 1 | I30: Financial Income (Expenses), net | Q30: =CHOOSE(2, "6722000002612", "PL Statement Financial Income/Expenses") -> PL Statement Financial Income/Expenses | R30: =R31-R32 -> 13664 | S30: =S31-S32 -> 9779 | T30: =T31-T32 -> 6584 | U30: =U31-U32 -> 9159 | V30: =V31-V32 -> 11283 | W30: =W31-W32 -> 7253 | X30: =X31-X32 -> 99064 | Y30: =Y31-Y32 -> 10743 | ... AC30: =AC31-AC32 -> 4853 | AD30: =SUM(R30,S30,T30) -> 30027 | AE30: =SUM(U30,V30,W30) -> 27695 | AF30: =SUM(X30,Y30,Z30) -> 30828 | AG30: =SUM(AA30,AB30,AC30) -> 29853 | AH30: =AD30+AE30 -> 57722 | AI30: =AG30+AF30 -> 60681 | AJ30: =AH30+AI30 -> 118403 | AL30: =SUM((INDIRECT(AL$2&(ROW())):INDIRECT(AL$3&(ROW())))) -> 4853 | AM30: =SUM(INDIRECT(AM$1&AM$2&$C30):INDIRECT(AM$1&AM$3&$C30)) -> 0 | AN30: =AL30-AM30 -> 4853 | AO30: =IFERROR(AL30/AM30,0) -> 0 | AP30: =SUM(INDIRECT(AP$1&AP$2&$A30):INDIRECT(AP$1&AP$3&$A30))+SUM(INDIRECT(AP$1&AP$2&$B30):INDIRECT(AP$1&AP$3&$B30)) -> 8237 | AQ30: =AL30-AP30 -> -3384 | AR30: =IFERROR(AL30/AP30,0) -> 0.58917081 | AT30: =SUM((INDIRECT(AT$2&(ROW())):INDIRECT(AT$3&(ROW())))) -> 29853 | AU30: =SUM(INDIRECT(AU$1&AU$2&$C30):INDIRECT(AU$1&AU$3&$C30)) -> 0 | AV30: =AT30-AU30 -> 29853 | AW30: =IFERROR(AT30/AU30,0) -> 0 | AX30: =SUM(INDIRECT(AX$1&AX$2&$A30):INDIRECT(AX$1&AX$3&$A30))+SUM(INDIRECT(AX$1&AX$2&$B30):INDIRECT(AX$1&AX$3&$B30)) -> 27439 | AY30: =AT30-AX30 -> 2414 | AZ30: =IFERROR(AT30/AX30,0) -> 1.087977 | BB30: =SUM((INDIRECT(BB$2&(ROW())):INDIRECT(BB$3&(ROW())))) -> 118403 | BC30: =SUM(INDIRECT(BC$1&BC$2&$C30):INDIRECT(BC$1&BC$3&$C30)) -> 0 | BD30: =BB30-BC30 -> 118403 | BE30: =IFERROR(BB30/BC30,0) -> 0 | BF30: =SUM(INDIRECT(BF$1&BF$2&$A30):INDIRECT(BF$1&BF$3&$A30))+SUM(INDIRECT(BF$1&BF$2&$B30):INDIRECT(BF$1&BF$3&$B30)) -> 83665 | BG30: =BB30-BF30 -> 34738 | BH30: =IFERROR(BB30/BF30,0) -> 1.4152035
A31: =ROW()-3 -> 28 | B31: 1 | C31: =ROW()-3 -> 28 | D31: RF | E31: 1 | J31: Financial Income | Q31: =CHOOSE(2, "6722000002611", "PL Statement Financial Income") -> PL Statement Financial Income | R31: =11840+1824 -> 13664 | S31: 10055 | T31: 11309 | U31: 10773 | V31: =10947+336 -> 11283 | W31: 11160 | X31: =11952+88147 -> 100099 | Y31: 11100 | Z31: =11796+4-88147 -> -76347 | AA31: 12512 | AB31: 12769 | AC31: 7492 | AD31: =SUM(R31,S31,T31) -> 35028 | AE31: =SUM(U31,V31,W31) -> 33216 | AF31: =SUM(X31,Y31,Z31) -> 34852 | AG31: =SUM(AA31,AB31,AC31) -> 32773 | AH31: =AD31+AE31 -> 68244 | AI31: =AG31+AF31 -> 67625 | AJ31: =AH31+AI31 -> 135869 | AL31: =SUM((INDIRECT(AL$2&(ROW())):INDIRECT(AL$3&(ROW())))) -> 7492 | AM31: =SUM(INDIRECT(AM$1&AM$2&$C31):INDIRECT(AM$1&AM$3&$C31)) -> 0 | AN31: =AL31-AM31 -> 7492 | AO31: =IFERROR(AL31/AM31,0) -> 0 | AP31: =SUM(INDIRECT(AP$1&AP$2&$A31):INDIRECT(AP$1&AP$3&$A31))+SUM(INDIRECT(AP$1&AP$2&$B31):INDIRECT(AP$1&AP$3&$B31)) -> 10524 | AQ31: =AL31-AP31 -> -3032 | AR31: =IFERROR(AL31/AP31,0) -> 0.71189662 | AT31: =SUM((INDIRECT(AT$2&(ROW())):INDIRECT(AT$3&(ROW())))) -> 32773 | AU31: =SUM(INDIRECT(AU$1&AU$2&$C31):INDIRECT(AU$1&AU$3&$C31)) -> 0 | AV31: =AT31-AU31 -> 32773 | AW31: =IFERROR(AT31/AU31,0) -> 0 | AX31: =SUM(INDIRECT(AX$1&AX$2&$A31):INDIRECT(AX$1&AX$3&$A31))+SUM(INDIRECT(AX$1&AX$2&$B31):INDIRECT(AX$1&AX$3&$B31)) -> 29726 | AY31: =AT31-AX31 -> 3047 | AZ31: =IFERROR(AT31/AX31,0) -> 1.1025029 | BB31: =SUM((INDIRECT(BB$2&(ROW())):INDIRECT(BB$3&(ROW())))) -> 135869 | BC31: =SUM(INDIRECT(BC$1&BC$2&$C31):INDIRECT(BC$1&BC$3&$C31)) -> 0 | BD31: =BB31-BC31 -> 135869 | BE31: =IFERROR(BB31/BC31,0) -> 0 | BF31: =SUM(INDIRECT(BF$1&BF$2&$A31):INDIRECT(BF$1&BF$3&$A31))+SUM(INDIRECT(BF$1&BF$2&$B31):INDIRECT(BF$1&BF$3&$B31)) -> 94493 | BG31: =BB31-BF31 -> 41376 | BH31: =IFERROR(BB31/BF31,0) -> 1.4378737
A32: =ROW()-3 -> 29 | B32: 1 | C32: =ROW()-3 -> 29 | D32: RF | E32: 1 | J32: Financial Expenses | Q32: =CHOOSE(2, "6722000002610", "PL Statement Financial Expenses") -> PL Statement Financial Expenses | R32: 0 | S32: 276 | T32: =1530+3195 -> 4725 | U32: 1614 | V32: 0 | W32: =1010+2897 -> 3907 | X32: 1035 | Y32: 357 | Z32: 2632 | AA32: 198 | AB32: 83 | AC32: =280+2359 -> 2639 | AD32: =SUM(R32,S32,T32) -> 5001 | AE32: =SUM(U32,V32,W32) -> 5521 | AF32: =SUM(X32,Y32,Z32) -> 4024 | AG32: =SUM(AA32,AB32,AC32) -> 2920 | AH32: =AD32+AE32 -> 10522 | AI32: =AG32+AF32 -> 6944 | AJ32: =AH32+AI32 -> 17466 | AL32: =SUM((INDIRECT(AL$2&(ROW())):INDIRECT(AL$3&(ROW())))) -> 2639 | AM32: =SUM(INDIRECT(AM$1&AM$2&$C32):INDIRECT(AM$1&AM$3&$C32)) -> 0 | AN32: =AL32-AM32 -> 2639 | AO32: =IFERROR(AL32/AM32,0) -> 0 | AP32: =SUM(INDIRECT(AP$1&AP$2&$A32):INDIRECT(AP$1&AP$3&$A32))+SUM(INDIRECT(AP$1&AP$2&$B32):INDIRECT(AP$1&AP$3&$B32)) -> 2287 | AQ32: =AL32-AP32 -> 352 | AR32: =IFERROR(AL32/AP32,0) -> 1.1539134 | AT32: =SUM((INDIRECT(AT$2&(ROW())):INDIRECT(AT$3&(ROW())))) -> 2920 | AU32: =SUM(INDIRECT(AU$1&AU$2&$C32):INDIRECT(AU$1&AU$3&$C32)) -> 0 | AV32: =AT32-AU32 -> 2920 | AW32: =IFERROR(AT32/AU32,0) -> 0 | AX32: =SUM(INDIRECT(AX$1&AX$2&$A32):INDIRECT(AX$1&AX$3&$A32))+SUM(INDIRECT(AX$1&AX$2&$B32):INDIRECT(AX$1&AX$3&$B32)) -> 2287 | AY32: =AT32-AX32 -> 633 | AZ32: =IFERROR(AT32/AX32,0) -> 1.2767818 | BB32: =SUM((INDIRECT(BB$2&(ROW())):INDIRECT(BB$3&(ROW())))) -> 17466 | BC32: =SUM(INDIRECT(BC$1&BC$2&$C32):INDIRECT(BC$1&BC$3&$C32)) -> 0 | BD32: =BB32-BC32 -> 17466 | BE32: =IFERROR(BB32/BC32,0) -> 0 | BF32: =SUM(INDIRECT(BF$1&BF$2&$A32):INDIRECT(BF$1&BF$3&$A32))+SUM(INDIRECT(BF$1&BF$2&$B32):INDIRECT(BF$1&BF$3&$B32)) -> 10828 | BG32: =BB32-BF32 -> 6638 | BH32: =IFERROR(BB32/BF32,0) -> 1.6130403
A33: =ROW()-3 -> 30 | B33: 1 | C33: =ROW()-3 -> 30 | D33: RF | E33: 1 | I33: Profit before Taxes | Q33: =CHOOSE(2, "6722000002609", "PL Statement Profit before Taxes") -> PL Statement Profit before Taxes | R33: =R28+R30 -> 67992 | S33: =S28+S30 -> 49222.034 | T33: =T28+T30 -> 61630.436 | U33: =U28+U30 -> 75810.004 | V33: =V28+V30 -> 97449.797 | W33: =W28+W30 -> 68004.437 | X33: =X28+X30 -> 193348.47 | Y33: =Y28+Y30 -> 93866.466 | ... AC33: =AC28+AC30 -> 91627.418 | AD33: =SUM(R33,S33,T33) -> 178844.47 | AE33: =SUM(U33,V33,W33) -> 241264.24 | AF33: =SUM(X33,Y33,Z33) -> 366649.58 | AG33: =SUM(AA33,AB33,AC33) -> 283277.82 | AH33: =AD33+AE33 -> 420108.71 | AI33: =AG33+AF33 -> 649927.4 | AJ33: =AH33+AI33 -> 1070036.1 | AL33: =SUM((INDIRECT(AL$2&(ROW())):INDIRECT(AL$3&(ROW())))) -> 91627.418 | AM33: =SUM(INDIRECT(AM$1&AM$2&$C33):INDIRECT(AM$1&AM$3&$C33)) -> 0 | AN33: =AL33-AM33 -> 91627.418 | AO33: =IFERROR(AL33/AM33,0) -> 0 | AP33: =SUM(INDIRECT(AP$1&AP$2&$A33):INDIRECT(AP$1&AP$3&$A33))+SUM(INDIRECT(AP$1&AP$2&$B33):INDIRECT(AP$1&AP$3&$B33)) -> 103868.11 | AQ33: =AL33-AP33 -> -12240.688 | AR33: =IFERROR(AL33/AP33,0) -> 0.88215162 | AT33: =SUM((INDIRECT(AT$2&(ROW())):INDIRECT(AT$3&(ROW())))) -> 283277.82 | AU33: =SUM(INDIRECT(AU$1&AU$2&$C33):INDIRECT(AU$1&AU$3&$C33)) -> 0 | AV33: =AT33-AU33 -> 283277.82 | AW33: =IFERROR(AT33/AU33,0) -> 0 | AX33: =SUM(INDIRECT(AX$1&AX$2&$A33):INDIRECT(AX$1&AX$3&$A33))+SUM(INDIRECT(AX$1&AX$2&$B33):INDIRECT(AX$1&AX$3&$B33)) -> 288406.11 | AY33: =AT33-AX33 -> -5128.2837 | AZ33: =IFERROR(AT33/AX33,0) -> 0.98221853 | BB33: =SUM((INDIRECT(BB$2&(ROW())):INDIRECT(BB$3&(ROW())))) -> 1070036.1 | BC33: =SUM(INDIRECT(BC$1&BC$2&$C33):INDIRECT(BC$1&BC$3&$C33)) -> 0 | BD33: =BB33-BC33 -> 1070036.1 | BE33: =IFERROR(BB33/BC33,0) -> 0 | BF33: =SUM(INDIRECT(BF$1&BF$2&$A33):INDIRECT(BF$1&BF$3&$A33))+SUM(INDIRECT(BF$1&BF$2&$B33):INDIRECT(BF$1&BF$3&$B33)) -> 884352.11 | BG33: =BB33-BF33 -> 185684.01 | BH33: =IFERROR(BB33/BF33,0) -> 1.2099661
A34: =ROW()-3 -> 31 | B34: 1 | C34: =ROW()-3 -> 31 | D34: RF | E34: 1 | I34: Tax Expenses & Others | Q34: =CHOOSE(2, "6722000002608", "PL Statement Tax Expenses & Others") -> PL Statement Tax Expenses & Others | R34: 16943.2 | S34: 12303.851 | T34: 15347 | U34: 18988 | V34: 24434 | W34: 17073 | X34: 48507 | Y34: 23485 | Z34: 19880 | AA34: 22340 | AB34: 25299 | AC34: 22722 | AD34: =SUM(R34,S34,T34) -> 44594.052 | AE34: =SUM(U34,V34,W34) -> 60495 | AF34: =SUM(X34,Y34,Z34) -> 91872 | AG34: =SUM(AA34,AB34,AC34) -> 70361 | AH34: =AD34+AE34 -> 105089.05 | AI34: =AG34+AF34 -> 162233 | AJ34: =AH34+AI34 -> 267322.05 | AL34: =SUM((INDIRECT(AL$2&(ROW())):INDIRECT(AL$3&(ROW())))) -> 22722 | AM34: =SUM(INDIRECT(AM$1&AM$2&$C34):INDIRECT(AM$1&AM$3&$C34)) -> 0 | AN34: =AL34-AM34 -> 22722 | AO34: =IFERROR(AL34/AM34,0) -> 0 | AP34: =SUM(INDIRECT(AP$1&AP$2&$A34):INDIRECT(AP$1&AP$3&$A34))+SUM(INDIRECT(AP$1&AP$2&$B34):INDIRECT(AP$1&AP$3&$B34)) -> 26141.525 | AQ34: =AL34-AP34 -> -3419.5251 | AR34: =IFERROR(AL34/AP34,0) -> 0.86919183 | AT34: =SUM((INDIRECT(AT$2&(ROW())):INDIRECT(AT$3&(ROW())))) -> 70361 | AU34: =SUM(INDIRECT(AU$1&AU$2&$C34):INDIRECT(AU$1&AU$3&$C34)) -> 0 | AV34: =AT34-AU34 -> 70361 | AW34: =IFERROR(AT34/AU34,0) -> 0 | AX34: =SUM(INDIRECT(AX$1&AX$2&$A34):INDIRECT(AX$1&AX$3&$A34))+SUM(INDIRECT(AX$1&AX$2&$B34):INDIRECT(AX$1&AX$3&$B34)) -> 72586.049 | AY34: =AT34-AX34 -> -2225.049 | AZ34: =IFERROR(AT34/AX34,0) -> 0.96934605 | BB34: =SUM((INDIRECT(BB$2&(ROW())):INDIRECT(BB$3&(ROW())))) -> 267322.05 | BC34: =SUM(INDIRECT(BC$1&BC$2&$C34):INDIRECT(BC$1&BC$3&$C34)) -> 0 | BD34: =BB34-BC34 -> 267322.05 | BE34: =IFERROR(BB34/BC34,0) -> 0 | BF34: =SUM(INDIRECT(BF$1&BF$2&$A34):INDIRECT(BF$1&BF$3&$A34))+SUM(INDIRECT(BF$1&BF$2&$B34):INDIRECT(BF$1&BF$3&$B34)) -> 222573.74 | BG34: =BB34-BF34 -> 44748.313 | BH34: =IFERROR(BB34/BF34,0) -> 1.2010494
A35: =ROW()-3 -> 32 | B35: 1 | C35: =ROW()-3 -> 32 | D35: RF | E35: 1 | I35: Net Profit | Q35: =CHOOSE(2, "6722000002607", "PL Statement Net Profit") -> PL Statement Net Profit | R35: =R33-R34 -> 51048.8 | S35: =S33-S34 -> 36918.183 | T35: =T33-T34 -> 46283.436 | U35: =U33-U34 -> 56822.004 | V35: =V33-V34 -> 73015.797 | W35: =W33-W34 -> 50931.437 | X35: =X33-X34 -> 144841.47 | Y35: =Y33-Y34 -> 70381.466 | ... AC35: =AC33-AC34 -> 68905.418 | AD35: =SUM(R35,S35,T35) -> 134250.42 | AE35: =SUM(U35,V35,W35) -> 180769.24 | AF35: =SUM(X35,Y35,Z35) -> 274777.58 | AG35: =SUM(AA35,AB35,AC35) -> 212916.82 | AH35: =AD35+AE35 -> 315019.66 | AI35: =AG35+AF35 -> 487694.4 | AJ35: =AH35+AI35 -> 802714.06 | AL35: =SUM((INDIRECT(AL$2&(ROW())):INDIRECT(AL$3&(ROW())))) -> 68905.418 | AM35: =SUM(INDIRECT(AM$1&AM$2&$C35):INDIRECT(AM$1&AM$3&$C35)) -> 0 | AN35: =AL35-AM35 -> 68905.418 | AO35: =IFERROR(AL35/AM35,0) -> 0 | AP35: =SUM(INDIRECT(AP$1&AP$2&$A35):INDIRECT(AP$1&AP$3&$A35))+SUM(INDIRECT(AP$1&AP$2&$B35):INDIRECT(AP$1&AP$3&$B35)) -> 77726.582 | AQ35: =AL35-AP35 -> -8821.1633 | AR35: =IFERROR(AL35/AP35,0) -> 0.88651034 | AT35: =SUM((INDIRECT(AT$2&(ROW())):INDIRECT(AT$3&(ROW())))) -> 212916.82 | AU35: =SUM(INDIRECT(AU$1&AU$2&$C35):INDIRECT(AU$1&AU$3&$C35)) -> 0 | AV35: =AT35-AU35 -> 212916.82 | AW35: =IFERROR(AT35/AU35,0) -> 0 | AX35: =SUM(INDIRECT(AX$1&AX$2&$A35):INDIRECT(AX$1&AX$3&$A35))+SUM(INDIRECT(AX$1&AX$2&$B35):INDIRECT(AX$1&AX$3&$B35)) -> 215820.06 | AY35: =AT35-AX35 -> -2903.2348 | AZ35: =IFERROR(AT35/AX35,0) -> 0.98654789 | BB35: =SUM((INDIRECT(BB$2&(ROW())):INDIRECT(BB$3&(ROW())))) -> 802714.06 | BC35: =SUM(INDIRECT(BC$1&BC$2&$C35):INDIRECT(BC$1&BC$3&$C35)) -> 0 | BD35: =BB35-BC35 -> 802714.06 | BE35: =IFERROR(BB35/BC35,0) -> 0 | BF35: =SUM(INDIRECT(BF$1&BF$2&$A35):INDIRECT(BF$1&BF$3&$A35))+SUM(INDIRECT(BF$1&BF$2&$B35):INDIRECT(BF$1&BF$3&$B35)) -> 661778.37 | BG35: =BB35-BF35 -> 140935.69 | BH35: =IFERROR(BB35/BF35,0) -> 1.2129651
A36: =ROW()-3 -> 33 | B36: 1 | C36: =ROW()-3 -> 33 | D36: RF | E36: 1 | P36: (%) | Q36: =CHOOSE(2, "6722000002606", "PL Statement Net Profit (%)") -> PL Statement Net Profit (%) | R36: =IFERROR(R35/R14,0) -> 0.078626733 | S36: =IFERROR(S35/S14,0) -> 0.056207373 | T36: =IFERROR(T35/T14,0) -> 0.066786005 | U36: =IFERROR(U35/U14,0) -> 0.08010523 | V36: =IFERROR(V35/V14,0) -> 0.088220345 | W36: =IFERROR(W35/W14,0) -> 0.071624761 | X36: =IFERROR(X35/X14,0) -> 0.1658449 | Y36: =IFERROR(Y35/Y14,0) -> 0.088234477 | ... AJ36: =IFERROR(AJ35/AJ14,0) -> 0.086866556 | AL36: =IFERROR(AL35/AL14,0) -> 0.090176529 | AM36: =IFERROR(AM35/AM14,0) -> 0 | AN36: =AL36-AM36 -> 0.090176529 | AP36: =IFERROR(AP35/AP14,0) -> 0.10089277 | AQ36: =AL36-AP36 -> -0.010716245 | AT36: =IFERROR(AT35/AT14,0) -> 0.086207857 | AU36: =IFERROR(AU35/AU14,0) -> 0 | AV36: =AT36-AU36 -> 0.086207857 | AX36: =IFERROR(AX35/AX14,0) -> 0.11125038 | AY36: =AT36-AX36 -> -0.02504252 | BB36: =IFERROR(BB35/BB14,0) -> 0.086866556 | BC36: =IFERROR(BC35/BC14,0) -> 0 | BD36: =BB36-BC36 -> 0.086866556 | BF36: =IFERROR(BF35/BF14,0) -> 0.094803239 | BG36: =BB36-BF36 -> -0.0079366824
A37: =ROW()-3 -> 34 | B37: 1 | C37: =ROW()-3 -> 34 | E37: 1 | Q37: =CHOOSE(2, "6722000002956", "▷ Blank 1") -> ▷ Blank 1
A38: =ROW()-3 -> 35 | B38: 1 | C38: =ROW()-3 -> 35 | E38: 1 | Q38: =CHOOSE(2, "6722000002957", "▷ Blank 2") -> ▷ Blank 2
A39: =ROW()-3 -> 36 | B39: 1 | C39: =ROW()-3 -> 36 | E39: 1 | G39: 1-2.SGA Expenses Details | Q39: =CHOOSE(2, "6722000002958", "1-2.SGA Expenses Details") -> 1-2.SGA Expenses Details
A40: =ROW()-3 -> 37 | B40: 1 | C40: =ROW()-3 -> 37 | E40: 1 | I40: Variable Expenses | Q40: =CHOOSE(2, "6722000002959", "SGA Variable Expenses") -> SGA Variable Expenses | R40: =SUM(R41:R43) -> 61662 | S40: =SUM(S41:S43) -> 49533 | T40: =SUM(T41:T43) -> 47765 | U40: =SUM(U41:U43) -> 67759 | V40: =SUM(V41:V43) -> 73732.578 | W40: =SUM(W41:W43) -> 50381.119 | X40: =SUM(X41:X43) -> 42778.496 | Y40: =SUM(Y41:Y43) -> 54978.632 | ... AJ40: =SUM(AJ41:AJ43) -> 683894.61 | AL40: =SUM((INDIRECT(AL$2&(ROW())):INDIRECT(AL$3&(ROW())))) -> -4031.7866 | AM40: =SUM(INDIRECT(AM$1&AM$2&$C40):INDIRECT(AM$1&AM$3&$C40)) -> 0 | AN40: =AL40-AM40 -> -4031.7866 | AO40: =IFERROR(AL40/AM40,0) -> 0 | AP40: =SUM(INDIRECT(AP$1&AP$2&$A40):INDIRECT(AP$1&AP$3&$A40))+SUM(INDIRECT(AP$1&AP$2&$B40):INDIRECT(AP$1&AP$3&$B40)) -> 38452 | AQ40: =AL40-AP40 -> -42483.787 | AR40: =IFERROR(AL40/AP40,0) -> -0.10485245 | AT40: =SUM((INDIRECT(AT$2&(ROW())):INDIRECT(AT$3&(ROW())))) -> 162010.38 | AU40: =SUM(INDIRECT(AU$1&AU$2&$C40):INDIRECT(AU$1&AU$3&$C40)) -> 0 | AV40: =AT40-AU40 -> 162010.38 | AW40: =IFERROR(AT40/AU40,0) -> 0 | AX40: =SUM(INDIRECT(AX$1&AX$2&$A40):INDIRECT(AX$1&AX$3&$A40))+SUM(INDIRECT(AX$1&AX$2&$B40):INDIRECT(AX$1&AX$3&$B40)) -> 81377 | AY40: =AT40-AX40 -> 80633.379 | AZ40: =IFERROR(AT40/AX40,0) -> 1.990862 | BB40: =SUM((INDIRECT(BB$2&(ROW())):INDIRECT(BB$3&(ROW())))) -> 683894.61 | BC40: =SUM(INDIRECT(BC$1&BC$2&$C40):INDIRECT(BC$1&BC$3&$C40)) -> 0 | BD40: =BB40-BC40 -> 683894.61 | BE40: =IFERROR(BB40/BC40,0) -> 0 | BF40: =SUM(INDIRECT(BF$1&BF$2&$A40):INDIRECT(BF$1&BF$3&$A40))+SUM(INDIRECT(BF$1&BF$2&$B40):INDIRECT(BF$1&BF$3&$B40)) -> 408165 | BG40: =BB40-BF40 -> 275729.61 | BH40: =IFERROR(BB40/BF40,0) -> 1.6755347
A41: =ROW()-3 -> 38 | B41: 1 | C41: =ROW()-3 -> 38 | E41: 1 | J41: Selling Expenses | Q41: =CHOOSE(2, "6722000002960", "SGA Variable Expenses Selling Expenses") -> SGA Variable Expenses Selling Expenses | R41: 29184 | S41: 18272 | T41: 11408 | U41: 33576 | V41: 38673.368 | W41: 12300.234 | X41: 10235.108 | Y41: 20877.246 | Z41: 34703.553 | AA41: 48987.031 | AB41: 44262.684 | AC41: -82987.152 | AD41: =SUM(R41,S41,T41) -> 58864 | AE41: =SUM(U41,V41,W41) -> 84549.602 | AF41: =SUM(X41,Y41,Z41) -> 65815.908 | AG41: =SUM(AA41,AB41,AC41) -> 10262.563 | AH41: =AD41+AE41 -> 143413.6 | AI41: =AG41+AF41 -> 76078.47 | AJ41: =AH41+AI41 -> 219492.07 | AL41: =SUM((INDIRECT(AL$2&(ROW())):INDIRECT(AL$3&(ROW())))) -> -82987.152 | AM41: =SUM(INDIRECT(AM$1&AM$2&$C41):INDIRECT(AM$1&AM$3&$C41)) -> 0 | AN41: =AL41-AM41 -> -82987.152 | AO41: =IFERROR(AL41/AM41,0) -> 0 | AP41: =SUM(INDIRECT(AP$1&AP$2&$A41):INDIRECT(AP$1&AP$3&$A41))+SUM(INDIRECT(AP$1&AP$2&$B41):INDIRECT(AP$1&AP$3&$B41)) -> 153 | AQ41: =AL41-AP41 -> -83140.152 | AR41: =IFERROR(AL41/AP41,0) -> -542.39969 | AT41: =SUM((INDIRECT(AT$2&(ROW())):INDIRECT(AT$3&(ROW())))) -> 10262.563 | AU41: =SUM(INDIRECT(AU$1&AU$2&$C41):INDIRECT(AU$1&AU$3&$C41)) -> 0 | AV41: =AT41-AU41 -> 10262.563 | AW41: =IFERROR(AT41/AU41,0) -> 0 | AX41: =SUM(INDIRECT(AX$1&AX$2&$A41):INDIRECT(AX$1&AX$3&$A41))+SUM(INDIRECT(AX$1&AX$2&$B41):INDIRECT(AX$1&AX$3&$B41)) -> -18753 | AY41: =AT41-AX41 -> 29015.563 | AZ41: =IFERROR(AT41/AX41,0) -> -0.54724912 | BB41: =SUM((INDIRECT(BB$2&(ROW())):INDIRECT(BB$3&(ROW())))) -> 219492.07 | BC41: =SUM(INDIRECT(BC$1&BC$2&$C41):INDIRECT(BC$1&BC$3&$C41)) -> 0 | BD41: =BB41-BC41 -> 219492.07 | BE41: =IFERROR(BB41/BC41,0) -> 0 | BF41: =SUM(INDIRECT(BF$1&BF$2&$A41):INDIRECT(BF$1&BF$3&$A41))+SUM(INDIRECT(BF$1&BF$2&$B41):INDIRECT(BF$1&BF$3&$B41)) -> 63752 | BG41: =BB41-BF41 -> 155740.07 | BH41: =IFERROR(BB41/BF41,0) -> 3.4429049
A42: =ROW()-3 -> 39 | B42: 1 | C42: =ROW()-3 -> 39 | E42: 1 | J42: Adverting Expenses | Q42: =CHOOSE(2, "6722000002961", "SGA Variable Expenses Adverting Expenses") -> SGA Variable Expenses Adverting Expenses | R42: 3470 | S42: 492 | T42: 3349 | U42: 971 | V42: 754.53 | W42: 2837.9853 | X42: 837.79718 | Y42: 808.552 | Z42: 2908.4303 | AA42: 1874.3024 | AB42: 849.59841 | AC42: 41904.02 | AD42: =SUM(R42,S42,T42) -> 7311 | AE42: =SUM(U42,V42,W42) -> 4563.5153 | AF42: =SUM(X42,Y42,Z42) -> 4554.7795 | AG42: =SUM(AA42,AB42,AC42) -> 44627.921 | AH42: =AD42+AE42 -> 11874.515 | AI42: =AG42+AF42 -> 49182.7 | AJ42: =AH42+AI42 -> 61057.215 | AL42: =SUM((INDIRECT(AL$2&(ROW())):INDIRECT(AL$3&(ROW())))) -> 41904.02 | AM42: =SUM(INDIRECT(AM$1&AM$2&$C42):INDIRECT(AM$1&AM$3&$C42)) -> 0 | AN42: =AL42-AM42 -> 41904.02 | AO42: =IFERROR(AL42/AM42,0) -> 0 | AP42: =SUM(INDIRECT(AP$1&AP$2&$A42):INDIRECT(AP$1&AP$3&$A42))+SUM(INDIRECT(AP$1&AP$2&$B42):INDIRECT(AP$1&AP$3&$B42)) -> 935 | AQ42: =AL42-AP42 -> 40969.02 | AR42: =IFERROR(AL42/AP42,0) -> 44.817134 | AT42: =SUM((INDIRECT(AT$2&(ROW())):INDIRECT(AT$3&(ROW())))) -> 44627.921 | AU42: =SUM(INDIRECT(AU$1&AU$2&$C42):INDIRECT(AU$1&AU$3&$C42)) -> 0 | AV42: =AT42-AU42 -> 44627.921 | AW42: =IFERROR(AT42/AU42,0) -> 0 | AX42: =SUM(INDIRECT(AX$1&AX$2&$A42):INDIRECT(AX$1&AX$3&$A42))+SUM(INDIRECT(AX$1&AX$2&$B42):INDIRECT(AX$1&AX$3&$B42)) -> 1965 | AY42: =AT42-AX42 -> 42662.921 | AZ42: =IFERROR(AT42/AX42,0) -> 22.71141 | BB42: =SUM((INDIRECT(BB$2&(ROW())):INDIRECT(BB$3&(ROW())))) -> 61057.215 | BC42: =SUM(INDIRECT(BC$1&BC$2&$C42):INDIRECT(BC$1&BC$3&$C42)) -> 0 | BD42: =BB42-BC42 -> 61057.215 | BE42: =IFERROR(BB42/BC42,0) -> 0 | BF42: =SUM(INDIRECT(BF$1&BF$2&$A42):INDIRECT(BF$1&BF$3&$A42))+SUM(INDIRECT(BF$1&BF$2&$B42):INDIRECT(BF$1&BF$3&$B42)) -> 13005 | BG42: =BB42-BF42 -> 48052.215 | BH42: =IFERROR(BB42/BF42,0) -> 4.6949032
A43: =ROW()-3 -> 40 | B43: 1 | C43: =ROW()-3 -> 40 | E43: 1 | J43: Logistics Expense | Q43: =CHOOSE(2, "6722000002962", "SGA Variable Expenses Logistics Expense") -> SGA Variable Expenses Logistics Expense | R43: 29008 | S43: 30769 | T43: 33008 | U43: 33212 | V43: 34304.68 | W43: 35242.9 | X43: 31705.591 | Y43: 33292.834 | Z43: 35682.42 | AA43: 34331.84 | AB43: 35736.71 | AC43: 37051.346 | AD43: =SUM(R43,S43,T43) -> 92785 | AE43: =SUM(U43,V43,W43) -> 102759.58 | AF43: =SUM(X43,Y43,Z43) -> 100680.85 | AG43: =SUM(AA43,AB43,AC43) -> 107119.9 | AH43: =AD43+AE43 -> 195544.58 | AI43: =AG43+AF43 -> 207800.74 | AJ43: =AH43+AI43 -> 403345.32 | AL43: =SUM((INDIRECT(AL$2&(ROW())):INDIRECT(AL$3&(ROW())))) -> 37051.346 | AM43: =SUM(INDIRECT(AM$1&AM$2&$C43):INDIRECT(AM$1&AM$3&$C43)) -> 0 | AN43: =AL43-AM43 -> 37051.346 | AO43: =IFERROR(AL43/AM43,0) -> 0 | AP43: =SUM(INDIRECT(AP$1&AP$2&$A43):INDIRECT(AP$1&AP$3&$A43))+SUM(INDIRECT(AP$1&AP$2&$B43):INDIRECT(AP$1&AP$3&$B43)) -> 37364 | AQ43: =AL43-AP43 -> -312.65423 | AR43: =IFERROR(AL43/AP43,0) -> 0.99163221 | AT43: =SUM((INDIRECT(AT$2&(ROW())):INDIRECT(AT$3&(ROW())))) -> 107119.9 | AU43: =SUM(INDIRECT(AU$1&AU$2&$C43):INDIRECT(AU$1&AU$3&$C43)) -> 0 | AV43: =AT43-AU43 -> 107119.9 | AW43: =IFERROR(AT43/AU43,0) -> 0 | AX43: =SUM(INDIRECT(AX$1&AX$2&$A43):INDIRECT(AX$1&AX$3&$A43))+SUM(INDIRECT(AX$1&AX$2&$B43):INDIRECT(AX$1&AX$3&$B43)) -> 98165 | AY43: =AT43-AX43 -> 8954.8958 | AZ43: =IFERROR(AT43/AX43,0) -> 1.0912229 | BB43: =SUM((INDIRECT(BB$2&(ROW())):INDIRECT(BB$3&(ROW())))) -> 403345.32 | BC43: =SUM(INDIRECT(BC$1&BC$2&$C43):INDIRECT(BC$1&BC$3&$C43)) -> 0 | BD43: =BB43-BC43 -> 403345.32 | BE43: =IFERROR(BB43/BC43,0) -> 0 | BF43: =SUM(INDIRECT(BF$1&BF$2&$A43):INDIRECT(BF$1&BF$3&$A43))+SUM(INDIRECT(BF$1&BF$2&$B43):INDIRECT(BF$1&BF$3&$B43)) -> 331408 | BG43: =BB43-BF43 -> 71937.321 | BH43: =IFERROR(BB43/BF43,0) -> 1.2170657
A44: =ROW()-3 -> 41 | B44: 1 | C44: =ROW()-3 -> 41 | E44: 1 | I44: Wages & Salaries | Q44: =CHOOSE(2, "6722000002963", "SGA Wages & Salaries") -> SGA Wages & Salaries | R44: =SUM(R45:R47) -> 57774 | S44: =SUM(S45:S47) -> 56593 | T44: =SUM(T45:T47) -> 57778.433 | U44: =SUM(U45:U47) -> 54815.108 | V44: =SUM(V45:V47) -> 57126.27 | W44: =SUM(W45:W47) -> 61330.03 | X44: =SUM(X45:X47) -> 88176.45 | Y44: =SUM(Y45:Y47) -> 66066.114 | ... AJ44: =SUM(AJ45:AJ47) -> 752539.47 | AL44: =SUM((INDIRECT(AL$2&(ROW())):INDIRECT(AL$3&(ROW())))) -> 55750.897 | AM44: =SUM(INDIRECT(AM$1&AM$2&$C44):INDIRECT(AM$1&AM$3&$C44)) -> 0 | AN44: =AL44-AM44 -> 55750.897 | AO44: =IFERROR(AL44/AM44,0) -> 0 | AP44: =SUM(INDIRECT(AP$1&AP$2&$A44):INDIRECT(AP$1&AP$3&$A44))+SUM(INDIRECT(AP$1&AP$2&$B44):INDIRECT(AP$1&AP$3&$B44)) -> 68997 | AQ44: =AL44-AP44 -> -13246.103 | AR44: =IFERROR(AL44/AP44,0) -> 0.80801914 | AT44: =SUM((INDIRECT(AT$2&(ROW())):INDIRECT(AT$3&(ROW())))) -> 184739.16 | AU44: =SUM(INDIRECT(AU$1&AU$2&$C44):INDIRECT(AU$1&AU$3&$C44)) -> 0 | AV44: =AT44-AU44 -> 184739.16 | AW44: =IFERROR(AT44/AU44,0) -> 0 | AX44: =SUM(INDIRECT(AX$1&AX$2&$A44):INDIRECT(AX$1&AX$3&$A44))+SUM(INDIRECT(AX$1&AX$2&$B44):INDIRECT(AX$1&AX$3&$B44)) -> 195493 | AY44: =AT44-AX44 -> -10753.836 | AZ44: =IFERROR(AT44/AX44,0) -> 0.9449912 | BB44: =SUM((INDIRECT(BB$2&(ROW())):INDIRECT(BB$3&(ROW())))) -> 752539.47 | BC44: =SUM(INDIRECT(BC$1&BC$2&$C44):INDIRECT(BC$1&BC$3&$C44)) -> 0 | BD44: =BB44-BC44 -> 752539.47 | BE44: =IFERROR(BB44/BC44,0) -> 0 | BF44: =SUM(INDIRECT(BF$1&BF$2&$A44):INDIRECT(BF$1&BF$3&$A44))+SUM(INDIRECT(BF$1&BF$2&$B44):INDIRECT(BF$1&BF$3&$B44)) -> 660760 | BG44: =BB44-BF44 -> 91779.471 | BH44: =IFERROR(BB44/BF44,0) -> 1.1388999
A45: =ROW()-3 -> 42 | B45: 1 | C45: =ROW()-3 -> 42 | E45: 1 | J45: Variable Wages & Salaries | Q45: =CHOOSE(2, "6722000002964", "SGA Wages & Salaries Variable Wages & Salaries") -> SGA Wages & Salaries Variable Wages & Salaries | R45: 8793 | S45: 6367 | T45: 6645 | U45: 5943 | V45: 6480.528 | W45: 6570.789 | X45: 33442 | Y45: =6637+8000 -> 14637 | Z45: 12070.272 | AA45: 12883.631 | AB45: 10076.631 | AC45: -1428.032 | AD45: =SUM(R45,S45,T45) -> 21805 | AE45: =SUM(U45,V45,W45) -> 18994.317 | AF45: =SUM(X45,Y45,Z45) -> 60149.272 | AG45: =SUM(AA45,AB45,AC45) -> 21532.23 | AH45: =AD45+AE45 -> 40799.317 | AI45: =AG45+AF45 -> 81681.502 | AJ45: =AH45+AI45 -> 122480.82 | AL45: =SUM((INDIRECT(AL$2&(ROW())):INDIRECT(AL$3&(ROW())))) -> -1428.032 | AM45: =SUM(INDIRECT(AM$1&AM$2&$C45):INDIRECT(AM$1&AM$3&$C45)) -> 0 | AN45: =AL45-AM45 -> -1428.032 | AO45: =IFERROR(AL45/AM45,0) -> 0 | AP45: =SUM(INDIRECT(AP$1&AP$2&$A45):INDIRECT(AP$1&AP$3&$A45))+SUM(INDIRECT(AP$1&AP$2&$B45):INDIRECT(AP$1&AP$3&$B45)) -> 9481 | AQ45: =AL45-AP45 -> -10909.032 | AR45: =IFERROR(AL45/AP45,0) -> -0.1506204 | AT45: =SUM((INDIRECT(AT$2&(ROW())):INDIRECT(AT$3&(ROW())))) -> 21532.23 | AU45: =SUM(INDIRECT(AU$1&AU$2&$C45):INDIRECT(AU$1&AU$3&$C45)) -> 0 | AV45: =AT45-AU45 -> 21532.23 | AW45: =IFERROR(AT45/AU45,0) -> 0 | AX45: =SUM(INDIRECT(AX$1&AX$2&$A45):INDIRECT(AX$1&AX$3&$A45))+SUM(INDIRECT(AX$1&AX$2&$B45):INDIRECT(AX$1&AX$3&$B45)) -> 30955.8 | AY45: =AT45-AX45 -> -9423.57 | AZ45: =IFERROR(AT45/AX45,0) -> 0.69557983 | BB45: =SUM((INDIRECT(BB$2&(ROW())):INDIRECT(BB$3&(ROW())))) -> 122480.82 | BC45: =SUM(INDIRECT(BC$1&BC$2&$C45):INDIRECT(BC$1&BC$3&$C45)) -> 0 | BD45: =BB45-BC45 -> 122480.82 | BE45: =IFERROR(BB45/BC45,0) -> 0 | BF45: =SUM(INDIRECT(BF$1&BF$2&$A45):INDIRECT(BF$1&BF$3&$A45))+SUM(INDIRECT(BF$1&BF$2&$B45):INDIRECT(BF$1&BF$3&$B45)) -> 102186.8 | BG45: =BB45-BF45 -> 20294.019 | BH45: =IFERROR(BB45/BF45,0) -> 1.1985973
A46: =ROW()-3 -> 43 | B46: 1 | C46: =ROW()-3 -> 43 | E46: 1 | J46: Fixed Wages & Salaries | Q46: =CHOOSE(2, "6722000002965", "SGA Wages & Salaries Fixed Wages & Salaries") -> SGA Wages & Salaries Fixed Wages & Salaries | R46: 45396 | S46: 46738 | T46: 47639.433 | U46: 47018.108 | V46: 47650.032 | W46: 51772.481 | X46: 51362 | Y46: 48339 | Z46: 52987.47 | AA46: 49685 | AB46: 50082.27 | AC46: 57145.075 | AD46: =SUM(R46,S46,T46) -> 139773.43 | AE46: =SUM(U46,V46,W46) -> 146440.62 | AF46: =SUM(X46,Y46,Z46) -> 152688.47 | AG46: =SUM(AA46,AB46,AC46) -> 156912.34 | AH46: =AD46+AE46 -> 286214.05 | AI46: =AG46+AF46 -> 309600.81 | AJ46: =AH46+AI46 -> 595814.87 | AL46: =SUM((INDIRECT(AL$2&(ROW())):INDIRECT(AL$3&(ROW())))) -> 57145.075 | AM46: =SUM(INDIRECT(AM$1&AM$2&$C46):INDIRECT(AM$1&AM$3&$C46)) -> 0 | AN46: =AL46-AM46 -> 57145.075 | AO46: =IFERROR(AL46/AM46,0) -> 0 | AP46: =SUM(INDIRECT(AP$1&AP$2&$A46):INDIRECT(AP$1&AP$3&$A46))+SUM(INDIRECT(AP$1&AP$2&$B46):INDIRECT(AP$1&AP$3&$B46)) -> 59516 | AQ46: =AL46-AP46 -> -2370.9252 | AR46: =IFERROR(AL46/AP46,0) -> 0.96016323 | AT46: =SUM((INDIRECT(AT$2&(ROW())):INDIRECT(AT$3&(ROW())))) -> 156912.34 | AU46: =SUM(INDIRECT(AU$1&AU$2&$C46):INDIRECT(AU$1&AU$3&$C46)) -> 0 | AV46: =AT46-AU46 -> 156912.34 | AW46: =IFERROR(AT46/AU46,0) -> 0 | AX46: =SUM(INDIRECT(AX$1&AX$2&$A46):INDIRECT(AX$1&AX$3&$A46))+SUM(INDIRECT(AX$1&AX$2&$B46):INDIRECT(AX$1&AX$3&$B46)) -> 164537.2 | AY46: =AT46-AX46 -> -7624.8552 | AZ46: =IFERROR(AT46/AX46,0) -> 0.95365878 | BB46: =SUM((INDIRECT(BB$2&(ROW())):INDIRECT(BB$3&(ROW())))) -> 595814.87 | BC46: =SUM(INDIRECT(BC$1&BC$2&$C46):INDIRECT(BC$1&BC$3&$C46)) -> 0 | BD46: =BB46-BC46 -> 595814.87 | BE46: =IFERROR(BB46/BC46,0) -> 0 | BF46: =SUM(INDIRECT(BF$1&BF$2&$A46):INDIRECT(BF$1&BF$3&$A46))+SUM(INDIRECT(BF$1&BF$2&$B46):INDIRECT(BF$1&BF$3&$B46)) -> 558573.2 | BG46: =BB46-BF46 -> 37241.669 | BH46: =IFERROR(BB46/BF46,0) -> 1.0666729
A47: =ROW()-3 -> 44 | B47: 1 | C47: =ROW()-3 -> 44 | E47: 1 | J47: Retirement Benefit Cost | Q47: =CHOOSE(2, "6722000002966", "SGA Wages & Salaries Retirement Benefit Cost") -> SGA Wages & Salaries Retirement Benefit Cost | R47: 3585 | S47: 3488 | T47: 3494 | U47: 1854 | V47: 2995.71 | W47: 2986.76 | X47: 3372.45 | Y47: 3090.114 | Z47: 3083.16 | AA47: 3097.37 | AB47: 3163.365 | AC47: 33.854 | AD47: =SUM(R47,S47,T47) -> 10567 | AE47: =SUM(U47,V47,W47) -> 7836.47 | AF47: =SUM(X47,Y47,Z47) -> 9545.724 | AG47: =SUM(AA47,AB47,AC47) -> 6294.589 | AH47: =AD47+AE47 -> 18403.47 | AI47: =AG47+AF47 -> 15840.313 | AJ47: =AH47+AI47 -> 34243.783 | AL47: =SUM((INDIRECT(AL$2&(ROW())):INDIRECT(AL$3&(ROW())))) -> 33.854 | AM47: =SUM(INDIRECT(AM$1&AM$2&$C47):INDIRECT(AM$1&AM$3&$C47)) -> 0 | AN47: =AL47-AM47 -> 33.854 | AO47: =IFERROR(AL47/AM47,0) -> 0 | AP47: =SUM(INDIRECT(AP$1&AP$2&$A47):INDIRECT(AP$1&AP$3&$A47))+SUM(INDIRECT(AP$1&AP$2&$B47):INDIRECT(AP$1&AP$3&$B47)) -> 0 | AQ47: =AL47-AP47 -> 33.854 | AR47: =IFERROR(AL47/AP47,0) -> 0 | AT47: =SUM((INDIRECT(AT$2&(ROW())):INDIRECT(AT$3&(ROW())))) -> 6294.589 | AU47: =SUM(INDIRECT(AU$1&AU$2&$C47):INDIRECT(AU$1&AU$3&$C47)) -> 0 | AV47: =AT47-AU47 -> 6294.589 | AW47: =IFERROR(AT47/AU47,0) -> 0 | AX47: =SUM(INDIRECT(AX$1&AX$2&$A47):INDIRECT(AX$1&AX$3&$A47))+SUM(INDIRECT(AX$1&AX$2&$B47):INDIRECT(AX$1&AX$3&$B47)) -> 0 | AY47: =AT47-AX47 -> 6294.589 | AZ47: =IFERROR(AT47/AX47,0) -> 0 | BB47: =SUM((INDIRECT(BB$2&(ROW())):INDIRECT(BB$3&(ROW())))) -> 34243.783 | BC47: =SUM(INDIRECT(BC$1&BC$2&$C47):INDIRECT(BC$1&BC$3&$C47)) -> 0 | BD47: =BB47-BC47 -> 34243.783 | BE47: =IFERROR(BB47/BC47,0) -> 0 | BF47: =SUM(INDIRECT(BF$1&BF$2&$A47):INDIRECT(BF$1&BF$3&$A47))+SUM(INDIRECT(BF$1&BF$2&$B47):INDIRECT(BF$1&BF$3&$B47)) -> 0 | BG47: =BB47-BF47 -> 34243.783 | BH47: =IFERROR(BB47/BF47,0) -> 0
A48: =ROW()-3 -> 45 | B48: 1 | C48: =ROW()-3 -> 45 | E48: 1 | I48: Fixed Expenses | Q48: =CHOOSE(2, "6722000002967", "SGA Fixed Expenses") -> SGA Fixed Expenses | R48: =SUM(R49:R54) -> 43777 | S48: =SUM(S49:S54) -> 47088 | T48: =SUM(T49:T54) -> 63240 | U48: =SUM(U49:U54) -> 47199 | V48: =SUM(V49:V54) -> 62097.29 | W48: =SUM(W49:W54) -> 18762.187 | X48: =SUM(X49:X54) -> 86126.585 | Y48: =SUM(Y49:Y54) -> 54209.711 | ... AJ48: =SUM(AJ49:AJ54) -> 641087.02 | AL48: =SUM((INDIRECT(AL$2&(ROW())):INDIRECT(AL$3&(ROW())))) -> 70649.737 | AM48: =SUM(INDIRECT(AM$1&AM$2&$C48):INDIRECT(AM$1&AM$3&$C48)) -> 0 | AN48: =AL48-AM48 -> 70649.737 | AO48: =IFERROR(AL48/AM48,0) -> 0 | AP48: =SUM(INDIRECT(AP$1&AP$2&$A48):INDIRECT(AP$1&AP$3&$A48))+SUM(INDIRECT(AP$1&AP$2&$B48):INDIRECT(AP$1&AP$3&$B48)) -> 93349 | AQ48: =AL48-AP48 -> -22699.263 | AR48: =IFERROR(AL48/AP48,0) -> 0.75683443 | AT48: =SUM((INDIRECT(AT$2&(ROW())):INDIRECT(AT$3&(ROW())))) -> 170521.4 | AU48: =SUM(INDIRECT(AU$1&AU$2&$C48):INDIRECT(AU$1&AU$3&$C48)) -> 0 | AV48: =AT48-AU48 -> 170521.4 | AW48: =IFERROR(AT48/AU48,0) -> 0 | AX48: =SUM(INDIRECT(AX$1&AX$2&$A48):INDIRECT(AX$1&AX$3&$A48))+SUM(INDIRECT(AX$1&AX$2&$B48):INDIRECT(AX$1&AX$3&$B48)) -> 152715 | AY48: =AT48-AX48 -> 17806.404 | AZ48: =IFERROR(AT48/AX48,0) -> 1.1165989 | BB48: =SUM((INDIRECT(BB$2&(ROW())):INDIRECT(BB$3&(ROW())))) -> 641087.02 | BC48: =SUM(INDIRECT(BC$1&BC$2&$C48):INDIRECT(BC$1&BC$3&$C48)) -> 0 | BD48: =BB48-BC48 -> 641087.02 | BE48: =IFERROR(BB48/BC48,0) -> 0 | BF48: =SUM(INDIRECT(BF$1&BF$2&$A48):INDIRECT(BF$1&BF$3&$A48))+SUM(INDIRECT(BF$1&BF$2&$B48):INDIRECT(BF$1&BF$3&$B48)) -> 613089 | BG48: =BB48-BF48 -> 27998.024 | BH48: =IFERROR(BB48/BF48,0) -> 1.0456671
A49: =ROW()-3 -> 46 | B49: 1 | C49: =ROW()-3 -> 46 | E49: 1 | J49: Traveling Expenses | Q49: =CHOOSE(2, "6722000002968", "SGA Fixed Expenses Traveling Expenses") -> SGA Fixed Expenses Traveling Expenses | R49: 1570 | S49: 3557 | T49: 3976 | U49: 4364 | V49: 4496.3884 | W49: 4619.0249 | X49: 12323.041 | Y49: 2031.6005 | Z49: 5480.2983 | AA49: 11147.322 | AB49: 8785.6205 | AC49: 7713.8675 | AD49: =SUM(R49,S49,T49) -> 9103 | AE49: =SUM(U49,V49,W49) -> 13479.413 | AF49: =SUM(X49,Y49,Z49) -> 19834.94 | AG49: =SUM(AA49,AB49,AC49) -> 27646.809 | AH49: =AD49+AE49 -> 22582.413 | AI49: =AG49+AF49 -> 47481.749 | AJ49: =AH49+AI49 -> 70064.162 | AL49: =SUM((INDIRECT(AL$2&(ROW())):INDIRECT(AL$3&(ROW())))) -> 7713.8675 | AM49: =SUM(INDIRECT(AM$1&AM$2&$C49):INDIRECT(AM$1&AM$3&$C49)) -> 0 | AN49: =AL49-AM49 -> 7713.8675 | AO49: =IFERROR(AL49/AM49,0) -> 0 | AP49: =SUM(INDIRECT(AP$1&AP$2&$A49):INDIRECT(AP$1&AP$3&$A49))+SUM(INDIRECT(AP$1&AP$2&$B49):INDIRECT(AP$1&AP$3&$B49)) -> 3093 | AQ49: =AL49-AP49 -> 4620.8675 | AR49: =IFERROR(AL49/AP49,0) -> 2.4939759 | AT49: =SUM((INDIRECT(AT$2&(ROW())):INDIRECT(AT$3&(ROW())))) -> 27646.809 | AU49: =SUM(INDIRECT(AU$1&AU$2&$C49):INDIRECT(AU$1&AU$3&$C49)) -> 0 | AV49: =AT49-AU49 -> 27646.809 | AW49: =IFERROR(AT49/AU49,0) -> 0 | AX49: =SUM(INDIRECT(AX$1&AX$2&$A49):INDIRECT(AX$1&AX$3&$A49))+SUM(INDIRECT(AX$1&AX$2&$B49):INDIRECT(AX$1&AX$3&$B49)) -> 7281 | AY49: =AT49-AX49 -> 20365.809 | AZ49: =IFERROR(AT49/AX49,0) -> 3.7971171 | BB49: =SUM((INDIRECT(BB$2&(ROW())):INDIRECT(BB$3&(ROW())))) -> 70064.162 | BC49: =SUM(INDIRECT(BC$1&BC$2&$C49):INDIRECT(BC$1&BC$3&$C49)) -> 0 | BD49: =BB49-BC49 -> 70064.162 | BE49: =IFERROR(BB49/BC49,0) -> 0 | BF49: =SUM(INDIRECT(BF$1&BF$2&$A49):INDIRECT(BF$1&BF$3&$A49))+SUM(INDIRECT(BF$1&BF$2&$B49):INDIRECT(BF$1&BF$3&$B49)) -> 20141 | BG49: =BB49-BF49 -> 49923.162 | BH49: =IFERROR(BB49/BF49,0) -> 3.4786834
A50: =ROW()-3 -> 47 | B50: 1 | C50: =ROW()-3 -> 47 | E50: 1 | J50: Depreciation & Amortization | Q50: =CHOOSE(2, "6722000002969", "SGA Fixed Expenses Depreciation & Amortization") -> SGA Fixed Expenses Depreciation & Amortization | R50: 1822 | S50: 1408 | T50: 19391 | U50: 2521 | V50: 262.18 | W50: 18375.203 | X50: 1317.34 | Y50: 1127.1558 | Z50: 12028.241 | AA50: 1554.34 | AB50: 1203.76 | AC50: 11904.313 | AD50: =SUM(R50,S50,T50) -> 22621 | AE50: =SUM(U50,V50,W50) -> 21158.383 | AF50: =SUM(X50,Y50,Z50) -> 14472.737 | AG50: =SUM(AA50,AB50,AC50) -> 14662.413 | AH50: =AD50+AE50 -> 43779.383 | AI50: =AG50+AF50 -> 29135.15 | AJ50: =AH50+AI50 -> 72914.532 | AL50: =SUM((INDIRECT(AL$2&(ROW())):INDIRECT(AL$3&(ROW())))) -> 11904.313 | AM50: =SUM(INDIRECT(AM$1&AM$2&$C50):INDIRECT(AM$1&AM$3&$C50)) -> 0 | AN50: =AL50-AM50 -> 11904.313 | AO50: =IFERROR(AL50/AM50,0) -> 0 | AP50: =SUM(INDIRECT(AP$1&AP$2&$A50):INDIRECT(AP$1&AP$3&$A50))+SUM(INDIRECT(AP$1&AP$2&$B50):INDIRECT(AP$1&AP$3&$B50)) -> 24746 | AQ50: =AL50-AP50 -> -12841.687 | AR50: =IFERROR(AL50/AP50,0) -> 0.48106009 | AT50: =SUM((INDIRECT(AT$2&(ROW())):INDIRECT(AT$3&(ROW())))) -> 14662.413 | AU50: =SUM(INDIRECT(AU$1&AU$2&$C50):INDIRECT(AU$1&AU$3&$C50)) -> 0 | AV50: =AT50-AU50 -> 14662.413 | AW50: =IFERROR(AT50/AU50,0) -> 0 | AX50: =SUM(INDIRECT(AX$1&AX$2&$A50):INDIRECT(AX$1&AX$3&$A50))+SUM(INDIRECT(AX$1&AX$2&$B50):INDIRECT(AX$1&AX$3&$B50)) -> 39958 | AY50: =AT50-AX50 -> -25295.587 | AZ50: =IFERROR(AT50/AX50,0) -> 0.36694562 | BB50: =SUM((INDIRECT(BB$2&(ROW())):INDIRECT(BB$3&(ROW())))) -> 72914.532 | BC50: =SUM(INDIRECT(BC$1&BC$2&$C50):INDIRECT(BC$1&BC$3&$C50)) -> 0 | BD50: =BB50-BC50 -> 72914.532 | BE50: =IFERROR(BB50/BC50,0) -> 0 | BF50: =SUM(INDIRECT(BF$1&BF$2&$A50):INDIRECT(BF$1&BF$3&$A50))+SUM(INDIRECT(BF$1&BF$2&$B50):INDIRECT(BF$1&BF$3&$B50)) -> 149605 | BG50: =BB50-BF50 -> -76690.468 | BH50: =IFERROR(BB50/BF50,0) -> 0.48738032
A51: =ROW()-3 -> 48 | B51: 1 | C51: =ROW()-3 -> 48 | E51: 1 | J51: Repair and Maintenance | Q51: =CHOOSE(2, "6722000002970", "SGA Fixed Expenses Repair and Maintenance") -> SGA Fixed Expenses Repair and Maintenance | R51: 952 | S51: 927.4416 | T51: 1355 | U51: 896 | V51: 918.75 | W51: 928.262 | X51: 887.06 | Y51: 1200.6734 | Z51: 1147.68 | AA51: 947 | AB51: 1500.08 | AC51: 3005.2791 | AD51: =SUM(R51,S51,T51) -> 3234.4416 | AE51: =SUM(U51,V51,W51) -> 2743.012 | AF51: =SUM(X51,Y51,Z51) -> 3235.4134 | AG51: =SUM(AA51,AB51,AC51) -> 5452.3591 | AH51: =AD51+AE51 -> 5977.4536 | AI51: =AG51+AF51 -> 8687.7725 | AJ51: =AH51+AI51 -> 14665.226 | AL51: =SUM((INDIRECT(AL$2&(ROW())):INDIRECT(AL$3&(ROW())))) -> 3005.2791 | AM51: =SUM(INDIRECT(AM$1&AM$2&$C51):INDIRECT(AM$1&AM$3&$C51)) -> 0 | AN51: =AL51-AM51 -> 3005.2791 | AO51: =IFERROR(AL51/AM51,0) -> 0 | AP51: =SUM(INDIRECT(AP$1&AP$2&$A51):INDIRECT(AP$1&AP$3&$A51))+SUM(INDIRECT(AP$1&AP$2&$B51):INDIRECT(AP$1&AP$3&$B51)) -> 1754 | AQ51: =AL51-AP51 -> 1251.2791 | AR51: =IFERROR(AL51/AP51,0) -> 1.7133861 | AT51: =SUM((INDIRECT(AT$2&(ROW())):INDIRECT(AT$3&(ROW())))) -> 5452.3591 | AU51: =SUM(INDIRECT(AU$1&AU$2&$C51):INDIRECT(AU$1&AU$3&$C51)) -> 0 | AV51: =AT51-AU51 -> 5452.3591 | AW51: =IFERROR(AT51/AU51,0) -> 0 | AX51: =SUM(INDIRECT(AX$1&AX$2&$A51):INDIRECT(AX$1&AX$3&$A51))+SUM(INDIRECT(AX$1&AX$2&$B51):INDIRECT(AX$1&AX$3&$B51)) -> 3287 | AY51: =AT51-AX51 -> 2165.3591 | AZ51: =IFERROR(AT51/AX51,0) -> 1.6587646 | BB51: =SUM((INDIRECT(BB$2&(ROW())):INDIRECT(BB$3&(ROW())))) -> 14665.226 | BC51: =SUM(INDIRECT(BC$1&BC$2&$C51):INDIRECT(BC$1&BC$3&$C51)) -> 0 | BD51: =BB51-BC51 -> 14665.226 | BE51: =IFERROR(BB51/BC51,0) -> 0 | BF51: =SUM(INDIRECT(BF$1&BF$2&$A51):INDIRECT(BF$1&BF$3&$A51))+SUM(INDIRECT(BF$1&BF$2&$B51):INDIRECT(BF$1&BF$3&$B51)) -> 12199 | BG51: =BB51-BF51 -> 2466.2261 | BH51: =IFERROR(BB51/BF51,0) -> 1.2021663
A52: =ROW()-3 -> 49 | B52: 1 | C52: =ROW()-3 -> 49 | E52: 1 | J52: Rent Expenses | Q52: =CHOOSE(2, "6722000002971", "SGA Fixed Expenses Rent Expenses") -> SGA Fixed Expenses Rent Expenses | R52: 9666 | S52: 9819 | T52: -6006 | U52: 9094 | V52: 10386.624 | W52: -4713.9587 | X52: 16245.24 | Y52: 10549.395 | Z52: 2965 | AA52: 11396 | AB52: 11671 | AC52: 17077.761 | AD52: =SUM(R52,S52,T52) -> 13479 | AE52: =SUM(U52,V52,W52) -> 14766.666 | AF52: =SUM(X52,Y52,Z52) -> 29759.635 | AG52: =SUM(AA52,AB52,AC52) -> 40144.761 | AH52: =AD52+AE52 -> 28245.666 | AI52: =AG52+AF52 -> 69904.395 | AJ52: =AH52+AI52 -> 98150.061 | AL52: =SUM((INDIRECT(AL$2&(ROW())):INDIRECT(AL$3&(ROW())))) -> 17077.761 | AM52: =SUM(INDIRECT(AM$1&AM$2&$C52):INDIRECT(AM$1&AM$3&$C52)) -> 0 | AN52: =AL52-AM52 -> 17077.761 | AO52: =IFERROR(AL52/AM52,0) -> 0 | AP52: =SUM(INDIRECT(AP$1&AP$2&$A52):INDIRECT(AP$1&AP$3&$A52))+SUM(INDIRECT(AP$1&AP$2&$B52):INDIRECT(AP$1&AP$3&$B52)) -> -8113 | AQ52: =AL52-AP52 -> 25190.761 | AR52: =IFERROR(AL52/AP52,0) -> -2.1049871 | AT52: =SUM((INDIRECT(AT$2&(ROW())):INDIRECT(AT$3&(ROW())))) -> 40144.761 | AU52: =SUM(INDIRECT(AU$1&AU$2&$C52):INDIRECT(AU$1&AU$3&$C52)) -> 0 | AV52: =AT52-AU52 -> 40144.761 | AW52: =IFERROR(AT52/AU52,0) -> 0 | AX52: =SUM(INDIRECT(AX$1&AX$2&$A52):INDIRECT(AX$1&AX$3&$A52))+SUM(INDIRECT(AX$1&AX$2&$B52):INDIRECT(AX$1&AX$3&$B52)) -> 9560 | AY52: =AT52-AX52 -> 30584.761 | AZ52: =IFERROR(AT52/AX52,0) -> 4.1992427 | BB52: =SUM((INDIRECT(BB$2&(ROW())):INDIRECT(BB$3&(ROW())))) -> 98150.061 | BC52: =SUM(INDIRECT(BC$1&BC$2&$C52):INDIRECT(BC$1&BC$3&$C52)) -> 0 | BD52: =BB52-BC52 -> 98150.061 | BE52: =IFERROR(BB52/BC52,0) -> 0 | BF52: =SUM(INDIRECT(BF$1&BF$2&$A52):INDIRECT(BF$1&BF$3&$A52))+SUM(INDIRECT(BF$1&BF$2&$B52):INDIRECT(BF$1&BF$3&$B52)) -> 43058 | BG52: =BB52-BF52 -> 55092.061 | BH52: =IFERROR(BB52/BF52,0) -> 2.2794849
A53: =ROW()-3 -> 50 | B53: 1 | C53: =ROW()-3 -> 50 | E53: 1 | J53: Service Charges and Fees | Q53: =CHOOSE(2, "6722000002972", "SGA Fixed Expenses Service Charges and Fees") -> SGA Fixed Expenses Service Charges and Fees | R53: 132 | S53: 132 | T53: 73 | U53: 151 | V53: 99.40365 | W53: 122.20672 | X53: 99 | Y53: 152.6313 | Z53: -198 | AA53: 844.333 | AB53: 325.05858 | AC53: 2158.6484 | AD53: =SUM(R53,S53,T53) -> 337 | AE53: =SUM(U53,V53,W53) -> 372.61037 | AF53: =SUM(X53,Y53,Z53) -> 53.6313 | AG53: =SUM(AA53,AB53,AC53) -> 3328.04 | AH53: =AD53+AE53 -> 709.61037 | AI53: =AG53+AF53 -> 3381.6713 | AJ53: =AH53+AI53 -> 4091.2817 | AL53: =SUM((INDIRECT(AL$2&(ROW())):INDIRECT(AL$3&(ROW())))) -> 2158.6484 | AM53: =SUM(INDIRECT(AM$1&AM$2&$C53):INDIRECT(AM$1&AM$3&$C53)) -> 0 | AN53: =AL53-AM53 -> 2158.6484 | AO53: =IFERROR(AL53/AM53,0) -> 0 | AP53: =SUM(INDIRECT(AP$1&AP$2&$A53):INDIRECT(AP$1&AP$3&$A53))+SUM(INDIRECT(AP$1&AP$2&$B53):INDIRECT(AP$1&AP$3&$B53)) -> 43 | AQ53: =AL53-AP53 -> 2115.6484 | AR53: =IFERROR(AL53/AP53,0) -> 50.201126 | AT53: =SUM((INDIRECT(AT$2&(ROW())):INDIRECT(AT$3&(ROW())))) -> 3328.04 | AU53: =SUM(INDIRECT(AU$1&AU$2&$C53):INDIRECT(AU$1&AU$3&$C53)) -> 0 | AV53: =AT53-AU53 -> 3328.04 | AW53: =IFERROR(AT53/AU53,0) -> 0 | AX53: =SUM(INDIRECT(AX$1&AX$2&$A53):INDIRECT(AX$1&AX$3&$A53))+SUM(INDIRECT(AX$1&AX$2&$B53):INDIRECT(AX$1&AX$3&$B53)) -> 101 | AY53: =AT53-AX53 -> 3227.04 | AZ53: =IFERROR(AT53/AX53,0) -> 32.950891 | BB53: =SUM((INDIRECT(BB$2&(ROW())):INDIRECT(BB$3&(ROW())))) -> 4091.2817 | BC53: =SUM(INDIRECT(BC$1&BC$2&$C53):INDIRECT(BC$1&BC$3&$C53)) -> 0 | BD53: =BB53-BC53 -> 4091.2817 | BE53: =IFERROR(BB53/BC53,0) -> 0 | BF53: =SUM(INDIRECT(BF$1&BF$2&$A53):INDIRECT(BF$1&BF$3&$A53))+SUM(INDIRECT(BF$1&BF$2&$B53):INDIRECT(BF$1&BF$3&$B53)) -> 1446 | BG53: =BB53-BF53 -> 2645.2817 | BH53: =IFERROR(BB53/BF53,0) -> 2.8293787
A54: =ROW()-3 -> 51 | B54: 1 | C54: =ROW()-3 -> 51 | E54: 1 | J54: Other Expenses | Q54: =CHOOSE(2, "6722000002973", "SGA Fixed Expenses Other Expenses") -> SGA Fixed Expenses Other Expenses | R54: 29635 | S54: 31244.558 | T54: 44451 | U54: 30173 | V54: 45933.943 | W54: -568.55 | X54: 55254.904 | Y54: 39148.255 | Z54: 26642.627 | AA54: 45510.73 | AB54: 4986.4235 | AC54: 28789.869 | AD54: =SUM(R54,S54,T54) -> 105330.56 | AE54: =SUM(U54,V54,W54) -> 75538.393 | AF54: =SUM(X54,Y54,Z54) -> 121045.79 | AG54: =SUM(AA54,AB54,AC54) -> 79287.022 | AH54: =AD54+AE54 -> 180868.95 | AI54: =AG54+AF54 -> 200332.81 | AJ54: =AH54+AI54 -> 381201.76 | AL54: =SUM((INDIRECT(AL$2&(ROW())):INDIRECT(AL$3&(ROW())))) -> 28789.869 | AM54: =SUM(INDIRECT(AM$1&AM$2&$C54):INDIRECT(AM$1&AM$3&$C54)) -> 0 | AN54: =AL54-AM54 -> 28789.869 | AO54: =IFERROR(AL54/AM54,0) -> 0 | AP54: =SUM(INDIRECT(AP$1&AP$2&$A54):INDIRECT(AP$1&AP$3&$A54))+SUM(INDIRECT(AP$1&AP$2&$B54):INDIRECT(AP$1&AP$3&$B54)) -> 71826 | AQ54: =AL54-AP54 -> -43036.131 | AR54: =IFERROR(AL54/AP54,0) -> 0.40082796 | AT54: =SUM((INDIRECT(AT$2&(ROW())):INDIRECT(AT$3&(ROW())))) -> 79287.022 | AU54: =SUM(INDIRECT(AU$1&AU$2&$C54):INDIRECT(AU$1&AU$3&$C54)) -> 0 | AV54: =AT54-AU54 -> 79287.022 | AW54: =IFERROR(AT54/AU54,0) -> 0 | AX54: =SUM(INDIRECT(AX$1&AX$2&$A54):INDIRECT(AX$1&AX$3&$A54))+SUM(INDIRECT(AX$1&AX$2&$B54):INDIRECT(AX$1&AX$3&$B54)) -> 92528 | AY54: =AT54-AX54 -> -13240.978 | AZ54: =IFERROR(AT54/AX54,0) -> 0.85689761 | BB54: =SUM((INDIRECT(BB$2&(ROW())):INDIRECT(BB$3&(ROW())))) -> 381201.76 | BC54: =SUM(INDIRECT(BC$1&BC$2&$C54):INDIRECT(BC$1&BC$3&$C54)) -> 0 | BD54: =BB54-BC54 -> 381201.76 | BE54: =IFERROR(BB54/BC54,0) -> 0 | BF54: =SUM(INDIRECT(BF$1&BF$2&$A54):INDIRECT(BF$1&BF$3&$A54))+SUM(INDIRECT(BF$1&BF$2&$B54):INDIRECT(BF$1&BF$3&$B54)) -> 386640 | BG54: =BB54-BF54 -> -5438.2397 | BH54: =IFERROR(BB54/BF54,0) -> 0.98593462
A55: =ROW()-3 -> 52 | B55: 1 | C55: =ROW()-3 -> 52 | E55: 1 | Q55: =CHOOSE(2, "6722000002974", "▷ Blank 3") -> ▷ Blank 3
A56: =ROW()-3 -> 53 | B56: 1 | C56: =ROW()-3 -> 53 | D56: RF | E56: 1 | G56: 1-3.Total Personnel Costs | Q56: =CHOOSE(2, "6722000002975", "1-3.Total Personnel Costs") -> 1-3.Total Personnel Costs
A57: =ROW()-3 -> 54 | B57: 1 | C57: =ROW()-3 -> 54 | D57: RF | E57: 1 | I57: Personnel Costs Total | Q57: =CHOOSE(2, "6722000002976", "Total PC Personnel Costs Total") -> Total PC Personnel Costs Total | R57: =SUM(R58:R59) -> 74516 | S57: =SUM(S58:S59) -> 73638 | T57: =SUM(T58:T59) -> 74787.433 | U57: =SUM(U58:U59) -> 73620.108 | V57: =SUM(V58:V59) -> 74471.545 | W57: =SUM(W58:W59) -> 77883.633 | X57: =SUM(X58:X59) -> 117139.45 | Y57: =SUM(Y58:Y59) -> 82402.114 | ... AC57: =SUM(AC58:AC59) -> 69127.897 | AD57: =SUM(R57,S57,T57) -> 222941.43 | AE57: =SUM(U57,V57,W57) -> 225975.29 | AF57: =SUM(X57,Y57,Z57) -> 284320.47 | AG57: =SUM(AA57,AB57,AC57) -> 240145.16 | AH57: =AD57+AE57 -> 448916.72 | AI57: =AG57+AF57 -> 524465.63 | AJ57: =AH57+AI57 -> 973382.35 | AL57: =SUM((INDIRECT(AL$2&(ROW())):INDIRECT(AL$3&(ROW())))) -> 69127.897 | AM57: =SUM(INDIRECT(AM$1&AM$2&$C57):INDIRECT(AM$1&AM$3&$C57)) -> 0 | AN57: =AL57-AM57 -> 69127.897 | AO57: =IFERROR(AL57/AM57,0) -> 0 | AP57: =SUM(INDIRECT(AP$1&AP$2&$A57):INDIRECT(AP$1&AP$3&$A57))+SUM(INDIRECT(AP$1&AP$2&$B57):INDIRECT(AP$1&AP$3&$B57)) -> 83701 | AQ57: =AL57-AP57 -> -14573.103 | AR57: =IFERROR(AL57/AP57,0) -> 0.82589093 | AT57: =SUM((INDIRECT(AT$2&(ROW())):INDIRECT(AT$3&(ROW())))) -> 240145.16 | AU57: =SUM(INDIRECT(AU$1&AU$2&$C57):INDIRECT(AU$1&AU$3&$C57)) -> 0 | AV57: =AT57-AU57 -> 240145.16 | AW57: =IFERROR(AT57/AU57,0) -> 0 | AX57: =SUM(INDIRECT(AX$1&AX$2&$A57):INDIRECT(AX$1&AX$3&$A57))+SUM(INDIRECT(AX$1&AX$2&$B57):INDIRECT(AX$1&AX$3&$B57)) -> 239293 | AY57: =AT57-AX57 -> 852.16385 | AZ57: =IFERROR(AT57/AX57,0) -> 1.0035612 | BB57: =SUM((INDIRECT(BB$2&(ROW())):INDIRECT(BB$3&(ROW())))) -> 973382.35 | BC57: =SUM(INDIRECT(BC$1&BC$2&$C57):INDIRECT(BC$1&BC$3&$C57)) -> 0 | BD57: =BB57-BC57 -> 973382.35 | BE57: =IFERROR(BB57/BC57,0) -> 0 | BF57: =SUM(INDIRECT(BF$1&BF$2&$A57):INDIRECT(BF$1&BF$3&$A57))+SUM(INDIRECT(BF$1&BF$2&$B57):INDIRECT(BF$1&BF$3&$B57)) -> 841567 | BG57: =BB57-BF57 -> 131815.35 | BH57: =IFERROR(BB57/BF57,0) -> 1.1566308
A58: =ROW()-3 -> 55 | B58: 1 | C58: =ROW()-3 -> 55 | D58: RF | E58: 1 | J58: Included in COGS （Field Service cost /Service Desk Cost） | Q58: =CHOOSE(2, "6722000002977", "Total PC Personnel Costs Total Included in COGS") -> Total PC Personnel Costs Total Included in COGS | R58: =R835 -> 16742 | S58: =S835 -> 17045 | T58: =T835 -> 17009 | U58: =U835 -> 18805 | V58: =V835 -> 17345.275 | W58: =W835 -> 16553.603 | X58: =X835 -> 28963 | Y58: =Y835 -> 16336 | ... AC58: =AC835 -> 13377 | AD58: =SUM(R58,S58,T58) -> 50796 | AE58: =SUM(U58,V58,W58) -> 52703.878 | AF58: =SUM(X58,Y58,Z58) -> 61937 | AG58: =SUM(AA58,AB58,AC58) -> 55406 | AH58: =AD58+AE58 -> 103499.88 | AI58: =AG58+AF58 -> 117343 | AJ58: =AH58+AI58 -> 220842.88 | AL58: =SUM((INDIRECT(AL$2&(ROW())):INDIRECT(AL$3&(ROW())))) -> 13377 | AM58: =SUM(INDIRECT(AM$1&AM$2&$C58):INDIRECT(AM$1&AM$3&$C58)) -> 0 | AN58: =AL58-AM58 -> 13377 | AO58: =IFERROR(AL58/AM58,0) -> 0 | AP58: =SUM(INDIRECT(AP$1&AP$2&$A58):INDIRECT(AP$1&AP$3&$A58))+SUM(INDIRECT(AP$1&AP$2&$B58):INDIRECT(AP$1&AP$3&$B58)) -> 14704 | AQ58: =AL58-AP58 -> -1327 | AR58: =IFERROR(AL58/AP58,0) -> 0.90975245 | AT58: =SUM((INDIRECT(AT$2&(ROW())):INDIRECT(AT$3&(ROW())))) -> 55406 | AU58: =SUM(INDIRECT(AU$1&AU$2&$C58):INDIRECT(AU$1&AU$3&$C58)) -> 0 | AV58: =AT58-AU58 -> 55406 | AW58: =IFERROR(AT58/AU58,0) -> 0 | AX58: =SUM(INDIRECT(AX$1&AX$2&$A58):INDIRECT(AX$1&AX$3&$A58))+SUM(INDIRECT(AX$1&AX$2&$B58):INDIRECT(AX$1&AX$3&$B58)) -> 43800 | AY58: =AT58-AX58 -> 11606 | AZ58: =IFERROR(AT58/AX58,0) -> 1.2649772 | BB58: =SUM((INDIRECT(BB$2&(ROW())):INDIRECT(BB$3&(ROW())))) -> 220842.88 | BC58: =SUM(INDIRECT(BC$1&BC$2&$C58):INDIRECT(BC$1&BC$3&$C58)) -> 0 | BD58: =BB58-BC58 -> 220842.88 | BE58: =IFERROR(BB58/BC58,0) -> 0 | BF58: =SUM(INDIRECT(BF$1&BF$2&$A58):INDIRECT(BF$1&BF$3&$A58))+SUM(INDIRECT(BF$1&BF$2&$B58):INDIRECT(BF$1&BF$3&$B58)) -> 180807 | BG58: =BB58-BF58 -> 40035.878 | BH58: =IFERROR(BB58/BF58,0) -> 1.2214288
A59: =ROW()-3 -> 56 | B59: 1 | C59: =ROW()-3 -> 56 | D59: RF | E59: 1 | J59: Included in SG&A (Wages & Salaries） | Q59: =CHOOSE(2, "6722000002978", "Total PC Personnel Costs Total Included in SG&A") -> Total PC Personnel Costs Total Included in SG&A | R59: =R44 -> 57774 | S59: =S44 -> 56593 | T59: =T44 -> 57778.433 | U59: =U44 -> 54815.108 | V59: =V44 -> 57126.27 | W59: =W44 -> 61330.03 | X59: =X44 -> 88176.45 | Y59: =Y44 -> 66066.114 | ... AC59: =AC44 -> 55750.897 | AD59: =SUM(R59,S59,T59) -> 172145.43 | AE59: =SUM(U59,V59,W59) -> 173271.41 | AF59: =SUM(X59,Y59,Z59) -> 222383.47 | AG59: =SUM(AA59,AB59,AC59) -> 184739.16 | AH59: =AD59+AE59 -> 345416.84 | AI59: =AG59+AF59 -> 407122.63 | AJ59: =AH59+AI59 -> 752539.47 | AL59: =SUM((INDIRECT(AL$2&(ROW())):INDIRECT(AL$3&(ROW())))) -> 55750.897 | AM59: =SUM(INDIRECT(AM$1&AM$2&$C59):INDIRECT(AM$1&AM$3&$C59)) -> 0 | AN59: =AL59-AM59 -> 55750.897 | AO59: =IFERROR(AL59/AM59,0) -> 0 | AP59: =SUM(INDIRECT(AP$1&AP$2&$A59):INDIRECT(AP$1&AP$3&$A59))+SUM(INDIRECT(AP$1&AP$2&$B59):INDIRECT(AP$1&AP$3&$B59)) -> 68997 | AQ59: =AL59-AP59 -> -13246.103 | AR59: =IFERROR(AL59/AP59,0) -> 0.80801914 | AT59: =SUM((INDIRECT(AT$2&(ROW())):INDIRECT(AT$3&(ROW())))) -> 184739.16 | AU59: =SUM(INDIRECT(AU$1&AU$2&$C59):INDIRECT(AU$1&AU$3&$C59)) -> 0 | AV59: =AT59-AU59 -> 184739.16 | AW59: =IFERROR(AT59/AU59,0) -> 0 | AX59: =SUM(INDIRECT(AX$1&AX$2&$A59):INDIRECT(AX$1&AX$3&$A59))+SUM(INDIRECT(AX$1&AX$2&$B59):INDIRECT(AX$1&AX$3&$B59)) -> 195493 | AY59: =AT59-AX59 -> -10753.836 | AZ59: =IFERROR(AT59/AX59,0) -> 0.9449912 | BB59: =SUM((INDIRECT(BB$2&(ROW())):INDIRECT(BB$3&(ROW())))) -> 752539.47 | BC59: =SUM(INDIRECT(BC$1&BC$2&$C59):INDIRECT(BC$1&BC$3&$C59)) -> 0 | BD59: =BB59-BC59 -> 752539.47 | BE59: =IFERROR(BB59/BC59,0) -> 0 | BF59: =SUM(INDIRECT(BF$1&BF$2&$A59):INDIRECT(BF$1&BF$3&$A59))+SUM(INDIRECT(BF$1&BF$2&$B59):INDIRECT(BF$1&BF$3&$B59)) -> 660760 | BG59: =BB59-BF59 -> 91779.471 | BH59: =IFERROR(BB59/BF59,0) -> 1.1388999
A60: =ROW()-3 -> 57 | B60: 1 | C60: =ROW()-3 -> 57 | D60: RF | E60: 1 | Q60: =CHOOSE(2, "6722000002979", "▷ Blank 4") -> ▷ Blank 4
A61: =ROW()-3 -> 58 | B61: 1 | C61: =ROW()-3 -> 58 | D61: RF | E61: 1 | G61: 1-4.Break-down of Other Income, Other Expense | Q61: =CHOOSE(2, "6722000002980", "1-4.Break-down of Other Income, Other Expense") -> 1-4.Break-down of Other Income, Other Expense
A62: =ROW()-3 -> 59 | B62: 1 | C62: =ROW()-3 -> 59 | D62: RF | E62: 1 | I62: Other income | Q62: =CHOOSE(2, "6722000002981", "BO,OE Other income") -> BO,OE Other income | R62: =R26 -> 9951 | S62: =S26 -> 376 | T62: =T26 -> 21.466274 | U62: =U26 -> 236 | V62: =V26 -> 440.28 | W62: =W26 -> 20 | X62: =X26 -> 0 | Y62: =Y26 -> 277 | ... AJ62: =AJ26 -> 143748.61 | AL62: =SUM((INDIRECT(AL$2&(ROW())):INDIRECT(AL$3&(ROW())))) -> 34895.301 | AM62: =SUM(INDIRECT(AM$1&AM$2&$C62):INDIRECT(AM$1&AM$3&$C62)) -> 0 | AN62: =AL62-AM62 -> 34895.301 | AO62: =IFERROR(AL62/AM62,0) -> 0 | AP62: =SUM(INDIRECT(AP$1&AP$2&$A62):INDIRECT(AP$1&AP$3&$A62))+SUM(INDIRECT(AP$1&AP$2&$B62):INDIRECT(AP$1&AP$3&$B62)) -> 36050 | AQ62: =AL62-AP62 -> -1154.6986 | AR62: =IFERROR(AL62/AP62,0) -> 0.96796953 | AT62: =SUM((INDIRECT(AT$2&(ROW())):INDIRECT(AT$3&(ROW())))) -> 41461.541 | AU62: =SUM(INDIRECT(AU$1&AU$2&$C62):INDIRECT(AU$1&AU$3&$C62)) -> 0 | AV62: =AT62-AU62 -> 41461.541 | AW62: =IFERROR(AT62/AU62,0) -> 0 | AX62: =SUM(INDIRECT(AX$1&AX$2&$A62):INDIRECT(AX$1&AX$3&$A62))+SUM(INDIRECT(AX$1&AX$2&$B62):INDIRECT(AX$1&AX$3&$B62)) -> 36450 | AY62: =AT62-AX62 -> 5011.5414 | AZ62: =IFERROR(AT62/AX62,0) -> 1.1374908 | BB62: =SUM((INDIRECT(BB$2&(ROW())):INDIRECT(BB$3&(ROW())))) -> 143748.61 | BC62: =SUM(INDIRECT(BC$1&BC$2&$C62):INDIRECT(BC$1&BC$3&$C62)) -> 0 | BD62: =BB62-BC62 -> 143748.61 | BE62: =IFERROR(BB62/BC62,0) -> 0 | BF62: =SUM(INDIRECT(BF$1&BF$2&$A62):INDIRECT(BF$1&BF$3&$A62))+SUM(INDIRECT(BF$1&BF$2&$B62):INDIRECT(BF$1&BF$3&$B62)) -> 53624 | BG62: =BB62-BF62 -> 90124.608 | BH62: =IFERROR(BB62/BF62,0) -> 2.6806767
A63: =ROW()-3 -> 60 | B63: 1 | C63: =ROW()-3 -> 60 | D63: RF | E63: 1 | J63: Rent income from Property, Plant and Equipment | Q63: =CHOOSE(2, "6722000002982", "BO,OE Other income RP,PE") -> BO,OE Other income RP,PE | R63: 0 | S63: 0 | T63: 0 | U63: 0 | V63: 0 | W63: 0 | X63: 0 | Y63: 0 | Z63: 0 | AA63: 0 | AB63: 0 | AC63: 0 | AD63: =SUM(R63,S63,T63) -> 0 | AE63: =SUM(U63,V63,W63) -> 0 | AF63: =SUM(X63,Y63,Z63) -> 0 | AG63: =SUM(AA63,AB63,AC63) -> 0 | AH63: =AD63+AE63 -> 0 | AI63: =AG63+AF63 -> 0 | AJ63: =AH63+AI63 -> 0 | AL63: =SUM((INDIRECT(AL$2&(ROW())):INDIRECT(AL$3&(ROW())))) -> 0 | AM63: =SUM(INDIRECT(AM$1&AM$2&$C63):INDIRECT(AM$1&AM$3&$C63)) -> 0 | AN63: =AL63-AM63 -> 0 | AO63: =IFERROR(AL63/AM63,0) -> 0 | AP63: =SUM(INDIRECT(AP$1&AP$2&$A63):INDIRECT(AP$1&AP$3&$A63))+SUM(INDIRECT(AP$1&AP$2&$B63):INDIRECT(AP$1&AP$3&$B63)) -> 0 | AQ63: =AL63-AP63 -> 0 | AR63: =IFERROR(AL63/AP63,0) -> 0 | AT63: =SUM((INDIRECT(AT$2&(ROW())):INDIRECT(AT$3&(ROW())))) -> 0 | AU63: =SUM(INDIRECT(AU$1&AU$2&$C63):INDIRECT(AU$1&AU$3&$C63)) -> 0 | AV63: =AT63-AU63 -> 0 | AW63: =IFERROR(AT63/AU63,0) -> 0 | AX63: =SUM(INDIRECT(AX$1&AX$2&$A63):INDIRECT(AX$1&AX$3&$A63))+SUM(INDIRECT(AX$1&AX$2&$B63):INDIRECT(AX$1&AX$3&$B63)) -> 0 | AY63: =AT63-AX63 -> 0 | AZ63: =IFERROR(AT63/AX63,0) -> 0 | BB63: =SUM((INDIRECT(BB$2&(ROW())):INDIRECT(BB$3&(ROW())))) -> 0 | BC63: =SUM(INDIRECT(BC$1&BC$2&$C63):INDIRECT(BC$1&BC$3&$C63)) -> 0 | BD63: =BB63-BC63 -> 0 | BE63: =IFERROR(BB63/BC63,0) -> 0 | BF63: =SUM(INDIRECT(BF$1&BF$2&$A63):INDIRECT(BF$1&BF$3&$A63))+SUM(INDIRECT(BF$1&BF$2&$B63):INDIRECT(BF$1&BF$3&$B63)) -> 0 | BG63: =BB63-BF63 -> 0 | BH63: =IFERROR(BB63/BF63,0) -> 0
A64: =ROW()-3 -> 61 | B64: 1 | C64: =ROW()-3 -> 61 | D64: RF | E64: 1 | J64: Commissions and Fees Income | Q64: =CHOOSE(2, "6722000002983", "BO,OE Other income Commissions and Fees Income") -> BO,OE Other income Commissions and Fees Income | R64: 0 | S64: 0 | T64: 0 | U64: 0 | V64: 0 | W64: 0 | X64: 0 | Y64: 0 | Z64: 0 | AA64: 0 | AB64: 0 | AC64: 0 | AD64: =SUM(R64,S64,T64) -> 0 | AE64: =SUM(U64,V64,W64) -> 0 | AF64: =SUM(X64,Y64,Z64) -> 0 | AG64: =SUM(AA64,AB64,AC64) -> 0 | AH64: =AD64+AE64 -> 0 | AI64: =AG64+AF64 -> 0 | AJ64: =AH64+AI64 -> 0 | AL64: =SUM((INDIRECT(AL$2&(ROW())):INDIRECT(AL$3&(ROW())))) -> 0 | AM64: =SUM(INDIRECT(AM$1&AM$2&$C64):INDIRECT(AM$1&AM$3&$C64)) -> 0 | AN64: =AL64-AM64 -> 0 | AO64: =IFERROR(AL64/AM64,0) -> 0 | AP64: =SUM(INDIRECT(AP$1&AP$2&$A64):INDIRECT(AP$1&AP$3&$A64))+SUM(INDIRECT(AP$1&AP$2&$B64):INDIRECT(AP$1&AP$3&$B64)) -> 0 | AQ64: =AL64-AP64 -> 0 | AR64: =IFERROR(AL64/AP64,0) -> 0 | AT64: =SUM((INDIRECT(AT$2&(ROW())):INDIRECT(AT$3&(ROW())))) -> 0 | AU64: =SUM(INDIRECT(AU$1&AU$2&$C64):INDIRECT(AU$1&AU$3&$C64)) -> 0 | AV64: =AT64-AU64 -> 0 | AW64: =IFERROR(AT64/AU64,0) -> 0 | AX64: =SUM(INDIRECT(AX$1&AX$2&$A64):INDIRECT(AX$1&AX$3&$A64))+SUM(INDIRECT(AX$1&AX$2&$B64):INDIRECT(AX$1&AX$3&$B64)) -> 0 | AY64: =AT64-AX64 -> 0 | AZ64: =IFERROR(AT64/AX64,0) -> 0 | BB64: =SUM((INDIRECT(BB$2&(ROW())):INDIRECT(BB$3&(ROW())))) -> 0 | BC64: =SUM(INDIRECT(BC$1&BC$2&$C64):INDIRECT(BC$1&BC$3&$C64)) -> 0 | BD64: =BB64-BC64 -> 0 | BE64: =IFERROR(BB64/BC64,0) -> 0 | BF64: =SUM(INDIRECT(BF$1&BF$2&$A64):INDIRECT(BF$1&BF$3&$A64))+SUM(INDIRECT(BF$1&BF$2&$B64):INDIRECT(BF$1&BF$3&$B64)) -> 0 | BG64: =BB64-BF64 -> 0 | BH64: =IFERROR(BB64/BF64,0) -> 0
A65: =ROW()-3 -> 62 | B65: 1 | C65: =ROW()-3 -> 62 | D65: RF | E65: 1 | J65: Gains on Sales of Asset | Q65: =CHOOSE(2, "6722000002984", "BO,OE Other income Gains on Sales of Asset") -> BO,OE Other income Gains on Sales of Asset | R65: 0 | S65: 0 | T65: 0 | U65: 0 | V65: 0 | W65: 0 | X65: 0 | Y65: 0 | Z65: 0 | AA65: 0 | AB65: 0 | AC65: 0 | AD65: =SUM(R65,S65,T65) -> 0 | AE65: =SUM(U65,V65,W65) -> 0 | AF65: =SUM(X65,Y65,Z65) -> 0 | AG65: =SUM(AA65,AB65,AC65) -> 0 | AH65: =AD65+AE65 -> 0 | AI65: =AG65+AF65 -> 0 | AJ65: =AH65+AI65 -> 0 | AL65: =SUM((INDIRECT(AL$2&(ROW())):INDIRECT(AL$3&(ROW())))) -> 0 | AM65: =SUM(INDIRECT(AM$1&AM$2&$C65):INDIRECT(AM$1&AM$3&$C65)) -> 0 | AN65: =AL65-AM65 -> 0 | AO65: =IFERROR(AL65/AM65,0) -> 0 | AP65: =SUM(INDIRECT(AP$1&AP$2&$A65):INDIRECT(AP$1&AP$3&$A65))+SUM(INDIRECT(AP$1&AP$2&$B65):INDIRECT(AP$1&AP$3&$B65)) -> 0 | AQ65: =AL65-AP65 -> 0 | AR65: =IFERROR(AL65/AP65,0) -> 0 | AT65: =SUM((INDIRECT(AT$2&(ROW())):INDIRECT(AT$3&(ROW())))) -> 0 | AU65: =SUM(INDIRECT(AU$1&AU$2&$C65):INDIRECT(AU$1&AU$3&$C65)) -> 0 | AV65: =AT65-AU65 -> 0 | AW65: =IFERROR(AT65/AU65,0) -> 0 | AX65: =SUM(INDIRECT(AX$1&AX$2&$A65):INDIRECT(AX$1&AX$3&$A65))+SUM(INDIRECT(AX$1&AX$2&$B65):INDIRECT(AX$1&AX$3&$B65)) -> 0 | AY65: =AT65-AX65 -> 0 | AZ65: =IFERROR(AT65/AX65,0) -> 0 | BB65: =SUM((INDIRECT(BB$2&(ROW())):INDIRECT(BB$3&(ROW())))) -> 0 | BC65: =SUM(INDIRECT(BC$1&BC$2&$C65):INDIRECT(BC$1&BC$3&$C65)) -> 0 | BD65: =BB65-BC65 -> 0 | BE65: =IFERROR(BB65/BC65,0) -> 0 | BF65: =SUM(INDIRECT(BF$1&BF$2&$A65):INDIRECT(BF$1&BF$3&$A65))+SUM(INDIRECT(BF$1&BF$2&$B65):INDIRECT(BF$1&BF$3&$B65)) -> 1398 | BG65: =BB65-BF65 -> -1398 | BH65: =IFERROR(BB65/BF65,0) -> 0
A66: =ROW()-3 -> 63 | B66: 1 | C66: =ROW()-3 -> 63 | D66: RF | E66: 1 | J66: Government support | Q66: =CHOOSE(2, "6722000002985", "BO,OE Other income Government support") -> BO,OE Other income Government support | R66: 0 | S66: 0 | T66: 0 | U66: 0 | V66: 0 | W66: 0 | X66: 0 | Y66: 0 | Z66: 0 | AA66: 0 | AB66: 0 | AC66: 0 | AD66: =SUM(R66,S66,T66) -> 0 | AE66: =SUM(U66,V66,W66) -> 0 | AF66: =SUM(X66,Y66,Z66) -> 0 | AG66: =SUM(AA66,AB66,AC66) -> 0 | AH66: =AD66+AE66 -> 0 | AI66: =AG66+AF66 -> 0 | AJ66: =AH66+AI66 -> 0 | AL66: =SUM((INDIRECT(AL$2&(ROW())):INDIRECT(AL$3&(ROW())))) -> 0 | AM66: =SUM(INDIRECT(AM$1&AM$2&$C66):INDIRECT(AM$1&AM$3&$C66)) -> 0 | AN66: =AL66-AM66 -> 0 | AO66: =IFERROR(AL66/AM66,0) -> 0 | AP66: =SUM(INDIRECT(AP$1&AP$2&$A66):INDIRECT(AP$1&AP$3&$A66))+SUM(INDIRECT(AP$1&AP$2&$B66):INDIRECT(AP$1&AP$3&$B66)) -> 0 | AQ66: =AL66-AP66 -> 0 | AR66: =IFERROR(AL66/AP66,0) -> 0 | AT66: =SUM((INDIRECT(AT$2&(ROW())):INDIRECT(AT$3&(ROW())))) -> 0 | AU66: =SUM(INDIRECT(AU$1&AU$2&$C66):INDIRECT(AU$1&AU$3&$C66)) -> 0 | AV66: =AT66-AU66 -> 0 | AW66: =IFERROR(AT66/AU66,0) -> 0 | AX66: =SUM(INDIRECT(AX$1&AX$2&$A66):INDIRECT(AX$1&AX$3&$A66))+SUM(INDIRECT(AX$1&AX$2&$B66):INDIRECT(AX$1&AX$3&$B66)) -> 0 | AY66: =AT66-AX66 -> 0 | AZ66: =IFERROR(AT66/AX66,0) -> 0 | BB66: =SUM((INDIRECT(BB$2&(ROW())):INDIRECT(BB$3&(ROW())))) -> 0 | BC66: =SUM(INDIRECT(BC$1&BC$2&$C66):INDIRECT(BC$1&BC$3&$C66)) -> 0 | BD66: =BB66-BC66 -> 0 | BE66: =IFERROR(BB66/BC66,0) -> 0 | BF66: =SUM(INDIRECT(BF$1&BF$2&$A66):INDIRECT(BF$1&BF$3&$A66))+SUM(INDIRECT(BF$1&BF$2&$B66):INDIRECT(BF$1&BF$3&$B66)) -> 0 | BG66: =BB66-BF66 -> 0 | BH66: =IFERROR(BB66/BF66,0) -> 0
A67: =ROW()-3 -> 64 | B67: 1 | C67: =ROW()-3 -> 64 | D67: RF | E67: 1 | J67: Other income | Q67: =CHOOSE(2, "6722000002986", "BO,OE Other income Other income") -> BO,OE Other income Other income | R67: =R62-SUM(R63:R66) -> 9951 | S67: =S62-SUM(S63:S66) -> 376 | T67: =T62-SUM(T63:T66) -> 21.466274 | U67: =U62-SUM(U63:U66) -> 236 | V67: =V62-SUM(V63:V66) -> 440.28 | W67: =W62-SUM(W63:W66) -> 20 | X67: =X62-SUM(X63:X66) -> 0 | Y67: =Y62-SUM(Y63:Y66) -> 277 | ... AJ67: =AJ62-SUM(AJ63:AJ66) -> 143748.61 | AL67: =SUM((INDIRECT(AL$2&(ROW())):INDIRECT(AL$3&(ROW())))) -> 34895.301 | AM67: =SUM(INDIRECT(AM$1&AM$2&$C67):INDIRECT(AM$1&AM$3&$C67)) -> 0 | AN67: =AL67-AM67 -> 34895.301 | AO67: =IFERROR(AL67/AM67,0) -> 0 | AP67: =SUM(INDIRECT(AP$1&AP$2&$A67):INDIRECT(AP$1&AP$3&$A67))+SUM(INDIRECT(AP$1&AP$2&$B67):INDIRECT(AP$1&AP$3&$B67)) -> 36050 | AQ67: =AL67-AP67 -> -1154.6986 | AR67: =IFERROR(AL67/AP67,0) -> 0.96796953 | AT67: =SUM((INDIRECT(AT$2&(ROW())):INDIRECT(AT$3&(ROW())))) -> 41461.541 | AU67: =SUM(INDIRECT(AU$1&AU$2&$C67):INDIRECT(AU$1&AU$3&$C67)) -> 0 | AV67: =AT67-AU67 -> 41461.541 | AW67: =IFERROR(AT67/AU67,0) -> 0 | AX67: =SUM(INDIRECT(AX$1&AX$2&$A67):INDIRECT(AX$1&AX$3&$A67))+SUM(INDIRECT(AX$1&AX$2&$B67):INDIRECT(AX$1&AX$3&$B67)) -> 36450 | AY67: =AT67-AX67 -> 5011.5414 | AZ67: =IFERROR(AT67/AX67,0) -> 1.1374908 | BB67: =SUM((INDIRECT(BB$2&(ROW())):INDIRECT(BB$3&(ROW())))) -> 143748.61 | BC67: =SUM(INDIRECT(BC$1&BC$2&$C67):INDIRECT(BC$1&BC$3&$C67)) -> 0 | BD67: =BB67-BC67 -> 143748.61 | BE67: =IFERROR(BB67/BC67,0) -> 0 | BF67: =SUM(INDIRECT(BF$1&BF$2&$A67):INDIRECT(BF$1&BF$3&$A67))+SUM(INDIRECT(BF$1&BF$2&$B67):INDIRECT(BF$1&BF$3&$B67)) -> 52226 | BG67: =BB67-BF67 -> 91522.608 | BH67: =IFERROR(BB67/BF67,0) -> 2.7524338
A68: =ROW()-3 -> 65 | B68: 1 | C68: =ROW()-3 -> 65 | D68: RF | E68: 1 | I68: Other Expense | Q68: =CHOOSE(2, "6722000002987", "BO,OE Other Expense") -> BO,OE Other Expense | R68: =R27 -> 0 | S68: =S27 -> 0 | T68: =T27 -> 0 | U68: =U27 -> 0 | V68: =V27 -> 0 | W68: =W27 -> 0 | X68: =X27 -> 0 | Y68: =Y27 -> 0 | ... AJ68: =AJ27 -> 0 | AL68: =SUM((INDIRECT(AL$2&(ROW())):INDIRECT(AL$3&(ROW())))) -> 0 | AM68: =SUM(INDIRECT(AM$1&AM$2&$C68):INDIRECT(AM$1&AM$3&$C68)) -> 0 | AN68: =AL68-AM68 -> 0 | AO68: =IFERROR(AL68/AM68,0) -> 0 | AP68: =SUM(INDIRECT(AP$1&AP$2&$A68):INDIRECT(AP$1&AP$3&$A68))+SUM(INDIRECT(AP$1&AP$2&$B68):INDIRECT(AP$1&AP$3&$B68)) -> 0 | AQ68: =AL68-AP68 -> 0 | AR68: =IFERROR(AL68/AP68,0) -> 0 | AT68: =SUM((INDIRECT(AT$2&(ROW())):INDIRECT(AT$3&(ROW())))) -> 0 | AU68: =SUM(INDIRECT(AU$1&AU$2&$C68):INDIRECT(AU$1&AU$3&$C68)) -> 0 | AV68: =AT68-AU68 -> 0 | AW68: =IFERROR(AT68/AU68,0) -> 0 | AX68: =SUM(INDIRECT(AX$1&AX$2&$A68):INDIRECT(AX$1&AX$3&$A68))+SUM(INDIRECT(AX$1&AX$2&$B68):INDIRECT(AX$1&AX$3&$B68)) -> 0 | AY68: =AT68-AX68 -> 0 | AZ68: =IFERROR(AT68/AX68,0) -> 0 | BB68: =SUM((INDIRECT(BB$2&(ROW())):INDIRECT(BB$3&(ROW())))) -> 0 | BC68: =SUM(INDIRECT(BC$1&BC$2&$C68):INDIRECT(BC$1&BC$3&$C68)) -> 0 | BD68: =BB68-BC68 -> 0 | BE68: =IFERROR(BB68/BC68,0) -> 0 | BF68: =SUM(INDIRECT(BF$1&BF$2&$A68):INDIRECT(BF$1&BF$3&$A68))+SUM(INDIRECT(BF$1&BF$2&$B68):INDIRECT(BF$1&BF$3&$B68)) -> 1057 | BG68: =BB68-BF68 -> -1057 | BH68: =IFERROR(BB68/BF68,0) -> 0
A69: =ROW()-3 -> 66 | B69: 1 | C69: =ROW()-3 -> 66 | D69: RF | E69: 1 | J69: Losses on Sales of Asset, Disposal of Asset | Q69: =CHOOSE(2, "6722000002988", "BO,OE Other Expense LSA, DA") -> BO,OE Other Expense LSA, DA | R69: 0 | S69: 0 | T69: 0 | U69: 0 | V69: 0 | W69: 0 | X69: 0 | Y69: 0 | Z69: 0 | AA69: 0 | AB69: 0 | AC69: 0 | AD69: =SUM(R69,S69,T69) -> 0 | AE69: =SUM(U69,V69,W69) -> 0 | AF69: =SUM(X69,Y69,Z69) -> 0 | AG69: =SUM(AA69,AB69,AC69) -> 0 | AH69: =AD69+AE69 -> 0 | AI69: =AG69+AF69 -> 0 | AJ69: =AH69+AI69 -> 0 | AL69: =SUM((INDIRECT(AL$2&(ROW())):INDIRECT(AL$3&(ROW())))) -> 0 | AM69: =SUM(INDIRECT(AM$1&AM$2&$C69):INDIRECT(AM$1&AM$3&$C69)) -> 0 | AN69: =AL69-AM69 -> 0 | AO69: =IFERROR(AL69/AM69,0) -> 0 | AP69: =SUM(INDIRECT(AP$1&AP$2&$A69):INDIRECT(AP$1&AP$3&$A69))+SUM(INDIRECT(AP$1&AP$2&$B69):INDIRECT(AP$1&AP$3&$B69)) -> 0 | AQ69: =AL69-AP69 -> 0 | AR69: =IFERROR(AL69/AP69,0) -> 0 | AT69: =SUM((INDIRECT(AT$2&(ROW())):INDIRECT(AT$3&(ROW())))) -> 0 | AU69: =SUM(INDIRECT(AU$1&AU$2&$C69):INDIRECT(AU$1&AU$3&$C69)) -> 0 | AV69: =AT69-AU69 -> 0 | AW69: =IFERROR(AT69/AU69,0) -> 0 | AX69: =SUM(INDIRECT(AX$1&AX$2&$A69):INDIRECT(AX$1&AX$3&$A69))+SUM(INDIRECT(AX$1&AX$2&$B69):INDIRECT(AX$1&AX$3&$B69)) -> 0 | AY69: =AT69-AX69 -> 0 | AZ69: =IFERROR(AT69/AX69,0) -> 0 | BB69: =SUM((INDIRECT(BB$2&(ROW())):INDIRECT(BB$3&(ROW())))) -> 0 | BC69: =SUM(INDIRECT(BC$1&BC$2&$C69):INDIRECT(BC$1&BC$3&$C69)) -> 0 | BD69: =BB69-BC69 -> 0 | BE69: =IFERROR(BB69/BC69,0) -> 0 | BF69: =SUM(INDIRECT(BF$1&BF$2&$A69):INDIRECT(BF$1&BF$3&$A69))+SUM(INDIRECT(BF$1&BF$2&$B69):INDIRECT(BF$1&BF$3&$B69)) -> 1398 | BG69: =BB69-BF69 -> -1398 | BH69: =IFERROR(BB69/BF69,0) -> 0
A70: =ROW()-3 -> 67 | B70: 1 | C70: =ROW()-3 -> 67 | D70: RF | E70: 1 | J70: Impairment Loss | Q70: =CHOOSE(2, "6722000002989", "BO,OE Other Expense Impairment Loss") -> BO,OE Other Expense Impairment Loss | R70: 0 | S70: 0 | T70: 0 | U70: 0 | V70: 0 | W70: 0 | X70: 0 | Y70: 0 | Z70: 0 | AA70: 0 | AB70: 0 | AC70: 0 | AD70: =SUM(R70,S70,T70) -> 0 | AE70: =SUM(U70,V70,W70) -> 0 | AF70: =SUM(X70,Y70,Z70) -> 0 | AG70: =SUM(AA70,AB70,AC70) -> 0 | AH70: =AD70+AE70 -> 0 | AI70: =AG70+AF70 -> 0 | AJ70: =AH70+AI70 -> 0 | AL70: =SUM((INDIRECT(AL$2&(ROW())):INDIRECT(AL$3&(ROW())))) -> 0 | AM70: =SUM(INDIRECT(AM$1&AM$2&$C70):INDIRECT(AM$1&AM$3&$C70)) -> 0 | AN70: =AL70-AM70 -> 0 | AO70: =IFERROR(AL70/AM70,0) -> 0 | AP70: =SUM(INDIRECT(AP$1&AP$2&$A70):INDIRECT(AP$1&AP$3&$A70))+SUM(INDIRECT(AP$1&AP$2&$B70):INDIRECT(AP$1&AP$3&$B70)) -> 0 | AQ70: =AL70-AP70 -> 0 | AR70: =IFERROR(AL70/AP70,0) -> 0 | AT70: =SUM((INDIRECT(AT$2&(ROW())):INDIRECT(AT$3&(ROW())))) -> 0 | AU70: =SUM(INDIRECT(AU$1&AU$2&$C70):INDIRECT(AU$1&AU$3&$C70)) -> 0 | AV70: =AT70-AU70 -> 0 | AW70: =IFERROR(AT70/AU70,0) -> 0 | AX70: =SUM(INDIRECT(AX$1&AX$2&$A70):INDIRECT(AX$1&AX$3&$A70))+SUM(INDIRECT(AX$1&AX$2&$B70):INDIRECT(AX$1&AX$3&$B70)) -> 0 | AY70: =AT70-AX70 -> 0 | AZ70: =IFERROR(AT70/AX70,0) -> 0 | BB70: =SUM((INDIRECT(BB$2&(ROW())):INDIRECT(BB$3&(ROW())))) -> 0 | BC70: =SUM(INDIRECT(BC$1&BC$2&$C70):INDIRECT(BC$1&BC$3&$C70)) -> 0 | BD70: =BB70-BC70 -> 0 | BE70: =IFERROR(BB70/BC70,0) -> 0 | BF70: =SUM(INDIRECT(BF$1&BF$2&$A70):INDIRECT(BF$1&BF$3&$A70))+SUM(INDIRECT(BF$1&BF$2&$B70):INDIRECT(BF$1&BF$3&$B70)) -> 0 | BG70: =BB70-BF70 -> 0 | BH70: =IFERROR(BB70/BF70,0) -> 0
A71: =ROW()-3 -> 68 | B71: 1 | C71: =ROW()-3 -> 68 | D71: RF | E71: 1 | J71: Restructuring Expense | Q71: =CHOOSE(2, "6722000002990", "BO,OE Other Expense Restructuring Expense") -> BO,OE Other Expense Restructuring Expense | R71: 0 | S71: 0 | T71: 0 | U71: 0 | V71: 0 | W71: 0 | X71: 0 | Y71: 0 | Z71: 0 | AA71: 0 | AB71: 0 | AC71: 0 | AD71: =SUM(R71,S71,T71) -> 0 | AE71: =SUM(U71,V71,W71) -> 0 | AF71: =SUM(X71,Y71,Z71) -> 0 | AG71: =SUM(AA71,AB71,AC71) -> 0 | AH71: =AD71+AE71 -> 0 | AI71: =AG71+AF71 -> 0 | AJ71: =AH71+AI71 -> 0 | AL71: =SUM((INDIRECT(AL$2&(ROW())):INDIRECT(AL$3&(ROW())))) -> 0 | AM71: =SUM(INDIRECT(AM$1&AM$2&$C71):INDIRECT(AM$1&AM$3&$C71)) -> 0 | AN71: =AL71-AM71 -> 0 | AO71: =IFERROR(AL71/AM71,0) -> 0 | AP71: =SUM(INDIRECT(AP$1&AP$2&$A71):INDIRECT(AP$1&AP$3&$A71))+SUM(INDIRECT(AP$1&AP$2&$B71):INDIRECT(AP$1&AP$3&$B71)) -> 0 | AQ71: =AL71-AP71 -> 0 | AR71: =IFERROR(AL71/AP71,0) -> 0 | AT71: =SUM((INDIRECT(AT$2&(ROW())):INDIRECT(AT$3&(ROW())))) -> 0 | AU71: =SUM(INDIRECT(AU$1&AU$2&$C71):INDIRECT(AU$1&AU$3&$C71)) -> 0 | AV71: =AT71-AU71 -> 0 | AW71: =IFERROR(AT71/AU71,0) -> 0 | AX71: =SUM(INDIRECT(AX$1&AX$2&$A71):INDIRECT(AX$1&AX$3&$A71))+SUM(INDIRECT(AX$1&AX$2&$B71):INDIRECT(AX$1&AX$3&$B71)) -> 0 | AY71: =AT71-AX71 -> 0 | AZ71: =IFERROR(AT71/AX71,0) -> 0 | BB71: =SUM((INDIRECT(BB$2&(ROW())):INDIRECT(BB$3&(ROW())))) -> 0 | BC71: =SUM(INDIRECT(BC$1&BC$2&$C71):INDIRECT(BC$1&BC$3&$C71)) -> 0 | BD71: =BB71-BC71 -> 0 | BE71: =IFERROR(BB71/BC71,0) -> 0 | BF71: =SUM(INDIRECT(BF$1&BF$2&$A71):INDIRECT(BF$1&BF$3&$A71))+SUM(INDIRECT(BF$1&BF$2&$B71):INDIRECT(BF$1&BF$3&$B71)) -> 0 | BG71: =BB71-BF71 -> 0 | BH71: =IFERROR(BB71/BF71,0) -> 0
A72: =ROW()-3 -> 69 | B72: 1 | C72: =ROW()-3 -> 69 | D72: RF | E72: 1 | J72: Expense for layoff benefit | Q72: =CHOOSE(2, "6722000002991", "BO,OE Other Expense Expense for layoff benefit") -> BO,OE Other Expense Expense for layoff benefit | R72: 0 | S72: 0 | T72: 0 | U72: 0 | V72: 0 | W72: 0 | X72: 0 | Y72: 0 | Z72: 0 | AA72: 0 | AB72: 0 | AC72: 0 | AD72: =SUM(R72,S72,T72) -> 0 | AE72: =SUM(U72,V72,W72) -> 0 | AF72: =SUM(X72,Y72,Z72) -> 0 | AG72: =SUM(AA72,AB72,AC72) -> 0 | AH72: =AD72+AE72 -> 0 | AI72: =AG72+AF72 -> 0 | AJ72: =AH72+AI72 -> 0 | AL72: =SUM((INDIRECT(AL$2&(ROW())):INDIRECT(AL$3&(ROW())))) -> 0 | AM72: =SUM(INDIRECT(AM$1&AM$2&$C72):INDIRECT(AM$1&AM$3&$C72)) -> 0 | AN72: =AL72-AM72 -> 0 | AO72: =IFERROR(AL72/AM72,0) -> 0 | AP72: =SUM(INDIRECT(AP$1&AP$2&$A72):INDIRECT(AP$1&AP$3&$A72))+SUM(INDIRECT(AP$1&AP$2&$B72):INDIRECT(AP$1&AP$3&$B72)) -> 0 | AQ72: =AL72-AP72 -> 0 | AR72: =IFERROR(AL72/AP72,0) -> 0 | AT72: =SUM((INDIRECT(AT$2&(ROW())):INDIRECT(AT$3&(ROW())))) -> 0 | AU72: =SUM(INDIRECT(AU$1&AU$2&$C72):INDIRECT(AU$1&AU$3&$C72)) -> 0 | AV72: =AT72-AU72 -> 0 | AW72: =IFERROR(AT72/AU72,0) -> 0 | AX72: =SUM(INDIRECT(AX$1&AX$2&$A72):INDIRECT(AX$1&AX$3&$A72))+SUM(INDIRECT(AX$1&AX$2&$B72):INDIRECT(AX$1&AX$3&$B72)) -> 0 | AY72: =AT72-AX72 -> 0 | AZ72: =IFERROR(AT72/AX72,0) -> 0 | BB72: =SUM((INDIRECT(BB$2&(ROW())):INDIRECT(BB$3&(ROW())))) -> 0 | BC72: =SUM(INDIRECT(BC$1&BC$2&$C72):INDIRECT(BC$1&BC$3&$C72)) -> 0 | BD72: =BB72-BC72 -> 0 | BE72: =IFERROR(BB72/BC72,0) -> 0 | BF72: =SUM(INDIRECT(BF$1&BF$2&$A72):INDIRECT(BF$1&BF$3&$A72))+SUM(INDIRECT(BF$1&BF$2&$B72):INDIRECT(BF$1&BF$3&$B72)) -> 0 | BG72: =BB72-BF72 -> 0 | BH72: =IFERROR(BB72/BF72,0) -> 0
A73: =ROW()-3 -> 70 | B73: 1 | C73: =ROW()-3 -> 70 | D73: RF | E73: 1 | J73: Other Expense | Q73: =CHOOSE(2, "6722000002992", "BO,OE Other Expense Other Expense") -> BO,OE Other Expense Other Expense | R73: =R68-SUM(R69:R72) -> 0 | S73: =S68-SUM(S69:S72) -> 0 | T73: =T68-SUM(T69:T72) -> 0 | U73: =U68-SUM(U69:U72) -> 0 | V73: =V68-SUM(V69:V72) -> 0 | W73: =W68-SUM(W69:W72) -> 0 | X73: =X68-SUM(X69:X72) -> 0 | Y73: =Y68-SUM(Y69:Y72) -> 0 | ... AJ73: =AJ68-SUM(AJ69:AJ72) -> 0 | AL73: =SUM((INDIRECT(AL$2&(ROW())):INDIRECT(AL$3&(ROW())))) -> 0 | AM73: =SUM(INDIRECT(AM$1&AM$2&$C73):INDIRECT(AM$1&AM$3&$C73)) -> 0 | AN73: =AL73-AM73 -> 0 | AO73: =IFERROR(AL73/AM73,0) -> 0 | AP73: =SUM(INDIRECT(AP$1&AP$2&$A73):INDIRECT(AP$1&AP$3&$A73))+SUM(INDIRECT(AP$1&AP$2&$B73):INDIRECT(AP$1&AP$3&$B73)) -> 0 | AQ73: =AL73-AP73 -> 0 | AR73: =IFERROR(AL73/AP73,0) -> 0 | AT73: =SUM((INDIRECT(AT$2&(ROW())):INDIRECT(AT$3&(ROW())))) -> 0 | AU73: =SUM(INDIRECT(AU$1&AU$2&$C73):INDIRECT(AU$1&AU$3&$C73)) -> 0 | AV73: =AT73-AU73 -> 0 | AW73: =IFERROR(AT73/AU73,0) -> 0 | AX73: =SUM(INDIRECT(AX$1&AX$2&$A73):INDIRECT(AX$1&AX$3&$A73))+SUM(INDIRECT(AX$1&AX$2&$B73):INDIRECT(AX$1&AX$3&$B73)) -> 0 | AY73: =AT73-AX73 -> 0 | AZ73: =IFERROR(AT73/AX73,0) -> 0 | BB73: =SUM((INDIRECT(BB$2&(ROW())):INDIRECT(BB$3&(ROW())))) -> 0 | BC73: =SUM(INDIRECT(BC$1&BC$2&$C73):INDIRECT(BC$1&BC$3&$C73)) -> 0 | BD73: =BB73-BC73 -> 0 | BE73: =IFERROR(BB73/BC73,0) -> 0 | BF73: =SUM(INDIRECT(BF$1&BF$2&$A73):INDIRECT(BF$1&BF$3&$A73))+SUM(INDIRECT(BF$1&BF$2&$B73):INDIRECT(BF$1&BF$3&$B73)) -> -341 | BG73: =BB73-BF73 -> 341 | BH73: =IFERROR(BB73/BF73,0) -> 0
A74: =ROW()-3 -> 71 | B74: 1 | C74: =ROW()-3 -> 71 | D74: RF | E74: 1 | Q74: =CHOOSE(2, "6722000002993", "▷ Blank 5") -> ▷ Blank 5
A75: =ROW()-3 -> 72 | B75: 1 | C75: =ROW()-3 -> 72 | D75: RF | E75: 1 | F75: 2. P/L (2) - Overview by BU | Q75: =CHOOSE(2, "6722000002994", "2. P/L (2) - Overview by BU") -> 2. P/L (2) - Overview by BU
A76: =ROW()-3 -> 73 | B76: 1 | C76: =ROW()-3 -> 73 | D76: RF | E76: 1 | G76: 2-1. P/L Statement by BU | Q76: =CHOOSE(2, "6722000002995", "2-1. P/L Statement by BU") -> 2-1. P/L Statement by BU
A77: =ROW()-3 -> 74 | B77: 1 | C77: =ROW()-3 -> 74 | D77: RF | E77: 1 | H77: (1) Office | Q77: =CHOOSE(2, "6722000002996", "PL (1) Office") -> PL (1) Office
A78: =ROW()-3 -> 75 | B78: 1 | C78: =ROW()-3 -> 75 | D78: RF | E78: New | Q78: =CHOOSE(2, "6722000002997", "▷ Blank 6") -> ▷ Blank 6 | R78: =R13 -> 44652 | S78: =S13 -> 44682 | T78: =T13 -> 44713 | U78: =U13 -> 44743 | V78: =V13 -> 44774 | W78: =W13 -> 44805 | X78: =X13 -> 44835 | Y78: =Y13 -> 44866 | ... AC78: =AC13 -> 44986 | AD78: =AD$13 -> Q1 | AE78: =AE$13 -> Q2 | AF78: =AF$13 -> Q3 | AG78: =AG$13 -> Q4 | AH78: =AH$13 -> 1st H | AI78: =AI$13 -> 2nd H | AJ78: =AJ$13 -> Yr. | AL78: =AL$10 -> 0 | AM78: =AM$10 -> 0 | AN78: =AN$10 -> 0 | AO78: =AO$10 -> 0 | AP78: =AP$10 -> 0 | AQ78: =AQ$10 -> 0 | AR78: =AR$10 -> 0 | AT78: =AT$10 -> 0 | AU78: =AU$10 -> 0 | AV78: =AV$10 -> 0 | AW78: =AW$10 -> 0 | AX78: =AX$10 -> 0 | AY78: =AY$10 -> 0 | AZ78: =AZ$10 -> 0 | BB78: =BB$10 -> 0 | BC78: =BC$10 -> 0 | BD78: =BD$10 -> 0 | BE78: =BE$10 -> 0 | BF78: =BF$10 -> 0 | BG78: =BG$10 -> 0 | BH78: =BH$10 -> 0
A79: 1 | B79: 1 | C79: =ROW()-3 -> 76 | D79: RF | E79: New | I79: Net Sales | Q79: =CHOOSE(2, "6722000002998", "PL Net Sales") -> PL Net Sales | R79: =R102+R143 -> 164198 | S79: =S102+S143 -> 184650 | T79: =T102+T143 -> 198667 | U79: =U102+U143 -> 210290 | V79: =V102+V143 -> 262526.24 | W79: =W102+W143 -> 271607 | X79: =X102+X143 -> 234197 | Y79: =Y102+Y143 -> 255561 | ... AC79: =AC102+AC143 -> 282292 | AD79: =SUM(R79,S79,T79) -> 547515 | AE79: =SUM(U79,V79,W79) -> 744423.24 | AF79: =SUM(X79,Y79,Z79) -> 820197 | AG79: =SUM(AA79,AB79,AC79) -> 789019.37 | AH79: =AD79+AE79 -> 1291938.2 | AI79: =AG79+AF79 -> 1609216.4 | AJ79: =AH79+AI79 -> 2901154.6 | AL79: =AL102+AL143 -> 282292 | AM79: =AM102+AM143 -> 0 | AN79: =AL79-AM79 -> 282292 | AO79: =IFERROR(AL79/AM79,0) -> 0 | AP79: =AP102+AP143 -> 242639 | AQ79: =AL79-AP79 -> 39653 | AR79: =IFERROR(AL79/AP79,0) -> 1.1634239 | AT79: =AT102+AT143 -> 789019.37 | AU79: =AU102+AU143 -> 0 | AV79: =AT79-AU79 -> 789019.37 | AW79: =IFERROR(AT79/AU79,0) -> 0 | AX79: =AX102+AX143 -> 584564 | AY79: =AT79-AX79 -> 204455.37 | AZ79: =IFERROR(AT79/AX79,0) -> 1.349757 | BB79: =BB102+BB143 -> 2901154.6 | BC79: =BC102+BC143 -> 0 | BD79: =BB79-BC79 -> 2901154.6 | BE79: =IFERROR(BB79/BC79,0) -> 0 | BF79: =BF102+BF143 -> 2171354 | BG79: =BB79-BF79 -> 729800.62 | BH79: =IFERROR(BB79/BF79,0) -> 1.3361039
A80: 1 | B80: 1 | C80: =ROW()-3 -> 77 | D80: RF | E80: New | I80: BT Consolidated Sales | Q80: =CHOOSE(2, "6722000002999", "PL BT Cons. Sales") -> PL BT Cons. Sales | R80: =R106+R144 -> 164198 | S80: =S106+S144 -> 184650 | T80: =T106+T144 -> 198667 | U80: =U106+U144 -> 210290 | V80: =V106+V144 -> 262526.24 | W80: =W106+W144 -> 271607 | X80: =X106+X144 -> 234197 | Y80: =Y106+Y144 -> 255561 | ... AC80: =AC106+AC144 -> 282292 | AD80: =SUM(R80,S80,T80) -> 547515 | AE80: =SUM(U80,V80,W80) -> 744423.24 | AF80: =SUM(X80,Y80,Z80) -> 820197 | AG80: =SUM(AA80,AB80,AC80) -> 789019.37 | AH80: =AD80+AE80 -> 1291938.2 | AI80: =AG80+AF80 -> 1609216.4 | AJ80: =AH80+AI80 -> 2901154.6 | AL80: =AL106+AL144 -> 282292 | AM80: =AM106+AM144 -> 0 | AN80: =AL80-AM80 -> 282292 | AO80: =IFERROR(AL80/AM80,0) -> 0 | AP80: =AP106+AP144 -> 242639 | AQ80: =AL80-AP80 -> 39653 | AR80: =IFERROR(AL80/AP80,0) -> 1.1634239 | AT80: =AT106+AT144 -> 789019.37 | AU80: =AU106+AU144 -> 0 | AV80: =AT80-AU80 -> 789019.37 | AW80: =IFERROR(AT80/AU80,0) -> 0 | AX80: =AX106+AX144 -> 584564 | AY80: =AT80-AX80 -> 204455.37 | AZ80: =IFERROR(AT80/AX80,0) -> 1.349757 | BB80: =BB106+BB144 -> 2901154.6 | BC80: =BC106+BC144 -> 0 | BD80: =BB80-BC80 -> 2901154.6 | BE80: =IFERROR(BB80/BC80,0) -> 0 | BF80: =BF106+BF144 -> 2171354 | BG80: =BB80-BF80 -> 729800.62 | BH80: =IFERROR(BB80/BF80,0) -> 1.3361039
A81: 1 | B81: 1 | C81: =ROW()-3 -> 78 | D81: RF | E81: New | I81: Gross Profit | Q81: =CHOOSE(2, "6722000003000", "PL Gross Profit") -> PL Gross Profit | R81: =R123+R145 -> 62999 | S81: =S123+S145 -> 52860 | T81: =T123+T145 -> 69205 | U81: =U123+U145 -> 67825 | V81: =V123+V145 -> 81997.624 | W81: =W123+W145 -> 87385 | X81: =X123+X145 -> 87342 | Y81: =Y123+Y145 -> 86003 | ... AC81: =AC123+AC145 -> 76027 | AD81: =SUM(R81,S81,T81) -> 185064 | AE81: =SUM(U81,V81,W81) -> 237207.62 | AF81: =SUM(X81,Y81,Z81) -> 271180 | AG81: =SUM(AA81,AB81,AC81) -> 227094.86 | AH81: =AD81+AE81 -> 422271.62 | AI81: =AG81+AF81 -> 498274.86 | AJ81: =AH81+AI81 -> 920546.48 | AL81: =AL123+AL145 -> 76027 | AM81: =AM123+AM145 -> 0 | AN81: =AL81-AM81 -> 76027 | AO81: =IFERROR(AL81/AM81,0) -> 0 | AP81: =AP123+AP145 -> 53000 | AQ81: =AL81-AP81 -> 23027 | AR81: =IFERROR(AL81/AP81,0) -> 1.4344717 | AT81: =AT123+AT145 -> 227094.86 | AU81: =AU123+AU145 -> 0 | AV81: =AT81-AU81 -> 227094.86 | AW81: =IFERROR(AT81/AU81,0) -> 0 | AX81: =AX123+AX145 -> 151457 | AY81: =AT81-AX81 -> 75637.857 | AZ81: =IFERROR(AT81/AX81,0) -> 1.4994015 | BB81: =BB123+BB145 -> 920546.48 | BC81: =BC123+BC145 -> 0 | BD81: =BB81-BC81 -> 920546.48 | BE81: =IFERROR(BB81/BC81,0) -> 0 | BF81: =BF123+BF145 -> 720975 | BG81: =BB81-BF81 -> 199571.48 | BH81: =IFERROR(BB81/BF81,0) -> 1.2768078
A82: 1 | B82: 1 | C82: =ROW()-3 -> 79 | D82: RF | E82: New | I82: SGA Expenses | Q82: =CHOOSE(2, "6722000003001", "PL SGA Expenses") -> PL SGA Expenses | R82: =SUM(R83:R85) -> 55371.655 | S82: =SUM(S83:S85) -> 52157.794 | T82: =SUM(T83:T85) -> 58591.578 | U82: =SUM(U83:U85) -> 55458.903 | V82: =SUM(V83:V85) -> 62478.34 | W82: =SUM(W83:W85) -> 54871.736 | X82: =SUM(X83:X85) -> 71558.632 | Y82: =SUM(Y83:Y85) -> 55803.412 | ... AJ82: =SUM(AJ83:AJ85) -> 759058.1 | AL82: =SUM(AL83:AL85) -> 76193.515 | AM82: =SUM(AM83:AM85) -> 0 | AN82: =AL82-AM82 -> 76193.515 | AO82: =IFERROR(AL82/AM82,0) -> 0 | AP82: =SUM(AP83:AP85) -> 65602.666 | AQ82: =AL82-AP82 -> 10590.848 | AR82: =IFERROR(AL82/AP82,0) -> 1.1614393 | AT82: =SUM(AT83:AT85) -> 213694.46 | AU82: =SUM(AU83:AU85) -> 0 | AV82: =AT82-AU82 -> 213694.46 | AW82: =IFERROR(AT82/AU82,0) -> 0 | AX82: =SUM(AX83:AX85) -> 144042.1 | AY82: =AT82-AX82 -> 69652.355 | AZ82: =IFERROR(AT82/AX82,0) -> 1.4835555 | BB82: =SUM(BB83:BB85) -> 759058.1 | BC82: =SUM(BC83:BC85) -> 0 | BD82: =BB82-BC82 -> 759058.1 | BE82: =IFERROR(BB82/BC82,0) -> 0 | BF82: =SUM(BF83:BF85) -> 569856.1 | BG82: =BB82-BF82 -> 189201.99 | BH82: =IFERROR(BB82/BF82,0) -> 1.3320171
A83: 1 | B83: 1 | C83: =ROW()-3 -> 80 | D83: RF | E83: New | J83: Variable Expenses | Q83: =CHOOSE(2, "6722000003002", "PL SGA Expenses Variable Expenses") -> PL SGA Expenses Variable Expenses | R83: =R132+R147 -> 18592.978 | S83: =S132+S147 -> 14058.431 | T83: =T132+T147 -> 15547.273 | U83: =U132+U147 -> 18483.014 | V83: =V132+V147 -> 19971.517 | W83: =W132+W147 -> 25256.466 | X83: =X132+X147 -> 12764.063 | Y83: =Y132+Y147 -> 13148.81 | ... AC83: =AC132+AC147 -> 17353.732 | AD83: =SUM(R83,S83,T83) -> 48198.683 | AE83: =SUM(U83,V83,W83) -> 63710.998 | AF83: =SUM(X83,Y83,Z83) -> 63600.93 | AG83: =SUM(AA83,AB83,AC83) -> 70828.032 | AH83: =AD83+AE83 -> 111909.68 | AI83: =AG83+AF83 -> 134428.96 | AJ83: =AH83+AI83 -> 246338.64 | AL83: =AL132+AL147 -> 17353.732 | AM83: =AM132+AM147 -> 0 | AN83: =AL83-AM83 -> 17353.732 | AO83: =IFERROR(AL83/AM83,0) -> 0 | AP83: =AP132+AP147 -> 14626.874 | AQ83: =AL83-AP83 -> 2726.8587 | AR83: =IFERROR(AL83/AP83,0) -> 1.186428 | AT83: =AT132+AT147 -> 70828.032 | AU83: =AU132+AU147 -> 0 | AV83: =AT83-AU83 -> 70828.032 | AW83: =IFERROR(AT83/AU83,0) -> 0 | AX83: =AX132+AX147 -> 26978.939 | AY83: =AT83-AX83 -> 43849.093 | AZ83: =IFERROR(AT83/AX83,0) -> 2.6253083 | BB83: =BB132+BB147 -> 246338.64 | BC83: =BC132+BC147 -> 0 | BD83: =BB83-BC83 -> 246338.64 | BE83: =IFERROR(BB83/BC83,0) -> 0 | BF83: =BF132+BF147 -> 135175.94 | BG83: =BB83-BF83 -> 111162.7 | BH83: =IFERROR(BB83/BF83,0) -> 1.8223557
A84: 1 | B84: 1 | C84: =ROW()-3 -> 81 | D84: RF | E84: New | J84: Wages & Salaries | Q84: =CHOOSE(2, "6722000003003", "PL SGA Expenses Wages & Salaries") -> PL SGA Expenses Wages & Salaries | R84: =R133+R148 -> 22847 | S84: =S133+S148 -> 22453.866 | T84: =T133+T148 -> 23353.627 | U84: =U133+U148 -> 22175.009 | V84: =V133+V148 -> 22767.418 | W84: =W133+W148 -> 23771.479 | X84: =X133+X148 -> 31546.754 | Y84: =Y133+Y148 -> 25279.657 | ... AC84: =AC133+AC148 -> 22981.893 | AD84: =SUM(R84,S84,T84) -> 68654.493 | AE84: =SUM(U84,V84,W84) -> 68713.906 | AF84: =SUM(X84,Y84,Z84) -> 84098.345 | AG84: =SUM(AA84,AB84,AC84) -> 75511.428 | AH84: =AD84+AE84 -> 137368.4 | AI84: =AG84+AF84 -> 159609.77 | AJ84: =AH84+AI84 -> 296978.17 | AL84: =AL133+AL148 -> 22981.893 | AM84: =AM133+AM148 -> 0 | AN84: =AL84-AM84 -> 22981.893 | AO84: =IFERROR(AL84/AM84,0) -> 0 | AP84: =AP133+AP148 -> 25405.793 | AQ84: =AL84-AP84 -> -2423.9001 | AR84: =IFERROR(AL84/AP84,0) -> 0.90459262 | AT84: =AT133+AT148 -> 75511.428 | AU84: =AU133+AU148 -> 0 | AV84: =AT84-AU84 -> 75511.428 | AW84: =IFERROR(AT84/AU84,0) -> 0 | AX84: =AX133+AX148 -> 76328.782 | AY84: =AT84-AX84 -> -817.35402 | AZ84: =IFERROR(AT84/AX84,0) -> 0.98929167 | BB84: =BB133+BB148 -> 296978.17 | BC84: =BC133+BC148 -> 0 | BD84: =BB84-BC84 -> 296978.17 | BE84: =IFERROR(BB84/BC84,0) -> 0 | BF84: =BF133+BF148 -> 263731.78 | BG84: =BB84-BF84 -> 33246.39 | BH84: =IFERROR(BB84/BF84,0) -> 1.1260614
A85: 1 | B85: 1 | C85: =ROW()-3 -> 82 | D85: RF | E85: New | J85: Fixed Expenses | Q85: =CHOOSE(2, "6722000003004", "PL SGA Expenses Fixed Expenses") -> PL SGA Expenses Fixed Expenses | R85: =R134+R149 -> 13931.676 | S85: =S134+S149 -> 15645.496 | T85: =T134+T149 -> 19690.678 | U85: =U134+U149 -> 14800.879 | V85: =V134+V149 -> 19739.404 | W85: =W134+W149 -> 5843.7909 | X85: =X134+X149 -> 27247.815 | Y85: =Y134+Y149 -> 17374.944 | ... AC85: =AC134+AC149 -> 35857.89 | AD85: =SUM(R85,S85,T85) -> 49267.851 | AE85: =SUM(U85,V85,W85) -> 40384.074 | AF85: =SUM(X85,Y85,Z85) -> 58734.359 | AG85: =SUM(AA85,AB85,AC85) -> 67354.999 | AH85: =AD85+AE85 -> 89651.925 | AI85: =AG85+AF85 -> 126089.36 | AJ85: =AH85+AI85 -> 215741.28 | AL85: =AL134+AL149 -> 35857.89 | AM85: =AM134+AM149 -> 0 | AN85: =AL85-AM85 -> 35857.89 | AO85: =IFERROR(AL85/AM85,0) -> 0 | AP85: =AP134+AP149 -> 25570 | AQ85: =AL85-AP85 -> 10287.89 | AR85: =IFERROR(AL85/AP85,0) -> 1.4023422 | AT85: =AT134+AT149 -> 67354.999 | AU85: =AU134+AU149 -> 0 | AV85: =AT85-AU85 -> 67354.999 | AW85: =IFERROR(AT85/AU85,0) -> 0 | AX85: =AX134+AX149 -> 40734.383 | AY85: =AT85-AX85 -> 26620.616 | AZ85: =IFERROR(AT85/AX85,0) -> 1.6535171 | BB85: =BB134+BB149 -> 215741.28 | BC85: =BC134+BC149 -> 0 | BD85: =BB85-BC85 -> 215741.28 | BE85: =IFERROR(BB85/BC85,0) -> 0 | BF85: =BF134+BF149 -> 170948.38 | BG85: =BB85-BF85 -> 44792.9 | BH85: =IFERROR(BB85/BF85,0) -> 1.2620259
A86: 1 | B86: 1 | C86: =ROW()-3 -> 83 | D86: RF | E86: New | I86: Business Contribution Profit | Q86: =CHOOSE(2, "6722000003005", "PL Business Contribution Profit") -> PL Business Contribution Profit | R86: =R81-R82 -> 7627.3451 | S86: =S81-S82 -> 702.2062 | T86: =T81-T82 -> 10613.422 | U86: =U81-U82 -> 12366.097 | V86: =V81-V82 -> 19519.285 | W86: =W81-W82 -> 32513.264 | X86: =X81-X82 -> 15783.368 | Y86: =Y81-Y82 -> 30199.588 | ... AJ86: =AJ81-AJ82 -> 161488.38 | AL86: =AL81-AL82 -> -166.51454 | AM86: =AM81-AM82 -> 0 | AN86: =AL86-AM86 -> -166.51454 | AO86: =IFERROR(AL86/AM86,0) -> 0 | AP86: =AP81-AP82 -> -12602.666 | AQ86: =AL86-AP86 -> 12436.152 | AR86: =IFERROR(AL86/AP86,0) -> 0.013212644 | AT86: =AT81-AT82 -> 13400.398 | AU86: =AU81-AU82 -> 0 | AV86: =AT86-AU86 -> 13400.398 | AW86: =IFERROR(AT86/AU86,0) -> 0 | AX86: =AX81-AX82 -> 7414.8963 | AY86: =AT86-AX86 -> 5985.5015 | AZ86: =IFERROR(AT86/AX86,0) -> 1.8072266 | BB86: =BB81-BB82 -> 161488.38 | BC86: =BC81-BC82 -> 0 | BD86: =BB86-BC86 -> 161488.38 | BE86: =IFERROR(BB86/BC86,0) -> 0 | BF86: =BF81-BF82 -> 151118.9 | BG86: =BB86-BF86 -> 10369.487 | BH86: =IFERROR(BB86/BF86,0) -> 1.0686181
A87: 1 | B87: 1 | C87: =ROW()-3 -> 84 | D87: RF | E87: New | I87: Other Income | Q87: =CHOOSE(2, "6722000003006", "PL Other Income") -> PL Other Income | R87: =R137 -> 3064 | S87: =S137 -> 116 | T87: =T137 -> 6.466274 | U87: =U137 -> 73 | V87: =V137 -> 135.57005 | W87: =W137 -> 6 | X87: =X137 -> 0 | Y87: =Y137 -> 85 | ... AC87: =AC137 -> 10745 | AD87: =SUM(R87:T87) -> 3186.4663 | AE87: =SUM(U87:W87) -> 214.57005 | AF87: =SUM(X87:Z87) -> 28094.811 | AG87: =SUM(AA87:AC87) -> 12766.862 | AH87: =AD87+AE87 -> 3401.0363 | AI87: =AG87+AF87 -> 40861.673 | AJ87: =AH87+AI87 -> 44262.709 | AL87: =AL137 -> 10745 | AM87: =AM137 -> 0 | AN87: =AL87-AM87 -> 10745 | AO87: =IFERROR(AL87/AM87,0) -> 0 | AP87: =AP137 -> 31178 | AQ87: =AL87-AP87 -> -20433 | AR87: =IFERROR(AL87/AP87,0) -> 0.34463404 | AT87: =AT137 -> 12766.862 | AU87: =AU137 -> 0 | AV87: =AT87-AU87 -> 12766.862 | AW87: =IFERROR(AT87/AU87,0) -> 0 | AX87: =AX137 -> 31302 | AY87: =AT87-AX87 -> -18535.138 | AZ87: =IFERROR(AT87/AX87,0) -> 0.40786091 | BB87: =BB137 -> 44262.709 | BC87: =BC137 -> 0 | BD87: =BB87-BC87 -> 44262.709 | BE87: =IFERROR(BB87/BC87,0) -> 0 | BF87: =BF137 -> 36590 | BG87: =BB87-BF87 -> 7672.7095 | BH87: =IFERROR(BB87/BF87,0) -> 1.2096942
A88: 1 | B88: 1 | C88: =ROW()-3 -> 85 | D88: RF | E88: New | I88: Other Expenses | Q88: =CHOOSE(2, "6722000003007", "PL Other Expenses") -> PL Other Expenses | R88: =R138 -> 0 | S88: =S138 -> 0 | T88: =T138 -> 0 | U88: =U138 -> 0 | V88: =V138 -> 0 | W88: =W138 -> 0 | X88: =X138 -> 0 | Y88: =Y138 -> 0 | ... AC88: =AC138 -> 0 | AD88: =SUM(R88:T88) -> 0 | AE88: =SUM(U88:W88) -> 0 | AF88: =SUM(X88:Z88) -> 0 | AG88: =SUM(AA88:AC88) -> 0 | AH88: =AD88+AE88 -> 0 | AI88: =AG88+AF88 -> 0 | AJ88: =AH88+AI88 -> 0 | AL88: =AL138 -> 0 | AM88: =AM138 -> 0 | AN88: =AL88-AM88 -> 0 | AO88: =IFERROR(AL88/AM88,0) -> 0 | AP88: =AP138 -> 0 | AQ88: =AL88-AP88 -> 0 | AR88: =IFERROR(AL88/AP88,0) -> 0 | AT88: =AT138 -> 0 | AU88: =AU138 -> 0 | AV88: =AT88-AU88 -> 0 | AW88: =IFERROR(AT88/AU88,0) -> 0 | AX88: =AX138 -> 0 | AY88: =AT88-AX88 -> 0 | AZ88: =IFERROR(AT88/AX88,0) -> 0 | BB88: =BB138 -> 0 | BC88: =BC138 -> 0 | BD88: =BB88-BC88 -> 0 | BE88: =IFERROR(BB88/BC88,0) -> 0 | BF88: =BF138 -> 326 | BG88: =BB88-BF88 -> -326 | BH88: =IFERROR(BB88/BF88,0) -> 0
A89: 1 | B89: 1 | C89: =ROW()-3 -> 86 | D89: RF | E89: New | I89: Operating Profit | Q89: =CHOOSE(2, "6722000003008", "PL Operating Profit") -> PL Operating Profit | R89: =R86+R87-R88 -> 10691.345 | S89: =S86+S87-S88 -> 818.2062 | T89: =T86+T87-T88 -> 10619.888 | U89: =U86+U87-U88 -> 12439.097 | V89: =V86+V87-V88 -> 19654.855 | W89: =W86+W87-W88 -> 32519.264 | X89: =X86+X87-X88 -> 15783.368 | Y89: =Y86+Y87-Y88 -> 30284.588 | ... AC89: =AC86+AC87-AC88 -> 10578.485 | AD89: =R89+S89+T89 -> 22129.44 | AE89: =U89+V89+W89 -> 64613.216 | AF89: =X89+Y89+Z89 -> 92841.177 | AG89: =AA89+AB89+AC89 -> 26167.26 | AH89: =AD89+AE89 -> 86742.656 | AI89: =AF89+AG89 -> 119008.44 | AJ89: =AH89+AI89 -> 205751.09 | AL89: =AL86+AL87-AL88 -> 10578.485 | AM89: =AM86+AM87-AM88 -> 0 | AN89: =AL89-AM89 -> 10578.485 | AO89: =IFERROR(AL89/AM89,0) -> 0 | AP89: =AP86+AP87-AP88 -> 18575.334 | AQ89: =AL89-AP89 -> -7996.8483 | AR89: =IFERROR(AL89/AP89,0) -> 0.569491 | AT89: =AT86+AT87-AT88 -> 26167.26 | AU89: =AU86+AU87-AU88 -> 0 | AV89: =AT89-AU89 -> 26167.26 | AW89: =IFERROR(AT89/AU89,0) -> 0 | AX89: =AX86+AX87-AX88 -> 38716.896 | AY89: =AT89-AX89 -> -12549.636 | AZ89: =IFERROR(AT89/AX89,0) -> 0.67586151 | BB89: =BB86+BB87-BB88 -> 205751.09 | BC89: =BC86+BC87-BC88 -> 0 | BD89: =BB89-BC89 -> 205751.09 | BE89: =IFERROR(BB89/BC89,0) -> 0 | BF89: =BF86+BF87-BF88 -> 187382.9 | BG89: =BB89-BF89 -> 18368.197 | BH89: =IFERROR(BB89/BF89,0) -> 1.0980249
A90: 115 | B90: 1 | C90: =ROW()-3 -> 87 | D90: RF | E90: Moved | K90: Cost Allocation Ratio [Allocation to Office] (%) | Q90: =CHOOSE(2, "6722000003009", "PL Operating Profit CAR (%)") -> PL Operating Profit CAR (%) | R90: =R431 -> 0.31133271 | S90: =S431 -> 0.30025091 | T90: =T431 -> 0.31141098 | U90: =U431 -> 0.30879088 | V90: =V431 -> 0.30791781 | W90: =W431 -> 0.30791593 | X90: =X431 -> 0.30791812 | Y90: =Y431 -> 0.3079144 | ... AJ90: =AJ431 -> 0.3267609 | AL90: =AL431 -> 0 | AM90: =AM431 -> 0 | AN90: =AL90-AM90 -> 0 | AP90: =AP431 -> 0 | AQ90: =AL90-AP90 -> 0 | AT90: =AT431 -> 0 | AU90: =AU431 -> 0 | AV90: =AT90-AU90 -> 0 | AX90: =AX431 -> 0 | AY90: =AT90-AX90 -> 0 | BB90: =BB431 -> 0 | BC90: =BC431 -> 0 | BD90: =BB90-BC90 -> 0 | BF90: =BF431 -> 0 | BG90: =BB90-BF90 -> 0
A91: =A90+1 -> 116 | B91: 1 | C91: =ROW()-3 -> 88 | D91: RF | E91: Moved | L91: SG&A: Directly assigned | Q91: =CHOOSE(2, "6722000003010", "PL Operating Profit CAR Directly assigned") -> PL Operating Profit CAR Directly assigned | R91: =SUM(R92:R94) -> 20047.316 | S91: =SUM(S92:S94) -> 27988.396 | T91: =SUM(T92:T94) -> 22673.292 | U91: =SUM(U92:U94) -> 21997.592 | V91: =SUM(V92:V94) -> 28671.985 | W91: =SUM(W92:W94) -> 39348.656 | X91: =SUM(X92:X94) -> 22618.919 | Y91: =SUM(Y92:Y94) -> 20173.85 | ... AC91: =SUM(AC92:AC94) -> 42023.135 | AD91: =SUM(R91,S91,T91) -> 70709.004 | AE91: =SUM(U91,V91,W91) -> 90018.233 | AF91: =SUM(X91,Y91,Z91) -> 87613.517 | AG91: =SUM(AA91,AB91,AC91) -> 108236.86 | AH91: =SUM(AH92:AH94) -> 160727.24 | AI91: =SUM(AI92:AI94) -> 195850.38 | AJ91: =SUM(AJ92:AJ94) -> 356577.62 | AL91: =SUM((INDIRECT(AL$2&(ROW())):INDIRECT(AL$3&(ROW())))) -> 42023.135 | AM91: =SUM(INDIRECT(AM$1&AM$2&$C91):INDIRECT(AM$1&AM$3&$C91)) -> 0 | AN91: =AL91-AM91 -> 42023.135 | AO91: =IFERROR(AL91/AM91,0) -> 0 | AP91: =SUM(INDIRECT(AP$1&AP$2&$A91):INDIRECT(AP$1&AP$3&$A91))+SUM(INDIRECT(AP$1&AP$2&$B91):INDIRECT(AP$1&AP$3&$B91)) -> 21713 | AQ91: =AL91-AP91 -> 20310.135 | AR91: =IFERROR(AL91/AP91,0) -> 1.9353906 | AT91: =SUM((INDIRECT(AT$2&(ROW())):INDIRECT(AT$3&(ROW())))) -> 108236.86 | AU91: =SUM(INDIRECT(AU$1&AU$2&$C91):INDIRECT(AU$1&AU$3&$C91)) -> 0 | AV91: =AT91-AU91 -> 108236.86 | AW91: =IFERROR(AT91/AU91,0) -> 0 | AX91: =SUM(INDIRECT(AX$1&AX$2&$A91):INDIRECT(AX$1&AX$3&$A91))+SUM(INDIRECT(AX$1&AX$2&$B91):INDIRECT(AX$1&AX$3&$B91)) -> 66307 | AY91: =AT91-AX91 -> 41929.865 | AZ91: =IFERROR(AT91/AX91,0) -> 1.6323596 | BB91: =SUM((INDIRECT(BB$2&(ROW())):INDIRECT(BB$3&(ROW())))) -> 356577.62 | BC91: =SUM(INDIRECT(BC$1&BC$2&$C91):INDIRECT(BC$1&BC$3&$C91)) -> 0 | BD91: =BB91-BC91 -> 356577.62 | BE91: =IFERROR(BB91/BC91,0) -> 0 | BF91: =SUM(INDIRECT(BF$1&BF$2&$A91):INDIRECT(BF$1&BF$3&$A91))+SUM(INDIRECT(BF$1&BF$2&$B91):INDIRECT(BF$1&BF$3&$B91)) -> 244076 | BG91: =BB91-BF91 -> 112501.62 | BH91: =IFERROR(BB91/BF91,0) -> 1.4609286
A92: =A91+1 -> 117 | B92: 1 | C92: =ROW()-3 -> 89 | D92: RF | E92: Moved | M92: Variable Expenses | Q92: =CHOOSE(2, "6722000003011", "PL Operating Profit CAR Directly assigned Variable Expenses") -> PL Operating Profit CAR Directly assigned Variable Expenses | R92: 1286.5372 | S92: 7132.1638 | T92: 3082.4276 | U92: 2088.8784 | V92: 7181.6346 | W92: 19572.962 | X92: 1181.1244 | Y92: 943 | Z92: 22242.989 | AA92: 388.70109 | AB92: 20351.159 | AC92: 19648.783 | AD92: =SUM(R92,S92,T92) -> 11501.129 | AE92: =SUM(U92,V92,W92) -> 28843.475 | AF92: =SUM(X92,Y92,Z92) -> 24367.113 | AG92: =SUM(AA92,AB92,AC92) -> 40388.643 | AH92: =AD92+AE92 -> 40344.604 | AI92: =AG92+AF92 -> 64755.757 | AJ92: =AH92+AI92 -> 105100.36 | AL92: =SUM((INDIRECT(AL$2&(ROW())):INDIRECT(AL$3&(ROW())))) -> 19648.783 | AM92: =SUM(INDIRECT(AM$1&AM$2&$C92):INDIRECT(AM$1&AM$3&$C92)) -> 0 | AN92: =AL92-AM92 -> 19648.783 | AO92: =IFERROR(AL92/AM92,0) -> 0 | AP92: =SUM(INDIRECT(AP$1&AP$2&$A92):INDIRECT(AP$1&AP$3&$A92))+SUM(INDIRECT(AP$1&AP$2&$B92):INDIRECT(AP$1&AP$3&$B92)) -> 4277 | AQ92: =AL92-AP92 -> 15371.783 | AR92: =IFERROR(AL92/AP92,0) -> 4.5940574 | AT92: =SUM((INDIRECT(AT$2&(ROW())):INDIRECT(AT$3&(ROW())))) -> 40388.643 | AU92: =SUM(INDIRECT(AU$1&AU$2&$C92):INDIRECT(AU$1&AU$3&$C92)) -> 0 | AV92: =AT92-AU92 -> 40388.643 | AW92: =IFERROR(AT92/AU92,0) -> 0 | AX92: =SUM(INDIRECT(AX$1&AX$2&$A92):INDIRECT(AX$1&AX$3&$A92))+SUM(INDIRECT(AX$1&AX$2&$B92):INDIRECT(AX$1&AX$3&$B92)) -> 4018 | AY92: =AT92-AX92 -> 36370.643 | AZ92: =IFERROR(AT92/AX92,0) -> 10.051927 | BB92: =SUM((INDIRECT(BB$2&(ROW())):INDIRECT(BB$3&(ROW())))) -> 105100.36 | BC92: =SUM(INDIRECT(BC$1&BC$2&$C92):INDIRECT(BC$1&BC$3&$C92)) -> 0 | BD92: =BB92-BC92 -> 105100.36 | BE92: =IFERROR(BB92/BC92,0) -> 0 | BF92: =SUM(INDIRECT(BF$1&BF$2&$A92):INDIRECT(BF$1&BF$3&$A92))+SUM(INDIRECT(BF$1&BF$2&$B92):INDIRECT(BF$1&BF$3&$B92)) -> 25980 | BG92: =BB92-BF92 -> 79120.361 | BH92: =IFERROR(BB92/BF92,0) -> 4.0454334
A93: =A92+1 -> 118 | B93: 1 | C93: =ROW()-3 -> 90 | D93: RF | E93: Moved | M93: Wages & Salaries | Q93: =CHOOSE(2, "6722000003012", "PL Operating Profit CAR Directly assigned Wages & Salaries") -> PL Operating Profit CAR Directly assigned Wages & Salaries | R93: 14878 | S93: 15388.954 | T93: 14889.791 | U93: 14934.107 | V93: 14350.78 | W93: 14794.796 | X93: 13586.958 | Y93: 13910 | Z93: 18331.457 | AA93: 13867.597 | AB93: 20121.991 | AC93: 15860.54 | AD93: =SUM(R93,S93,T93) -> 45156.746 | AE93: =SUM(U93,V93,W93) -> 44079.683 | AF93: =SUM(X93,Y93,Z93) -> 45828.415 | AG93: =SUM(AA93,AB93,AC93) -> 49850.128 | AH93: =AD93+AE93 -> 89236.429 | AI93: =AG93+AF93 -> 95678.544 | AJ93: =AH93+AI93 -> 184914.97 | AL93: =SUM((INDIRECT(AL$2&(ROW())):INDIRECT(AL$3&(ROW())))) -> 15860.54 | AM93: =SUM(INDIRECT(AM$1&AM$2&$C93):INDIRECT(AM$1&AM$3&$C93)) -> 0 | AN93: =AL93-AM93 -> 15860.54 | AO93: =IFERROR(AL93/AM93,0) -> 0 | AP93: =SUM(INDIRECT(AP$1&AP$2&$A93):INDIRECT(AP$1&AP$3&$A93))+SUM(INDIRECT(AP$1&AP$2&$B93):INDIRECT(AP$1&AP$3&$B93)) -> 13236 | AQ93: =AL93-AP93 -> 2624.54 | AR93: =IFERROR(AL93/AP93,0) -> 1.198288 | AT93: =SUM((INDIRECT(AT$2&(ROW())):INDIRECT(AT$3&(ROW())))) -> 49850.128 | AU93: =SUM(INDIRECT(AU$1&AU$2&$C93):INDIRECT(AU$1&AU$3&$C93)) -> 0 | AV93: =AT93-AU93 -> 49850.128 | AW93: =IFERROR(AT93/AU93,0) -> 0 | AX93: =SUM(INDIRECT(AX$1&AX$2&$A93):INDIRECT(AX$1&AX$3&$A93))+SUM(INDIRECT(AX$1&AX$2&$B93):INDIRECT(AX$1&AX$3&$B93)) -> 49972 | AY93: =AT93-AX93 -> -121.8716 | AZ93: =IFERROR(AT93/AX93,0) -> 0.9975612 | BB93: =SUM((INDIRECT(BB$2&(ROW())):INDIRECT(BB$3&(ROW())))) -> 184914.97 | BC93: =SUM(INDIRECT(BC$1&BC$2&$C93):INDIRECT(BC$1&BC$3&$C93)) -> 0 | BD93: =BB93-BC93 -> 184914.97 | BE93: =IFERROR(BB93/BC93,0) -> 0 | BF93: =SUM(INDIRECT(BF$1&BF$2&$A93):INDIRECT(BF$1&BF$3&$A93))+SUM(INDIRECT(BF$1&BF$2&$B93):INDIRECT(BF$1&BF$3&$B93)) -> 181779 | BG93: =BB93-BF93 -> 3135.9725 | BH93: =IFERROR(BB93/BF93,0) -> 1.0172516
A94: =A93+1 -> 119 | B94: 1 | C94: =ROW()-3 -> 91 | D94: RF | E94: Moved | M94: Fixed Expenses | Q94: =CHOOSE(2, "6722000003013", "PL Operating Profit CAR Directly assigned Fixed Expenses") -> PL Operating Profit CAR Directly assigned Fixed Expenses | R94: 3882.7787 | S94: 5467.2785 | T94: 4701.0729 | U94: 4974.6062 | V94: 7139.5705 | W94: 4980.8975 | X94: 7850.8362 | Y94: 5320.8503 | Z94: 4246.3022 | AA94: 5507.0368 | AB94: 5977.2442 | AC94: 6513.8121 | AD94: =SUM(R94,S94,T94) -> 14051.13 | AE94: =SUM(U94,V94,W94) -> 17095.074 | AF94: =SUM(X94,Y94,Z94) -> 17417.989 | AG94: =SUM(AA94,AB94,AC94) -> 17998.093 | AH94: =AD94+AE94 -> 31146.204 | AI94: =AG94+AF94 -> 35416.082 | AJ94: =AH94+AI94 -> 66562.286 | AL94: =SUM((INDIRECT(AL$2&(ROW())):INDIRECT(AL$3&(ROW())))) -> 6513.8121 | AM94: =SUM(INDIRECT(AM$1&AM$2&$C94):INDIRECT(AM$1&AM$3&$C94)) -> 0 | AN94: =AL94-AM94 -> 6513.8121 | AO94: =IFERROR(AL94/AM94,0) -> 0 | AP94: =SUM(INDIRECT(AP$1&AP$2&$A94):INDIRECT(AP$1&AP$3&$A94))+SUM(INDIRECT(AP$1&AP$2&$B94):INDIRECT(AP$1&AP$3&$B94)) -> 4200 | AQ94: =AL94-AP94 -> 2313.8121 | AR94: =IFERROR(AL94/AP94,0) -> 1.5509076 | AT94: =SUM((INDIRECT(AT$2&(ROW())):INDIRECT(AT$3&(ROW())))) -> 17998.093 | AU94: =SUM(INDIRECT(AU$1&AU$2&$C94):INDIRECT(AU$1&AU$3&$C94)) -> 0 | AV94: =AT94-AU94 -> 17998.093 | AW94: =IFERROR(AT94/AU94,0) -> 0 | AX94: =SUM(INDIRECT(AX$1&AX$2&$A94):INDIRECT(AX$1&AX$3&$A94))+SUM(INDIRECT(AX$1&AX$2&$B94):INDIRECT(AX$1&AX$3&$B94)) -> 12317 | AY94: =AT94-AX94 -> 5681.0931 | AZ94: =IFERROR(AT94/AX94,0) -> 1.46124 | BB94: =SUM((INDIRECT(BB$2&(ROW())):INDIRECT(BB$3&(ROW())))) -> 66562.286 | BC94: =SUM(INDIRECT(BC$1&BC$2&$C94):INDIRECT(BC$1&BC$3&$C94)) -> 0 | BD94: =BB94-BC94 -> 66562.286 | BE94: =IFERROR(BB94/BC94,0) -> 0 | BF94: =SUM(INDIRECT(BF$1&BF$2&$A94):INDIRECT(BF$1&BF$3&$A94))+SUM(INDIRECT(BF$1&BF$2&$B94):INDIRECT(BF$1&BF$3&$B94)) -> 36317 | BG94: =BB94-BF94 -> 30245.286 | BH94: =IFERROR(BB94/BF94,0) -> 1.8328135
A95: =A94+1 -> 120 | B95: 1 | C95: =ROW()-3 -> 92 | D95: RF | E95: Moved | L95: SG&A: Allocation | Q95: =CHOOSE(2, "6722000003014", "PL Operating Profit CAR Allocation") -> PL Operating Profit CAR Allocation | R95: =SUM(R97:R99) -> 35324.339 | S95: =SUM(S97:S99) -> 23077.385 | T95: =SUM(T97:T99) -> 35151.802 | U95: =SUM(U97:U99) -> 32733.162 | V95: =SUM(V97:V99) -> 32694.738 | W95: =SUM(W97:W99) -> 14784.91 | X95: =SUM(X97:X99) -> 47834.576 | Y95: =SUM(Y97:Y99) -> 34854.315 | ... AC95: =SUM(AC97:AC99) -> 33395.909 | AD95: =SUM(R95,S95,T95) -> 93553.526 | AE95: =SUM(U95,V95,W95) -> 80212.81 | AF95: =SUM(X95,Y95,Z95) -> 115988.37 | AG95: =SUM(AA95,AB95,AC95) -> 101877.4 | AH95: =SUM(AH97:AH99) -> 173766.34 | AI95: =SUM(AI97:AI99) -> 217865.77 | AJ95: =SUM(AJ97:AJ99) -> 391632.11 | AL95: =SUM((INDIRECT(AL$2&(ROW())):INDIRECT(AL$3&(ROW())))) -> 33395.909 | AM95: =SUM(INDIRECT(AM$1&AM$2&$C95):INDIRECT(AM$1&AM$3&$C95)) -> 0 | AN95: =AL95-AM95 -> 33395.909 | AO95: =IFERROR(AL95/AM95,0) -> 0 | AP95: =SUM(INDIRECT(AP$1&AP$2&$A95):INDIRECT(AP$1&AP$3&$A95))+SUM(INDIRECT(AP$1&AP$2&$B95):INDIRECT(AP$1&AP$3&$B95)) -> 43889.666 | AQ95: =AL95-AP95 -> -10493.757 | AR95: =IFERROR(AL95/AP95,0) -> 0.76090597 | AT95: =SUM((INDIRECT(AT$2&(ROW())):INDIRECT(AT$3&(ROW())))) -> 101877.4 | AU95: =SUM(INDIRECT(AU$1&AU$2&$C95):INDIRECT(AU$1&AU$3&$C95)) -> 0 | AV95: =AT95-AU95 -> 101877.4 | AW95: =IFERROR(AT95/AU95,0) -> 0 | AX95: =SUM(INDIRECT(AX$1&AX$2&$A95):INDIRECT(AX$1&AX$3&$A95))+SUM(INDIRECT(AX$1&AX$2&$B95):INDIRECT(AX$1&AX$3&$B95)) -> 77735.104 | AY95: =AT95-AX95 -> 24142.295 | AZ95: =IFERROR(AT95/AX95,0) -> 1.3105713 | BB95: =SUM((INDIRECT(BB$2&(ROW())):INDIRECT(BB$3&(ROW())))) -> 391632.11 | BC95: =SUM(INDIRECT(BC$1&BC$2&$C95):INDIRECT(BC$1&BC$3&$C95)) -> 0 | BD95: =BB95-BC95 -> 391632.11 | BE95: =IFERROR(BB95/BC95,0) -> 0 | BF95: =SUM(INDIRECT(BF$1&BF$2&$A95):INDIRECT(BF$1&BF$3&$A95))+SUM(INDIRECT(BF$1&BF$2&$B95):INDIRECT(BF$1&BF$3&$B95)) -> 325780.1 | BG95: =BB95-BF95 -> 65852.003 | BH95: =IFERROR(BB95/BF95,0) -> 1.2021364
A96: =A95+1 -> 121 | B96: 1 | C96: =ROW()-3 -> 93 | D96: RF | E96: Moved | M96: Allocation cost in total SGA (%) | Q96: =CHOOSE(2, "6722000003015", "PL Operating Profit CAR Allocation SGA (%)") -> PL Operating Profit CAR Allocation SGA (%) | R96: =IFERROR(R95/R82,0) -> 0.63794985 | S96: =IFERROR(S95/S131,0) -> 0.45191485 | T96: =IFERROR(T95/T131,0) -> 0.60789874 | U96: =IFERROR(U95/U131,0) -> 0.59807622 | V96: =IFERROR(V95/V131,0) -> 0.53277633 | W96: =IFERROR(W95/W131,0) -> 0.27311909 | X96: =IFERROR(X95/X131,0) -> 0.67895249 | Y96: =IFERROR(Y95/Y131,0) -> 0.63339046 | Z96: =IFERROR(Z95/Z131,0) -> 0.42625938 | ... AJ96: =IFERROR(AJ95/AJ131,0) -> 0.52419553 | AL96: =IFERROR(AL95/AL131,0) -> 0.44280472 | AM96: =IFERROR(AM95/AM131,0) -> 0 | AN96: =AL96-AM96 -> 0.44280472 | AP96: =IFERROR(AP95/AP131,0) -> 0.6690226 | AQ96: =IFERROR(AQ95/AQ127,0) -> 0 | AT96: =IFERROR(AT95/AT131,0) -> 0.48486665 | AU96: =IFERROR(AU95/AU131,0) -> 0 | AV96: =AT96-AU96 -> 0.48486665 | AX96: =IFERROR(AX95/AX131,0) -> 0.53966932 | AY96: =IFERROR(AY95/AY127,0) -> 0 | BB96: =IFERROR(BB95/BB131,0) -> 0.52419553 | BC96: =IFERROR(BC95/BC131,0) -> 0 | BD96: =BB96-BC96 -> 0.52419553 | BF96: =IFERROR(BF95/BF131,0) -> 0.57168836 | BG96: =IFERROR(BG95/BG127,0) -> 0
A97: =A96+1 -> 122 | B97: 1 | C97: =ROW()-3 -> 94 | D97: RF | E97: Moved | M97: Variable Expenses | Q97: =CHOOSE(2, "6722000003016", "PL Operating Profit CAR Allocation Variable Expenses") -> PL Operating Profit CAR Allocation Variable Expenses | R97: =R83-R92 -> 17306.441 | S97: =S132-S92 -> 6849.2675 | T97: =T132-T92 -> 12307.361 | U97: =U132-U92 -> 16274.988 | V97: =V132-V92 -> 12287.266 | W97: =W132-W92 -> 5554.3338 | X97: =X132-X92 -> 11086.801 | Y97: =Y132-Y92 -> 12039.564 | Z97: =Z132-Z92 -> 15102.706 | ... AC97: =AC132-AC92 -> -2460.521 | AD97: =SUM(R97,S97,T97) -> 36463.07 | AE97: =SUM(U97,V97,W97) -> 34116.588 | AF97: =SUM(X97,Y97,Z97) -> 38229.071 | AG97: =SUM(AA97,AB97,AC97) -> 28686.194 | AH97: =AD97+AE97 -> 70579.657 | AI97: =AG97+AF97 -> 66915.266 | AJ97: =AH97+AI97 -> 137494.92 | AL97: =SUM((INDIRECT(AL$2&(ROW())):INDIRECT(AL$3&(ROW())))) -> -2460.521 | AM97: =SUM(INDIRECT(AM$1&AM$2&$C97):INDIRECT(AM$1&AM$3&$C97)) -> 0 | AN97: =AL97-AM97 -> -2460.521 | AO97: =IFERROR(AL97/AM97,0) -> 0 | AP97: =SUM(INDIRECT(AP$1&AP$2&$A97):INDIRECT(AP$1&AP$3&$A97))+SUM(INDIRECT(AP$1&AP$2&$B97):INDIRECT(AP$1&AP$3&$B97)) -> 10349.874 | AQ97: =AL97-AP97 -> -12810.395 | AR97: =IFERROR(AL97/AP97,0) -> -0.2377344 | AT97: =SUM((INDIRECT(AT$2&(ROW())):INDIRECT(AT$3&(ROW())))) -> 28686.194 | AU97: =SUM(INDIRECT(AU$1&AU$2&$C97):INDIRECT(AU$1&AU$3&$C97)) -> 0 | AV97: =AT97-AU97 -> 28686.194 | AW97: =IFERROR(AT97/AU97,0) -> 0 | AX97: =SUM(INDIRECT(AX$1&AX$2&$A97):INDIRECT(AX$1&AX$3&$A97))+SUM(INDIRECT(AX$1&AX$2&$B97):INDIRECT(AX$1&AX$3&$B97)) -> 22960.939 | AY97: =AT97-AX97 -> 5725.2551 | AZ97: =IFERROR(AT97/AX97,0) -> 1.2493476 | BB97: =SUM((INDIRECT(BB$2&(ROW())):INDIRECT(BB$3&(ROW())))) -> 137494.92 | BC97: =SUM(INDIRECT(BC$1&BC$2&$C97):INDIRECT(BC$1&BC$3&$C97)) -> 0 | BD97: =BB97-BC97 -> 137494.92 | BE97: =IFERROR(BB97/BC97,0) -> 0 | BF97: =SUM(INDIRECT(BF$1&BF$2&$A97):INDIRECT(BF$1&BF$3&$A97))+SUM(INDIRECT(BF$1&BF$2&$B97):INDIRECT(BF$1&BF$3&$B97)) -> 109195.94 | BG97: =BB97-BF97 -> 28298.984 | BH97: =IFERROR(BB97/BF97,0) -> 1.2591578
A98: =A97+1 -> 123 | B98: 1 | C98: =ROW()-3 -> 95 | D98: RF | E98: Moved | M98: Wages & Salaries | Q98: =CHOOSE(2, "6722000003017", "PL Operating Profit CAR Allocation Wages & Salaries") -> PL Operating Profit CAR Allocation Wages & Salaries | R98: =R84-R93 -> 7969 | S98: =S133-S93 -> 6178.9122 | T98: =T133-T93 -> 7854.8356 | U98: =U133-U93 -> 6631.9017 | V98: =V133-V93 -> 7807.6379 | W98: =W133-W93 -> 8367.683 | X98: =X133-X93 -> 17350.796 | Y98: =Y133-Y93 -> 10760.657 | Z98: =Z133-Z93 -> 8331.4763 | ... AC98: =AC133-AC93 -> 6512.3526 | AD98: =SUM(R98,S98,T98) -> 22002.748 | AE98: =SUM(U98,V98,W98) -> 22807.223 | AF98: =SUM(X98,Y98,Z98) -> 36442.929 | AG98: =SUM(AA98,AB98,AC98) -> 23834.299 | AH98: =AD98+AE98 -> 44809.97 | AI98: =AG98+AF98 -> 60277.229 | AJ98: =AH98+AI98 -> 105087.2 | AL98: =SUM((INDIRECT(AL$2&(ROW())):INDIRECT(AL$3&(ROW())))) -> 6512.3526 | AM98: =SUM(INDIRECT(AM$1&AM$2&$C98):INDIRECT(AM$1&AM$3&$C98)) -> 0 | AN98: =AL98-AM98 -> 6512.3526 | AO98: =IFERROR(AL98/AM98,0) -> 0 | AP98: =SUM(INDIRECT(AP$1&AP$2&$A98):INDIRECT(AP$1&AP$3&$A98))+SUM(INDIRECT(AP$1&AP$2&$B98):INDIRECT(AP$1&AP$3&$B98)) -> 12169.793 | AQ98: =AL98-AP98 -> -5657.4401 | AR98: =IFERROR(AL98/AP98,0) -> 0.53512437 | AT98: =SUM((INDIRECT(AT$2&(ROW())):INDIRECT(AT$3&(ROW())))) -> 23834.299 | AU98: =SUM(INDIRECT(AU$1&AU$2&$C98):INDIRECT(AU$1&AU$3&$C98)) -> 0 | AV98: =AT98-AU98 -> 23834.299 | AW98: =IFERROR(AT98/AU98,0) -> 0 | AX98: =SUM(INDIRECT(AX$1&AX$2&$A98):INDIRECT(AX$1&AX$3&$A98))+SUM(INDIRECT(AX$1&AX$2&$B98):INDIRECT(AX$1&AX$3&$B98)) -> 26356.782 | AY98: =AT98-AX98 -> -2522.4824 | AZ98: =IFERROR(AT98/AX98,0) -> 0.90429475 | BB98: =SUM((INDIRECT(BB$2&(ROW())):INDIRECT(BB$3&(ROW())))) -> 105087.2 | BC98: =SUM(INDIRECT(BC$1&BC$2&$C98):INDIRECT(BC$1&BC$3&$C98)) -> 0 | BD98: =BB98-BC98 -> 105087.2 | BE98: =IFERROR(BB98/BC98,0) -> 0 | BF98: =SUM(INDIRECT(BF$1&BF$2&$A98):INDIRECT(BF$1&BF$3&$A98))+SUM(INDIRECT(BF$1&BF$2&$B98):INDIRECT(BF$1&BF$3&$B98)) -> 81952.782 | BG98: =BB98-BF98 -> 23134.417 | BH98: =IFERROR(BB98/BF98,0) -> 1.2822896
A99: =A98+1 -> 124 | B99: 1 | C99: =ROW()-3 -> 96 | D99: RF | E99: Moved | M99: Fixed Expenses | Q99: =CHOOSE(2, "6722000003018", "PL Operating Profit CAR Allocation Fixed Expenses") -> PL Operating Profit CAR Allocation Fixed Expenses | R99: =R85-R94 -> 10048.898 | S99: =S134-S94 -> 10049.206 | T99: =T134-T94 -> 14989.605 | U99: =U134-U94 -> 9826.2731 | V99: =V134-V94 -> 12599.834 | W99: =W134-W94 -> 862.89345 | X99: =X134-X94 -> 19396.978 | Y99: =Y134-Y94 -> 12054.094 | Z99: =Z134-Z94 -> 9865.2978 | ... AC99: =AC134-AC94 -> 29344.078 | AD99: =SUM(R99,S99,T99) -> 35087.708 | AE99: =SUM(U99,V99,W99) -> 23289 | AF99: =SUM(X99,Y99,Z99) -> 41316.37 | AG99: =SUM(AA99,AB99,AC99) -> 49356.906 | AH99: =AD99+AE99 -> 58376.709 | AI99: =AG99+AF99 -> 90673.276 | AJ99: =AH99+AI99 -> 149049.98 | AL99: =SUM((INDIRECT(AL$2&(ROW())):INDIRECT(AL$3&(ROW())))) -> 29344.078 | AM99: =SUM(INDIRECT(AM$1&AM$2&$C99):INDIRECT(AM$1&AM$3&$C99)) -> 0 | AN99: =AL99-AM99 -> 29344.078 | AO99: =IFERROR(AL99/AM99,0) -> 0 | AP99: =SUM(INDIRECT(AP$1&AP$2&$A99):INDIRECT(AP$1&AP$3&$A99))+SUM(INDIRECT(AP$1&AP$2&$B99):INDIRECT(AP$1&AP$3&$B99)) -> 21370 | AQ99: =AL99-AP99 -> 7974.0775 | AR99: =IFERROR(AL99/AP99,0) -> 1.3731435 | AT99: =SUM((INDIRECT(AT$2&(ROW())):INDIRECT(AT$3&(ROW())))) -> 49356.906 | AU99: =SUM(INDIRECT(AU$1&AU$2&$C99):INDIRECT(AU$1&AU$3&$C99)) -> 0 | AV99: =AT99-AU99 -> 49356.906 | AW99: =IFERROR(AT99/AU99,0) -> 0 | AX99: =SUM(INDIRECT(AX$1&AX$2&$A99):INDIRECT(AX$1&AX$3&$A99))+SUM(INDIRECT(AX$1&AX$2&$B99):INDIRECT(AX$1&AX$3&$B99)) -> 28417.383 | AY99: =AT99-AX99 -> 20939.523 | AZ99: =IFERROR(AT99/AX99,0) -> 1.7368561 | BB99: =SUM((INDIRECT(BB$2&(ROW())):INDIRECT(BB$3&(ROW())))) -> 149049.98 | BC99: =SUM(INDIRECT(BC$1&BC$2&$C99):INDIRECT(BC$1&BC$3&$C99)) -> 0 | BD99: =BB99-BC99 -> 149049.98 | BE99: =IFERROR(BB99/BC99,0) -> 0 | BF99: =SUM(INDIRECT(BF$1&BF$2&$A99):INDIRECT(BF$1&BF$3&$A99))+SUM(INDIRECT(BF$1&BF$2&$B99):INDIRECT(BF$1&BF$3&$B99)) -> 134631.38 | BG99: =BB99-BF99 -> 14418.602 | BH99: =IFERROR(BB99/BF99,0) -> 1.1070969
A100: 1 | B100: 1 | C100: =ROW()-3 -> 97 | D100: RF | E100: 1 | Q100: =CHOOSE(2, "6722000003019", "▷ Blank 7") -> ▷ Blank 7
...

Sheet Definition
A1: FY22 new topic
A3: ★ | B3: 1. DW-DX changes in service line
C4: Separate BPS and WPH #3. Add new DevOps themes in each category.
C6: Underlined | E6: : Changed name
C7: Blue text | E7: : Changed
C8: Red text | E8: : Newly added
B9: FY21 | F9: FY22
B10: IMS | F10: IMS
B11: MCS | F11: MCS
B12: BPS / WPH #3 | F12: BPS
F13: ICW-WK - Japanese Gov't DX business, - KMJ: Digital Marketing & Office design, - BUS: HC IT, FORXAI Secure Access) + DevOps*
B14: WPH #1 | F14: ICW-IT (WPH, BNDK, DevOps*)
B15: N/A | F15: ICW-P (New DevOps*)
B16: Office Solution | F16: Office Solution
F17: * DevOps : Please see below for details which DevOps theme will be categorized in which service line
A19: ★ | B19: 2. Two categories will be added in DW-DX (ITS/ICW)
A30: ★ | B30: 3. Investment input level change: By BU -> By Segment (BT or Others)
A36: ★ | B36: Skip
B37: "Preconditions" sheet, | F37: Improvement amount of service cost by Shift-Left
B38: "FP,CF" sheet, | F38: 2-5. Property, Plant and Equipment
F39: 2-6. Intangible Assets
A41: Classification
C42: (1)-1 Office: Excluding "Office Solution"
D43: Hard | F43: Office A3 | G43: Classified by item code (by products)
F44: Office A4
D45: Non-hard | F45: Copy Click (Kit) | G45: Click business for Office products classified by item code or allocated for Office(A3/A4). Minimum commitment and over volume included. (KMJ: Kit contract included)
F46: Non Contract | G46: Non-Contract service for Office products classified by item code. Including Office products installation fees (Including contracted MIFs)
D47: KMI | G47: Purchased from KMI
D48: 3rd Party | G48: Purchased from Other Vendors
D49: Others | G49: KMJ's special products only.
C50: (1)-2 "Office Solution" only
A51: Chgd | D51: Office Solution | G51: "Office Solutions" to include: "Software" (both On-Prem & Cloud), related "Hardware" peripheral devices, and related "Services" to be sold with/for MFP to add values to MFP. They are for example (but not limited to): <SOFTWARE> Print Management Solutions & licenses such as Dispatcher Paragon, Paragon Cloud and other 3rd party solutions, Scan/Capture Solutions such as Dispatcher Phoenix/Suite and other 3rd party solutions, and also MFP Security Management Solutions such as buzhub Secure, ShieldGuard etc. <HARDWARE> ID Card Authentication devices, edge devices for Paragon Cloud etc. <SERVICES> Professional Services chargebale for consutation and deployment related to those applicable "Office Solutions" and for/through OPS services. These are only key own branded/IP examples and other local/regional relevant solutions & services to be also included here. MFPに付加価値を与える一連のソフトウェア(オンプレ・クラウド)・周辺ハードウェア・関連サービス売上。例えば、Dispatcher Paragon/Paragon Cloudを代表とする印刷管理ソリューション、MFPと連携するScanソリューション、MFPセキュリティ管理機能を提供するbizhub SecureやShieldGuard他。周辺ハードウェアについては印刷管理ソリューションと連携するIDカード認証装置やParagon Cloud用エッジデバイス他。関連サービスについては上記各種関連ソリューションに関連して発生するコンサルテーションや導入費用他、OPSコンサルテーション含む。
C52: (2) PP
D53: Hard | F53: Office A3 | G53: Classified by items code (by products)
F54: Office A4
D55: Hard | F55: Other | G55: KIP,EPSON,WF
D56: Non-hard | F56: Copy Click (Kit) | G56: Click business for Office products classified by item code or allocated for Office(A3/A4). Minimum commitment and over volume included. (KMJ: Kit contract included)
F57: Non Contract | G57: Non-Contract service for Office products classified by item code. Including Office products installation fees (Including contracted MIFs)
D58: KMI | G58: Purchased from KMI
D59: 3rd Party | G59: Purchased from Other Vendors
D60: Others | G60: KMJ's special products only.
D61: Solution | G61: Application S/W, Application S/W related H/W, S/W Licensees related to PP
G62: Color Management/Variable Data Printing/Print Automation/Make Ready/Web to print
G63: EX)Color Care, Page Pro NDPS, Print Shop
C64: (3) IP
D65: KM-1/KM-1e | G65: KM-1/KM-1e related businesses
D66: Label Printer | G66: Label Printer related businesses
D67: MGI | G67: MGI related businesses (Meteor/iFoil/Corona/Alphajet and others)
D68: EFI/LF | G68: EFI VUTEk
D69: Textile Printer | G69: IJ-PP Textile Printer
D70: Others | G70: 3D Printers,Motioncutter,Other local equipment
C71: (4) MS (Marketing Service)
D72: MPM | E72: Procurement | G72: Marketing procurement services such as; Marketing printing, POS, Direct mail, PPOS, Merchandise, and Packaging
E73: Production | G73: Marketing production services such as; Onsite studio, Central creative production agency, Pre-Media, Asset creation, and Marketing technology
E74: Solution | G74: Marketing solution services such as; Marketing planning, Customer insight, Creative, Planning, Data, and Technology
D75: ODP | E75: On Demand Printing | G75: For Kinko's (BKK BKJ) Original printing business such as Copy & Print, Business card, etc （All Business except below 3 categories）
E76: Marketing Service | G76: For Kinko's (BKK BKJ) Sign & Graphic(Display) exclude Ondemand MPM
E77: Digital Solution | G77: For Kinko's (BKK BKJ) Ondemand MPM(POSM), WiL, Kinko's commerce, Mobotix, C3-Value, etc.
E78: ODP New Business | G78: For Kinko's (BKK BKJ) ODP New Business such as TSUKURU
C79: (5) DWDX
D80: IMS | G80: IMS that provides IT infrastructure and its management. (Cloud services included) EX) Procurement, SW liceces(e.g. M365), Consulting/Project/Managed Service, Helpdesk service, IaaS(Infrastructure as a service) ITインフラ構築とそれらを管理するサービス提供。クラウドサービス含む。
A81: Chgd | D81: MCS | G81: MCS that supports distributing and managing information and contents. This category includes ECM, Document Management, Scan & Capture, DPO (Document Process Outsourcing). EX) SharePoint, Square 9, OnBase, Dispatcher Phoenix, Open Bee Scan, eCopy, Document Navigator, Komi Doc/Scan, Autostore, 仕分け名人, Bill One, 楽楽明細 (KMJ) etc. 情報やコンテンツの配信・管理をサポートするソフトウェア・サービスを提供する。MCSにはECM、ドキュメント管理、スキャンとキャプチャ(DPO)が含まれている。
D82: BPS | G82: BPS that improves customer’s business critical processes、EX) ERP, CRM, BI, etc. 顧客の業務プロセスを改善するソフトウェア・ソリューションを提供する。
D83: ICW-IT(WPH #1, BNDK, DevOps) | G83: "ICW-IT" that provides WPH (HW and SW), BNDK business, New DevOps. EX) WPH, Consulting/Project/Hybrid Cloud (Cloud MSP, Data Management(BNDK)) ,New product(Please refer in below) WPH(ハードウェア、ソフトウェア)、BNDK、新規DevOps商材
D84: ICW-WK (KMJ #3, JP Local Gov't, US HC IT, FORXAI Secure Access)+ DevOps | G84: "ICW-Wk" that provides efficiency and automation of customers' workflows by utilizing data by go into specific customers deeply. This includes SaaS product and Robotics. EX) Digital Marketing・Right-Sizing solution(KMJ), JP Government DX business, US HC-IT (WPH-HC, Revenue Cycle Management (RCM), VBC), FORXAI Secure Access, KMJ WPH Apps, SenrigaN, etc. New product(Please refer below) 特定顧客向けに深く入り込み、データ活用し顧客業務フローの効率化・自動化の提供。その為のSaaS商材やRoboticsも含む。
D85: ICW-P(New DevOps) | G85: "ICW-P" that provides SaaS products which is analyzing the human behavior and knowledge with digital technologies and provides solutions to solve problems. EX) MELON/ KOTOBAL, COCOMITE、AIReLink、Tomolinks、KMJ AIsee、Congnitive Hub, etc. Other product(Please refer in below) 「ヒトや知見」をデジタル技術で結び付け創造性向上や困りごと解決を支援する主にSaaS商材。
D87: DW-DX | F87: one shot product (HW/SW License) | G87: One time product sales including software and hardware, such as PC, server, perpetual SW license and its maintenance. Please note that If license renewal cycle is longer than a year, it is considered as One-shot. The following global products fall into this category; Dispatcher Phoenix, ScanTrip, Dispatcher Paragon, YSoft SafeQ, Dispatcher Suite, bizhub SECURE Notifier, Shield Guard at one-time payment, Personalize at one-time payment
D88: product category | F88: recurring product (SaaS/Cloud) | G88: Recurring type of product sales, such as SaaS or PaaS. Payment cycle may vary. The following global products fall into this category; Dispatcher Paragon Cloud, Workplace Go, Shield Guard at subscription, Personalize at subscription, bizhub Evolution, Dispatcher Phoenix Cloud SaaS (service name is TBD)
F89: one shot professional service | G89: One time professional services such as consultation, implementation or training. One shot DPO falls into this category. Please note that if the contract renewal cycle is longer than a year, it is considered as One-shot.
F90: recurring professional service | G90: Recurring type of professional services, such as Managed IT Service, resource fulfillment, DPO with cyclic billing, or cloud hosting service. Please note that if the contract renewal cycle is less than a year, such as monthly or quarterly, it is considered as Recurring.
C92: DW-DX sales categories for each Dev.Ops themes（テーマのサービスライン分け）
A93: Chgd | D93: Service Line | F93: Theme
A94: Chgd | D94: ICW IT | F94: One-stop Svcs & Business Tools with KM Premier Svc
A95: Chgd | D95: ICW IT | F95: One-stop Svcs & Business Tools with KM Premier Svc
A96: Chgd | D96: ICW IT(office) | F96: Secure Passwordless Service (SPS)
A97: Chgd | D97: ICW IT | F97: K-Plex DM solution (KMJ K-Plex社 文書管理システム 支援)
A98: Chgd | D98: ICW-WK | F98: DXP
A99: Chgd | D99: ICW-WK | F99: SWS
A100: Chgd | D100: ICW-WK | F100: CDM
A101: Chgd | D101: ICW-WK | F101: IP address advertizement
A102: Chgd | D102: ICW-WK | F102: Work style reform visualization
A103: Chgd | D103: ICW-WK | F103: WPH HC
A104: Chgd | D104: ICW-WK | F104: genARate
... A115: Chgd | D115: ICW-P | F115: COCOMITE
A116: Chgd | C116: BIC themes
A117: Chgd | D117: Service Line | F117: Theme
A118: Chgd | D118: BIC | F118: FORXAI Secure Access
A119: Chgd | D119: BIC | F119: Value-based care
A120: Chgd | D120: BIC | F120: AMH Portfolio (Autonomous material handling)
A121: Chgd | D121: BIC | F121: SWO Portfolio (smart workflow optimization
A122: Chgd | D122: BIC | F122: SenrigaN (Non-destructive solution for bridge)
C124: MX
D125: Product | F125: Hard | G125: Hardware/device, such as thermal camera, outdoor camera, gas-monitoring camera,etc. and other optional devices
F126: Non-hard | G126: Software, application
D127: Service | F127: Onetime | G127: Onetime-offer services, such as installtion, solution proposal, maintenance and inspection services
F128: Recurring | G128: Recurring type of services, such as AI, data service, etc. with monthly/quarterly billing contract
C130: Common fields for all BU
D131: Material Cost | G131: This fields require the cost related to Toner, Parts and Consumables used during the service for products in field.
G132: Please enter both total of the following:
G133: Cost of goods that engineer use at customers
...

Sheet Previous
A4: Prev | C4: OP | F4: FY2021 Monthly Actual ver1.0 | P4: BIN | Q4: (Unit:1000LC)
D6: RF | I6: K_INR | L6: (Unit:1000LC) | P6: Input fields
P7: Input fields, but not affect PL
D8: RF | E8: 1 | F8: 1. P/L (1) - Overview
D9: RF | E9: 1 | G9: 1-1. P/L Statement
D10: RF | E10: 1 | Q10: 43922 | R10: 43952 | S10: 43983 | T10: 44013 | U10: 44044 | V10: 44075 | W10: 44105 | X10: 44136 | Y10: 44166 | Z10: 44197 | AA10: 44228 | AB10: 44256 | AC10: Q1 | AD10: Q2 | AE10: Q3 | AF10: Q4 | AG10: 1st H | AH10: 2nd H | AI10: Yr.
A11: 11 | B11: 1 | C11: 11 | D11: RF | E11: 1 | I11: Net Sales | Q11: =Q76+Q326+Q127+Q181+Q263 -> 536747 | R11: =R76+R326+R127+R181+R263 -> 239742 | S11: =S76+S326+S127+S181+S263 -> 492039 | T11: =T76+T326+T127+T181+T263 -> 513291 | U11: =U76+U326+U127+U181+U263 -> 587099 | V11: =V76+V326+V127+V181+V263 -> 739620 | W11: =W76+W326+W127+W181+W263 -> 620462 | X11: =X76+X326+X127+X181+X263 -> 584851 | ... AB11: =AB76+AB326+AB127+AB181+AB263 -> 770388 | AC11: =SUM(Q11,R11,S11) -> 1268528 | AD11: =SUM(T11,U11,V11) -> 1840010 | AE11: =SUM(W11,X11,Y11) -> 1932059 | AF11: =SUM(Z11,AA11,AB11) -> 1939949 | AG11: =AC11+AD11 -> 3108538 | AH11: =AF11+AE11 -> 3872008 | AI11: =AG11+AH11 -> 6980546
A12: 12 | B12: 1 | C12: 12 | D12: RF | E12: 1 | I12: BT Consolidated Sales | Q12: =Q80+Q332+Q132+Q196+Q273 -> 536747 | R12: =R80+R332+R132+R196+R273 -> 239742 | S12: =S80+S332+S132+S196+S273 -> 492039 | T12: =T80+T332+T132+T196+T273 -> 513291 | U12: =U80+U332+U132+U196+U273 -> 587099 | V12: =V80+V332+V132+V196+V273 -> 739620 | W12: =W80+W332+W132+W196+W273 -> 620462 | X12: =X80+X332+X132+X196+X273 -> 584851 | ... AB12: =AB80+AB332+AB132+AB196+AB273 -> 770388 | AC12: =SUM(Q12,R12,S12) -> 1268528 | AD12: =SUM(T12,U12,V12) -> 1840010 | AE12: =SUM(W12,X12,Y12) -> 1932059 | AF12: =SUM(Z12,AA12,AB12) -> 1939949 | AG12: =AC12+AD12 -> 3108538 | AH12: =AF12+AE12 -> 3872008 | AI12: =AG12+AH12 -> 6980546
A13: 13 | B13: 1 | C13: 13 | D13: RF | E13: 1 | I13: Cost of Sales | Q13: =Q11-Q14 -> 351610 | R13: =R11-R14 -> 158983 | S13: =S11-S14 -> 324705 | T13: =T11-T14 -> 325864 | U13: =U11-U14 -> 366967 | V13: =V11-V14 -> 463586 | W13: =W11-W14 -> 409160 | X13: =X11-X14 -> 358087 | ... AB13: =AB11-AB14 -> 510625 | AC13: =SUM(Q13,R13,S13) -> 835298 | AD13: =SUM(T13,U13,V13) -> 1156417 | AE13: =SUM(W13,X13,Y13) -> 1279344 | AF13: =SUM(Z13,AA13,AB13) -> 1288337 | AG13: =AC13+AD13 -> 1991715 | AH13: =AF13+AE13 -> 2567681 | AI13: =AG13+AH13 -> 4559396
A14: 14 | B14: 1 | C14: 14 | D14: RF | E14: 1 | I14: Gross Profit | Q14: =Q97+Q338+Q149+Q211+Q283 -> 185137 | R14: =R97+R338+R149+R211+R283 -> 80759 | S14: =S97+S338+S149+S211+S283 -> 167334 | T14: =T97+T338+T149+T211+T283 -> 187427 | U14: =U97+U338+U149+U211+U283 -> 220132 | V14: =V97+V338+V149+V211+V283 -> 276034 | W14: =W97+W338+W149+W211+W283 -> 211302 | X14: =X97+X338+X149+X211+X283 -> 226764 | ... AB14: =AB97+AB338+AB149+AB211+AB283 -> 259763 | AC14: =SUM(Q14,R14,S14) -> 433230 | AD14: =SUM(T14,U14,V14) -> 683593 | AE14: =SUM(W14,X14,Y14) -> 652715 | AF14: =SUM(Z14,AA14,AB14) -> 651612 | AG14: =AC14+AD14 -> 1116823 | AH14: =AF14+AE14 -> 1304327 | AI14: =AG14+AH14 -> 2421150
A15: 15 | B15: 1 | C15: 15 | D15: RF | E15: 1 | P15: (%) | Q15: =IFERROR(Q14/Q11,0) -> 0.34492414 | R15: =IFERROR(R14/R11,0) -> 0.33685796 | S15: =IFERROR(S14/S11,0) -> 0.3400828 | T15: =IFERROR(T14/T11,0) -> 0.36514765 | U15: =IFERROR(U14/U11,0) -> 0.37494869 | V15: =IFERROR(V14/V11,0) -> 0.37321057 | W15: =IFERROR(W14/W11,0) -> 0.34055591 | X15: =IFERROR(X14/X11,0) -> 0.38772952 | ... AI15: =IFERROR(AI14/AI11,0) -> 0.3468425
A16: 16 | B16: 1 | C16: 16 | D16: RF | E16: 1 | I16: SGA Expenses | Q16: =Q18+Q19+Q20 -> 141775 | R16: =R18+R19+R20 -> 111625 | S16: =S18+S19+S20 -> 115986 | T16: =T18+T19+T20 -> 122634 | U16: =U18+U19+U20 -> 137947 | V16: =V18+V19+V20 -> 141326 | W16: =W18+W19+W20 -> 164361 | X16: =X18+X19+X20 -> 168833 | ... AB16: =AB18+AB19+AB20 -> 200181.89 | AC16: =SUM(Q16,R16,S16) -> 369386 | AD16: =SUM(T16,U16,V16) -> 401907 | AE16: =SUM(W16,X16,Y16) -> 474642 | AF16: =SUM(Z16,AA16,AB16) -> 427094.89 | AG16: =AC16+AD16 -> 771293 | AH16: =AF16+AE16 -> 901736.89 | AI16: =AG16+AH16 -> 1673029.9
A17: 17 | B17: 1 | C17: 17 | D17: RF | E17: 1 | P17: (%) | Q17: =IFERROR(Q16/Q11,0) -> 0.26413748 | R17: =IFERROR(R16/R11,0) -> 0.46560469 | S17: =IFERROR(S16/S11,0) -> 0.23572522 | T17: =IFERROR(T16/T11,0) -> 0.23891711 | U17: =IFERROR(U16/U11,0) -> 0.23496378 | V17: =IFERROR(V16/V11,0) -> 0.1910792 | W17: =IFERROR(W16/W11,0) -> 0.26490099 | X17: =IFERROR(X16/X11,0) -> 0.28867695 | ... AI17: =IFERROR(AI16/AI11,0) -> 0.23967035
A18: 18 | B18: 1 | C18: 18 | D18: RF | E18: 1 | J18: Variable Expenses | Q18: =Q106+Q160+Q242+Q305+Q351 -> 36517 | R18: =R106+R160+R242+R305+R351 -> 22343 | S18: =S106+S160+S242+S305+S351 -> 30041 | T18: =T106+T160+T242+T305+T351 -> 28927 | U18: =U106+U160+U242+U305+U351 -> 38067 | V18: =V106+V160+V242+V305+V351 -> 44153 | W18: =W106+W160+W242+W305+W351 -> 42185 | X18: =X106+X160+X242+X305+X351 -> 39310 | ... AB18: =AB106+AB160+AB242+AB305+AB351 -> 38451 | AC18: =SUM(Q18,R18,S18) -> 88901 | AD18: =SUM(T18,U18,V18) -> 111147 | AE18: =SUM(W18,X18,Y18) -> 126741 | AF18: =SUM(Z18,AA18,AB18) -> 81376 | AG18: =AC18+AD18 -> 200048 | AH18: =AF18+AE18 -> 208117 | AI18: =AG18+AH18 -> 408165
A19: 19 | B19: 1 | C19: 19 | D19: RF | E19: 1 | J19: Wages & Salaries | Q19: =Q107+Q161+Q243+Q306+Q352 -> 54783 | R19: =R107+R161+R243+R306+R352 -> 51883 | S19: =S107+S161+S243+S306+S352 -> 53004 | T19: =T107+T161+T243+T306+T352 -> 52192 | U19: =U107+U161+U243+U306+U352 -> 52718 | V19: =V107+V161+V243+V306+V352 -> 49191 | W19: =W107+W161+W243+W306+W352 -> 48510 | X19: =X107+X161+X243+X306+X352 -> 46540 | ... AB19: =AB107+AB161+AB243+AB306+AB352 -> 68403.893 | AC19: =SUM(Q19,R19,S19) -> 159670 | AD19: =SUM(T19,U19,V19) -> 154101 | AE19: =SUM(W19,X19,Y19) -> 145073 | AF19: =SUM(Z19,AA19,AB19) -> 193083.89 | AG19: =AC19+AD19 -> 313771 | AH19: =AF19+AE19 -> 338156.89 | AI19: =AG19+AH19 -> 651927.89
A20: 20 | B20: 1 | C20: 20 | D20: RF | E20: 1 | J20: Fixed Expenses | Q20: =Q108+Q162+Q244+Q307+Q357 -> 50475 | R20: =R108+R162+R244+R307+R357 -> 37399 | S20: =S108+S162+S244+S307+S357 -> 32941 | T20: =T108+T162+T244+T307+T357 -> 41515 | U20: =U108+U162+U244+U307+U357 -> 47162 | V20: =V108+V162+V244+V307+V357 -> 47982 | W20: =W108+W162+W244+W307+W357 -> 73666 | X20: =X108+X162+X244+X307+X357 -> 82983 | ... AB20: =AB108+AB162+AB244+AB307+AB357 -> 93327 | AC20: =SUM(Q20,R20,S20) -> 120815 | AD20: =SUM(T20,U20,V20) -> 136659 | AE20: =SUM(W20,X20,Y20) -> 202828 | AF20: =SUM(Z20,AA20,AB20) -> 152635 | AG20: =AC20+AD20 -> 257474 | AH20: =AF20+AE20 -> 355463 | AI20: =AG20+AH20 -> 612937
A21: 21 | B21: 1 | C21: 21 | D21: RF | E21: 1 | I21: Business Contribution Profit | Q21: =Q14-Q16 -> 43362 | R21: =R14-R16 -> -30866 | S21: =S14-S16 -> 51348 | T21: =T14-T16 -> 64793 | U21: =U14-U16 -> 82185 | V21: =V14-V16 -> 134708 | W21: =W14-W16 -> 46941 | X21: =X14-X16 -> 57931 | ... AB21: =AB14-AB16 -> 59581.107 | AC21: =SUM(Q21,R21,S21) -> 63844 | AD21: =SUM(T21,U21,V21) -> 281686 | AE21: =SUM(W21,X21,Y21) -> 178073 | AF21: =SUM(Z21,AA21,AB21) -> 224517.11 | AG21: =AC21+AD21 -> 345530 | AH21: =AF21+AE21 -> 402590.11 | AI21: =AG21+AH21 -> 748120.11
A22: 22 | B22: 1 | C22: 22 | D22: RF | E22: 1 | P22: (%) | Q22: =IFERROR(Q21/Q11,0) -> 0.080786665 | R22: =IFERROR(R21/R11,0) -> -0.12874674 | S22: =IFERROR(S21/S11,0) -> 0.10435758 | T22: =IFERROR(T21/T11,0) -> 0.12623054 | U22: =IFERROR(U21/U11,0) -> 0.13998491 | V22: =IFERROR(V21/V11,0) -> 0.18213136 | W22: =IFERROR(W21/W11,0) -> 0.075654915 | X22: =IFERROR(X21/X11,0) -> 0.099052579 | ... AI22: =IFERROR(AI21/AI11,0) -> 0.10717215
A23: 23 | B23: 1 | C23: 23 | D23: RF | E23: 1 | I23: Other Income | Q23: =Q111+Q360+Q165+Q247+Q310 -> 456 | R23: =R111+R360+R165+R247+R310 -> 0 | S23: =S111+S360+S165+S247+S310 -> 5968 | T23: =T111+T360+T165+T247+T310 -> 1984 | U23: =U111+U360+U165+U247+U310 -> 1595 | V23: =V111+V360+V165+V247+V310 -> 0 | W23: =W111+W360+W165+W247+W310 -> 623 | X23: =X111+X360+X165+X247+X310 -> 269 | ... AB23: =AB111+AB360+AB165+AB247+AB310 -> 36050 | AC23: =SUM(Q23,R23,S23) -> 6424 | AD23: =SUM(T23,U23,V23) -> 3579 | AE23: =SUM(W23,X23,Y23) -> 7171 | AF23: =SUM(Z23,AA23,AB23) -> 36450 | AG23: =AC23+AD23 -> 10003 | AH23: =AF23+AE23 -> 43621 | AI23: =AG23+AH23 -> 53624
A24: 24 | B24: 1 | C24: 24 | D24: RF | E24: 1 | I24: Other Expenses | Q24: =Q112+Q361+Q166+Q248+Q311 -> 0 | R24: =R112+R361+R166+R248+R311 -> 0 | S24: =S112+S361+S166+S248+S311 -> 0 | T24: =T112+T361+T166+T248+T311 -> 635 | U24: =U112+U361+U166+U248+U311 -> 0 | V24: =V112+V361+V166+V248+V311 -> 422 | W24: =W112+W361+W166+W248+W311 -> 0 | X24: =X112+X361+X166+X248+X311 -> 0 | ... AB24: =AB112+AB361+AB166+AB248+AB311 -> 0 | AC24: =SUM(Q24,R24,S24) -> 0 | AD24: =SUM(T24,U24,V24) -> 1057 | AE24: =SUM(W24,X24,Y24) -> 0 | AF24: =SUM(Z24,AA24,AB24) -> 0 | AG24: =AC24+AD24 -> 1057 | AH24: =AF24+AE24 -> 0 | AI24: =AG24+AH24 -> 1057
A25: 25 | B25: 1 | C25: 25 | D25: RF | E25: 1 | I25: Operating Profit | Q25: =Q21+Q23-Q24 -> 43818 | R25: =R21+R23-R24 -> -30866 | S25: =S21+S23-S24 -> 57316 | T25: =T21+T23-T24 -> 66142 | U25: =U21+U23-U24 -> 83780 | V25: =V21+V23-V24 -> 134286 | W25: =W21+W23-W24 -> 47564 | X25: =X21+X23-X24 -> 58200 | ... AB25: =AB21+AB23-AB24 -> 95631.107 | AC25: =SUM(Q25,R25,S25) -> 70268 | AD25: =SUM(T25,U25,V25) -> 284208 | AE25: =SUM(W25,X25,Y25) -> 185244 | AF25: =SUM(Z25,AA25,AB25) -> 260967.11 | AG25: =AC25+AD25 -> 354476 | AH25: =AF25+AE25 -> 446211.11 | AI25: =AG25+AH25 -> 800687.11
A26: 26 | B26: 1 | C26: 26 | D26: RF | E26: 1 | P26: (%) | Q26: =IFERROR(Q25/Q11,0) -> 0.081636227 | R26: =IFERROR(R25/R11,0) -> -0.12874674 | S26: =IFERROR(S25/S11,0) -> 0.1164867 | T26: =IFERROR(T25/T11,0) -> 0.12885868 | U26: =IFERROR(U25/U11,0) -> 0.14270166 | V26: =IFERROR(V25/V11,0) -> 0.1815608 | W26: =IFERROR(W25/W11,0) -> 0.076659006 | X26: =IFERROR(X25/X11,0) -> 0.099512525 | ... AI26: =IFERROR(AI25/AI11,0) -> 0.11470265
A27: 27 | B27: 1 | C27: 27 | D27: RF | E27: 1 | I27: Financial Income (Expenses), net | Q27: =Q28-Q29 -> 8155 | R27: =R28-R29 -> 7355 | S27: =S28-S29 -> 4689 | T27: =T28-T29 -> 5517 | U27: =U28-U29 -> 6745 | V27: =V28-V29 -> 2755 | W27: =W28-W29 -> 6483 | X27: =X28-X29 -> 8053 | ... AB27: =AB28-AB29 -> 8237 | AC27: =SUM(Q27,R27,S27) -> 20199 | AD27: =SUM(T27,U27,V27) -> 15017 | AE27: =SUM(W27,X27,Y27) -> 21010 | AF27: =SUM(Z27,AA27,AB27) -> 27439 | AG27: =AC27+AD27 -> 35216 | AH27: =AF27+AE27 -> 48449 | AI27: =AG27+AH27 -> 83665
A28: 28 | B28: 1 | C28: 28 | D28: RF | E28: 1 | J28: Financial Income | Q28: 8381 | R28: 7503 | S28: 7373 | T28: 6027 | U28: 6745 | V28: =41030-SUM(Q28:U28) -> 5001 | W28: 6713 | X28: 8053 | Y28: 8971 | Z28: 10229 | AA28: 8973 | AB28: =10022+502 -> 10524 | AC28: =SUM(Q28,R28,S28) -> 23257 | AD28: =SUM(T28,U28,V28) -> 17773 | AE28: =SUM(W28,X28,Y28) -> 23737 | AF28: =SUM(Z28,AA28,AB28) -> 29726 | AG28: =AC28+AD28 -> 41030 | AH28: =AF28+AE28 -> 53463 | AI28: =AG28+AH28 -> 94493
A29: 29 | B29: 1 | C29: 29 | D29: RF | E29: 1 | J29: Financial Expenses | Q29: 226 | R29: 148 | S29: 2684 | T29: 510 | U29: 0 | V29: =5814-SUM(Q29:U29) -> 2246 | W29: 230 | X29: 0 | Y29: 2497 | AB29: 2287 | AC29: =SUM(Q29,R29,S29) -> 3058 | AD29: =SUM(T29,U29,V29) -> 2756 | AE29: =SUM(W29,X29,Y29) -> 2727 | AF29: =SUM(Z29,AA29,AB29) -> 2287 | AG29: =AC29+AD29 -> 5814 | AH29: =AF29+AE29 -> 5014 | AI29: =AG29+AH29 -> 10828
A30: 30 | B30: 1 | C30: 30 | D30: RF | E30: 1 | I30: Profit before Taxes | Q30: =Q25+Q27 -> 51973 | R30: =R25+R27 -> -23511 | S30: =S25+S27 -> 62005 | T30: =T25+T27 -> 71659 | U30: =U25+U27 -> 90525 | V30: =V25+V27 -> 137041 | W30: =W25+W27 -> 54047 | X30: =X25+X27 -> 66253 | ... AB30: =AB25+AB27 -> 103868.11 | AC30: =SUM(Q30,R30,S30) -> 90467 | AD30: =SUM(T30,U30,V30) -> 299225 | AE30: =SUM(W30,X30,Y30) -> 206254 | AF30: =SUM(Z30,AA30,AB30) -> 288406.11 | AG30: =AC30+AD30 -> 389692 | AH30: =AF30+AE30 -> 494660.11 | AI30: =AG30+AH30 -> 884352.11
A31: 31 | B31: 1 | C31: 31 | D31: RF | E31: 1 | I31: Tax Expenses & Others | Q31: =Q30*25.168% -> 13080.565 | R31: =R30*25.168% -> -5917.2485 | S31: =S30*25.168% -> 15605.418 | T31: =T30*25.168% -> 18035.137 | U31: =U30*25.168% -> 22783.332 | V31: =V30*25.168% -> 34490.479 | W31: =W30*25.168% -> 13602.549 | X31: =X30*25.168% -> 16674.555 | ... AB31: =AB30*25.168% -> 26141.525 | AC31: =SUM(Q31,R31,S31) -> 22768.735 | AD31: =SUM(T31,U31,V31) -> 75308.948 | AE31: =SUM(W31,X31,Y31) -> 51910.007 | AF31: =SUM(Z31,AA31,AB31) -> 72586.049 | AG31: =AC31+AD31 -> 98077.683 | AH31: =AF31+AE31 -> 124496.06 | AI31: =AG31+AH31 -> 222573.74
A32: 32 | B32: 1 | C32: 32 | D32: RF | E32: 1 | I32: Net Profit | Q32: =Q30-Q31 -> 38892.435 | R32: =R30-R31 -> -17593.752 | S32: =S30-S31 -> 46399.582 | T32: =T30-T31 -> 53623.863 | U32: =U30-U31 -> 67741.668 | V32: =V30-V31 -> 102550.52 | W32: =W30-W31 -> 40444.451 | X32: =X30-X31 -> 49578.445 | ... AB32: =AB30-AB31 -> 77726.582 | AC32: =SUM(Q32,R32,S32) -> 67698.265 | AD32: =SUM(T32,U32,V32) -> 223916.05 | AE32: =SUM(W32,X32,Y32) -> 154343.99 | AF32: =SUM(Z32,AA32,AB32) -> 215820.06 | AG32: =AC32+AD32 -> 291614.32 | AH32: =AF32+AE32 -> 370164.05 | AI32: =AG32+AH32 -> 661778.37
A33: 33 | B33: 1 | C33: 33 | D33: RF | E33: 1 | P33: (%) | Q33: =IFERROR(Q32/Q11,0) -> 0.07245953 | R33: =IFERROR(R32/R11,0) -> -0.073386188 | S33: =IFERROR(S32/S11,0) -> 0.094300618 | T33: =IFERROR(T32/T11,0) -> 0.10447069 | U33: =IFERROR(U32/U11,0) -> 0.11538372 | V33: =IFERROR(V32/V11,0) -> 0.13865299 | W33: =IFERROR(W32/W11,0) -> 0.065184413 | X33: =IFERROR(X32/X11,0) -> 0.08477107 | ... AI33: =IFERROR(AI32/AI11,0) -> 0.094803239
A34: 34 | B34: 1 | C34: 34 | E34: 1
A35: 35 | B35: 1 | C35: 35 | E35: 1
A36: 36 | B36: 1 | C36: 36 | E36: 1 | G36: 1-2.SGA Expenses Details
A37: 37 | B37: 1 | C37: 37 | E37: 1 | I37: Variable Expenses | Q37: =SUM(Q38:Q40) -> 36517 | R37: =SUM(R38:R40) -> 22342 | S37: =SUM(S38:S40) -> 30041 | T37: =SUM(T38:T40) -> 28927 | U37: =SUM(U38:U40) -> 38068 | V37: =SUM(V38:V40) -> 44154 | W37: =SUM(W38:W40) -> 42184 | X37: =SUM(X38:X40) -> 39310 | ... AI37: =SUM(AI38:AI40) -> 408165
A38: 38 | B38: 1 | C38: 38 | E38: 1 | J38: Selling Expenses | Q38: 12616 | R38: 2209 | S38: 7895 | T38: 3180 | U38: 9234 | V38: 13126 | W38: 12724 | X38: 11711 | Y38: 9810 | Z38: 4062 | AA38: -22968 | AB38: 153 | AC38: =SUM(Q38,R38,S38) -> 22720 | AD38: =SUM(T38,U38,V38) -> 25540 | AE38: =SUM(W38,X38,Y38) -> 34245 | AF38: =SUM(Z38,AA38,AB38) -> -18753 | AG38: =AC38+AD38 -> 48260 | AH38: =AF38+AE38 -> 15492 | AI38: =AG38+AH38 -> 63752
A39: 39 | B39: 1 | C39: 39 | E39: 1 | J39: Adverting Expenses | Q39: 361 | R39: 278 | S39: 814 | T39: 434 | U39: 585 | V39: 3222 | W39: 700 | X39: 347 | Y39: 4299 | Z39: 850 | AA39: 180 | AB39: 935 | AC39: =SUM(Q39,R39,S39) -> 1453 | AD39: =SUM(T39,U39,V39) -> 4241 | AE39: =SUM(W39,X39,Y39) -> 5346 | AF39: =SUM(Z39,AA39,AB39) -> 1965 | AG39: =AC39+AD39 -> 5694 | AH39: =AF39+AE39 -> 7311 | AI39: =AG39+AH39 -> 13005
A40: 40 | B40: 1 | C40: 40 | E40: 1 | J40: Logistics Expense | Q40: 23540 | R40: 19855 | S40: 21332 | T40: 25313 | U40: 28249 | V40: 27806 | W40: 28760 | X40: 27252 | Y40: 31136 | Z40: 31313 | AA40: 29488 | AB40: 37364 | AC40: =SUM(Q40,R40,S40) -> 64727 | AD40: =SUM(T40,U40,V40) -> 81368 | AE40: =SUM(W40,X40,Y40) -> 87148 | AF40: =SUM(Z40,AA40,AB40) -> 98165 | AG40: =AC40+AD40 -> 146095 | AH40: =AF40+AE40 -> 185313 | AI40: =AG40+AH40 -> 331408
A41: 41 | B41: 1 | C41: 41 | E41: 1 | I41: Wages & Salaries | Q41: =SUM(Q42:Q44) -> 55361 | R41: =SUM(R42:R44) -> 52440 | S41: =SUM(S42:S44) -> 53582 | T41: =SUM(T42:T44) -> 52765 | U41: =SUM(U42:U44) -> 53433 | V41: =SUM(V42:V44) -> 49685 | W41: =SUM(W42:W44) -> 49844 | X41: =SUM(X42:X44) -> 47290 | ... AI41: =SUM(AI42:AI44) -> 660760
A42: 42 | B42: 1 | C42: 42 | E42: 1 | J42: Variable Wages & Salaries | Q42: 10526 | R42: 9347 | S42: 5900 | T42: 9800 | U42: 9800 | V42: 7708 | W42: 6039 | X42: 7721 | Y42: 4390 | Z42: 6092 | AA42: =76914*20% -> 15382.8 | AB42: 9481 | AC42: =SUM(Q42,R42,S42) -> 25773 | AD42: =SUM(T42,U42,V42) -> 27308 | AE42: =SUM(W42,X42,Y42) -> 18150 | AF42: =SUM(Z42,AA42,AB42) -> 30955.8 | AG42: =AC42+AD42 -> 53081 | AH42: =AF42+AE42 -> 49105.8 | AI42: =AG42+AH42 -> 102186.8
A43: 43 | B43: 1 | C43: 43 | E43: 1 | J43: Fixed Wages & Salaries | Q43: 44835 | R43: 43093 | S43: 47682 | T43: =52765-9800 -> 42965 | U43: 43633 | V43: 41977 | W43: 43805 | X43: 39569 | Y43: 46477 | Z43: 43490 | AA43: =76914*80% -> 61531.2 | AB43: 59516 | AC43: =SUM(Q43,R43,S43) -> 135610 | AD43: =SUM(T43,U43,V43) -> 128575 | AE43: =SUM(W43,X43,Y43) -> 129851 | AF43: =SUM(Z43,AA43,AB43) -> 164537.2 | AG43: =AC43+AD43 -> 264185 | AH43: =AF43+AE43 -> 294388.2 | AI43: =AG43+AH43 -> 558573.2
A44: 44 | B44: 1 | C44: 44 | E44: 1 | J44: Retirement Benefit Cost | AC44: =SUM(Q44,R44,S44) -> 0 | AD44: =SUM(T44,U44,V44) -> 0 | AE44: =SUM(W44,X44,Y44) -> 0 | AF44: =SUM(Z44,AA44,AB44) -> 0 | AG44: =AC44+AD44 -> 0 | AH44: =AF44+AE44 -> 0 | AI44: =AG44+AH44 -> 0
A45: 45 | B45: 1 | C45: 45 | E45: 1 | I45: Fixed Expenses | Q45: =SUM(Q46:Q51) -> 50491 | R45: =SUM(R46:R51) -> 37415 | S45: =SUM(S46:S51) -> 32923 | T45: =SUM(T46:T51) -> 41534 | U45: =SUM(U46:U51) -> 47192 | V45: =SUM(V46:V51) -> 47945 | W45: =SUM(W46:W51) -> 73702 | X45: =SUM(X46:X51) -> 83001 | ... AI45: =SUM(AI46:AI51) -> 613089
A46: 46 | B46: 1 | C46: 46 | E46: 1 | J46: Traveling Expenses | Q46: 74 | R46: 108 | S46: 115 | T46: 646 | U46: 1798 | V46: 2347 | W46: 2409 | X46: 2553 | Y46: 2810 | Z46: 1933 | AA46: 2255 | AB46: 3093 | AC46: =SUM(Q46,R46,S46) -> 297 | AD46: =SUM(T46,U46,V46) -> 4791 | AE46: =SUM(W46,X46,Y46) -> 7772 | AF46: =SUM(Z46,AA46,AB46) -> 7281 | AG46: =AC46+AD46 -> 5088 | AH46: =AF46+AE46 -> 15053 | AI46: =AG46+AH46 -> 20141
A47: 47 | B47: 1 | C47: 47 | E47: 1 | J47: Depreciation & Amortization | Q47: 7621 | R47: 7684 | S47: =7619+15856 -> 23475 | T47: 7608 | U47: 7559 | V47: 21871 | W47: 7445 | X47: 7278 | Y47: =7228+11878 -> 19106 | Z47: 7729 | AA47: 7483 | AB47: =17948+6798 -> 24746 | AC47: =SUM(Q47,R47,S47) -> 38780 | AD47: =SUM(T47,U47,V47) -> 37038 | AE47: =SUM(W47,X47,Y47) -> 33829 | AF47: =SUM(Z47,AA47,AB47) -> 39958 | AG47: =AC47+AD47 -> 75818 | AH47: =AF47+AE47 -> 73787 | AI47: =AG47+AH47 -> 149605
A48: 48 | B48: 1 | C48: 48 | E48: 1 | J48: Repair and Maintenance | Q48: 496 | R48: 1220 | S48: 676 | T48: 741 | U48: 934 | V48: 518 | W48: 1588 | X48: 1423 | Y48: 1316 | Z48: 891 | AA48: 642 | AB48: 1754 | AC48: =SUM(Q48,R48,S48) -> 2392 | AD48: =SUM(T48,U48,V48) -> 2193 | AE48: =SUM(W48,X48,Y48) -> 4327 | AF48: =SUM(Z48,AA48,AB48) -> 3287 | AG48: =AC48+AD48 -> 4585 | AH48: =AF48+AE48 -> 7614 | AI48: =AG48+AH48 -> 12199
A49: 49 | B49: 1 | C49: 49 | E49: 1 | J49: Rent Expenses | Q49: 9411 | R49: 8912 | S49: =7463-18747 -> -11284 | T49: 8659 | U49: 8872 | V49: =-T49-U49+8935 -> -8596 | W49: 9728 | X49: 12587 | Y49: -4791 | Z49: 8571 | AA49: 9102 | AB49: -8113 | AC49: =SUM(Q49,R49,S49) -> 7039 | AD49: =SUM(T49,U49,V49) -> 8935 | AE49: =SUM(W49,X49,Y49) -> 17524 | AF49: =SUM(Z49,AA49,AB49) -> 9560 | AG49: =AC49+AD49 -> 15974 | AH49: =AF49+AE49 -> 27084 | AI49: =AG49+AH49 -> 43058
A50: 50 | B50: 1 | C50: 50 | E50: 1 | J50: Service Charges and Fees | Q50: 99 | R50: 99 | S50: 125 | T50: 133 | U50: 130 | V50: 384 | W50: 69 | X50: 0 | Y50: 306 | Z50: 58 | AA50: 0 | AB50: 43 | AC50: =SUM(Q50,R50,S50) -> 323 | AD50: =SUM(T50,U50,V50) -> 647 | AE50: =SUM(W50,X50,Y50) -> 375 | AF50: =SUM(Z50,AA50,AB50) -> 101 | AG50: =AC50+AD50 -> 970 | AH50: =AF50+AE50 -> 476 | AI50: =AG50+AH50 -> 1446
A51: 51 | B51: 1 | C51: 51 | E51: 1 | J51: Other Expenses | Q51: 32790 | R51: 19392 | S51: 19816 | T51: 23747 | U51: 27899 | V51: 31421 | W51: 52463 | X51: 59160 | Y51: 27424 | Z51: 22829 | AA51: -2127 | AB51: =78624-6798 -> 71826 | AC51: =SUM(Q51,R51,S51) -> 71998 | AD51: =SUM(T51,U51,V51) -> 83067 | AE51: =SUM(W51,X51,Y51) -> 139047 | AF51: =SUM(Z51,AA51,AB51) -> 92528 | AG51: =AC51+AD51 -> 155065 | AH51: =AF51+AE51 -> 231575 | AI51: =AG51+AH51 -> 386640
A52: 52 | B52: 1 | C52: 52 | E52: 1
A53: 53 | B53: 1 | C53: 53 | D53: RF | E53: 1 | G53: 1-3.Total Personnel Costs
A54: 54 | B54: 1 | C54: 54 | D54: RF | E54: 1 | I54: Personnel Costs Total | Q54: =SUM(Q55:Q56) -> 71053 | R54: =SUM(R55:R56) -> 68752 | S54: =SUM(S55:S56) -> 69254 | T54: =SUM(T55:T56) -> 68692 | U54: =SUM(U55:U56) -> 69339 | V54: =SUM(V55:V56) -> 62958 | W54: =SUM(W55:W56) -> 64408 | X54: =SUM(X55:X56) -> 62191 | ... AB54: =SUM(AB55:AB56) -> 83701 | AC54: =SUM(Q54,R54,S54) -> 209059 | AD54: =SUM(T54,U54,V54) -> 200989 | AE54: =SUM(W54,X54,Y54) -> 192226 | AF54: =SUM(Z54,AA54,AB54) -> 239293 | AG54: =AC54+AD54 -> 410048 | AH54: =AF54+AE54 -> 431519 | AI54: =AG54+AH54 -> 841567
A55: 55 | B55: 1 | C55: 55 | D55: RF | E55: 1 | J55: Included in COGS （Field Service cost /Service Desk Cost） | Q55: =Q758 -> 15692 | R55: =R758 -> 16312 | S55: =S758 -> 15672 | T55: =T758 -> 15927 | U55: =U758 -> 15906 | V55: =V758 -> 13273 | W55: =W758 -> 14564 | X55: =X758 -> 14901 | ... AB55: =AB758 -> 14704 | AC55: =SUM(Q55,R55,S55) -> 47676 | AD55: =SUM(T55,U55,V55) -> 45106 | AE55: =SUM(W55,X55,Y55) -> 44225 | AF55: =SUM(Z55,AA55,AB55) -> 43800 | AG55: =AC55+AD55 -> 92782 | AH55: =AF55+AE55 -> 88025 | AI55: =AG55+AH55 -> 180807
A56: 56 | B56: 1 | C56: 56 | D56: RF | E56: 1 | J56: Included in SG&A (Wages & Salaries） | Q56: =Q41 -> 55361 | R56: =R41 -> 52440 | S56: =S41 -> 53582 | T56: =T41 -> 52765 | U56: =U41 -> 53433 | V56: =V41 -> 49685 | W56: =W41 -> 49844 | X56: =X41 -> 47290 | ... AB56: =AB41 -> 68997 | AC56: =SUM(Q56,R56,S56) -> 161383 | AD56: =SUM(T56,U56,V56) -> 155883 | AE56: =SUM(W56,X56,Y56) -> 148001 | AF56: =SUM(Z56,AA56,AB56) -> 195493 | AG56: =AC56+AD56 -> 317266 | AH56: =AF56+AE56 -> 343494 | AI56: =AG56+AH56 -> 660760
A57: 57 | B57: 1 | C57: 57 | D57: RF | E57: 1
A58: 58 | B58: 1 | C58: 58 | D58: RF | E58: 1 | G58: 1-4.Break-down of Other Income, Other Expense
A59: 59 | B59: 1 | C59: 59 | D59: RF | E59: 1 | I59: Other income | Q59: =Q23 -> 456 | R59: =R23 -> 0 | S59: =S23 -> 5968 | T59: =T23 -> 1984 | U59: =U23 -> 1595 | V59: =V23 -> 0 | W59: =W23 -> 623 | X59: =X23 -> 269 | ... AI59: =AI23 -> 53624
A60: 60 | B60: 1 | C60: 60 | D60: RF | E60: 1 | J60: Rent income from Property, Plant and Equipment | AC60: =SUM(Q60,R60,S60) -> 0 | AD60: =SUM(T60,U60,V60) -> 0 | AE60: =SUM(W60,X60,Y60) -> 0 | AF60: =SUM(Z60,AA60,AB60) -> 0 | AG60: =AC60+AD60 -> 0 | AH60: =AF60+AE60 -> 0 | AI60: =AG60+AH60 -> 0
A61: 61 | B61: 1 | C61: 61 | D61: RF | E61: 1 | J61: Commissions and Fees Income | AC61: =SUM(Q61,R61,S61) -> 0 | AD61: =SUM(T61,U61,V61) -> 0 | AE61: =SUM(W61,X61,Y61) -> 0 | AF61: =SUM(Z61,AA61,AB61) -> 0 | AG61: =AC61+AD61 -> 0 | AH61: =AF61+AE61 -> 0 | AI61: =AG61+AH61 -> 0
A62: 62 | B62: 1 | C62: 62 | D62: RF | E62: 1 | J62: Gains on Sales of Asset | Q62: 283 | R62: 0 | S62: -33 | U62: 1148 | AC62: =SUM(Q62,R62,S62) -> 250 | AD62: =SUM(T62,U62,V62) -> 1148 | AE62: =SUM(W62,X62,Y62) -> 0 | AF62: =SUM(Z62,AA62,AB62) -> 0 | AG62: =AC62+AD62 -> 1398 | AH62: =AF62+AE62 -> 0 | AI62: =AG62+AH62 -> 1398
A63: 63 | B63: 1 | C63: 63 | D63: RF | E63: New | J63: Government support | AC63: =SUM(Q63,R63,S63) -> 0 | AD63: =SUM(T63,U63,V63) -> 0 | AE63: =SUM(W63,X63,Y63) -> 0 | AF63: =SUM(Z63,AA63,AB63) -> 0 | AG63: =AG58-AG59-AG60-AG61 -> -10003 | AH63: =AH58-AH59-AH60-AH61 -> -43621 | AI63: =AI58-AI59-AI60-AI61 -> -53624
A64: 1 | B64: 1 | C64: 64 | D64: RF | E64: 1 | J64: Other income | Q64: =Q59-SUM(Q60:Q63) -> 173 | R64: =R59-SUM(R60:R63) -> 0 | S64: =S59-SUM(S60:S63) -> 6001 | T64: =T59-SUM(T60:T63) -> 1984 | U64: =U59-SUM(U60:U63) -> 447 | V64: =V59-SUM(V60:V63) -> 0 | W64: =W59-SUM(W60:W63) -> 623 | X64: =X59-SUM(X60:X63) -> 269 | ... AI64: =AI59-SUM(AI60:AI63) -> 105850
A65: 64 | B65: 1 | C65: 65 | D65: RF | E65: 1 | I65: Other Expense | Q65: =Q24 -> 0 | R65: =R24 -> 0 | S65: =S24 -> 0 | T65: =T24 -> 635 | U65: =U24 -> 0 | V65: =V24 -> 422 | W65: =W24 -> 0 | X65: =X24 -> 0 | ... AI65: =AI24 -> 1057
A66: 65 | B66: 1 | C66: 66 | D66: RF | E66: 1 | J66: Losses on Sales of Asset, Disposal of Asset | T66: 635 | V66: 763 | AC66: =SUM(Q66,R66,S66) -> 0 | AD66: =SUM(T66,U66,V66) -> 1398 | AE66: =SUM(W66,X66,Y66) -> 0 | AF66: =SUM(Z66,AA66,AB66) -> 0 | AG66: =AC66+AD66 -> 1398 | AH66: =AF66+AE66 -> 0 | AI66: =AG66+AH66 -> 1398
A67: 66 | B67: 1 | C67: 67 | D67: RF | E67: 1 | J67: Impairment Loss | AC67: =SUM(Q67,R67,S67) -> 0 | AD67: =SUM(T67,U67,V67) -> 0 | AE67: =SUM(W67,X67,Y67) -> 0 | AF67: =SUM(Z67,AA67,AB67) -> 0 | AG67: =AC67+AD67 -> 0 | AH67: =AF67+AE67 -> 0 | AI67: =AG67+AH67 -> 0
A68: 67 | B68: 1 | C68: 68 | D68: RF | E68: 1 | J68: Restructuring Expense | AC68: =SUM(Q68,R68,S68) -> 0 | AD68: =SUM(T68,U68,V68) -> 0 | AE68: =SUM(W68,X68,Y68) -> 0 | AF68: =SUM(Z68,AA68,AB68) -> 0 | AG68: =AC68+AD68 -> 0 | AH68: =AF68+AE68 -> 0 | AI68: =AG68+AH68 -> 0
A69: 1 | B69: 1 | C69: 69 | D69: RF | E69: New | J69: Expense for layoff benefit | AC69: =SUM(Q69,R69,S69) -> 0 | AD69: =SUM(T69,U69,V69) -> 0 | AE69: =SUM(W69,X69,Y69) -> 0 | AF69: =SUM(Z69,AA69,AB69) -> 0 | AG69: =AC69+AD69 -> 0 | AH69: =AF69+AE69 -> 0 | AI69: =AG69+AH69 -> 0
A70: 68 | B70: 1 | C70: 70 | D70: RF | E70: 1 | J70: Other Expense | Q70: =Q65-SUM(Q66:Q69) -> 0 | R70: =R65-SUM(R66:R69) -> 0 | S70: =S65-SUM(S66:S69) -> 0 | T70: =T65-SUM(T66:T69) -> 0 | U70: =U65-SUM(U66:U69) -> 0 | V70: =V65-SUM(V66:V69) -> -341 | W70: =W65-SUM(W66:W69) -> 0 | X70: =X65-SUM(X66:X69) -> 0 | ... AI70: =AI65-SUM(AI66:AI69) -> -341
A71: 69 | B71: 1 | C71: 71 | D71: RF | E71: 1
A72: 70 | B72: 1 | C72: 72 | D72: RF | E72: 1 | F72: 2. P/L(2)- Overview by BU
A73: 71 | B73: 1 | C73: 73 | D73: RF | E73: 1 | G73: 2-1. P/L Statement by BU
A74: 72 | B74: 1 | C74: 74 | D74: RF | E74: 1 | H74: (1) Office
A75: 73 | B75: 1 | C75: 75 | D75: RF | E75: 1 | Q75: =Q$10 -> 43922 | R75: =R$10 -> 43952 | S75: =S$10 -> 43983 | T75: =T$10 -> 44013 | U75: =U$10 -> 44044 | V75: =V$10 -> 44075 | W75: =W$10 -> 44105 | X75: =X$10 -> 44136 | ... AI75: =AI$10 -> Yr.
A76: 74 | B76: 1 | C76: 76 | D76: RF | E76: 1 | I76: Net Sales | O76: (Includes Sales to BT-Gr. Companies) | Q76: =SUM(Q77:Q79) -> 149052 | R76: =SUM(R77:R79) -> 75043 | S76: =SUM(S77:S79) -> 125222 | T76: =SUM(T77:T79) -> 161075 | U76: =SUM(U77:U79) -> 186018 | V76: =SUM(V77:V79) -> 262197 | W76: =SUM(W77:W79) -> 162787 | X76: =SUM(X77:X79) -> 203003 | ... AB76: =SUM(AB77:AB79) -> 241345 | AC76: =SUM(Q76,R76,S76) -> 349317 | AD76: =SUM(T76,U76,V76) -> 609290 | AE76: =SUM(W76,X76,Y76) -> 613587 | AF76: =SUM(Z76,AA76,AB76) -> 580237 | AG76: =SUM(AG77:AG79) -> 958607 | AH76: =SUM(AH77:AH79) -> 1193824 | AI76: =SUM(AI77:AI79) -> 2152431
A77: 75 | B77: 1 | C77: 77 | D77: RF | E77: 1 | M77: Hard | Q77: =Q405+Q421 -> 95114 | R77: =R405+R421 -> 48907 | S77: =S405+S421 -> 81276 | T77: =T405+T421 -> 101876 | U77: =U405+U421 -> 123141 | V77: =V405+V421 -> 180890 | W77: =W405+W421 -> 95284 | X77: =X405+X421 -> 141284 | ... AB77: =AB405+AB421 -> 183181 | AC77: =SUM(Q77,R77,S77) -> 225297 | AD77: =SUM(T77,U77,V77) -> 405907 | AE77: =SUM(W77,X77,Y77) -> 396408 | AF77: =SUM(Z77,AA77,AB77) -> 395294 | AG77: =AC77+AD77 -> 631204 | AH77: =AF77+AE77 -> 791702 | AI77: =AG77+AH77 -> 1422906
A78: 76 | B78: 1 | C78: 78 | D78: RF | E78: 1 | M78: Non-hard | Q78: =Q410+Q426 -> 53938 | R78: =R410+R426 -> 26136 | S78: =S410+S426 -> 43946 | T78: =T410+T426 -> 59199 | U78: =U410+U426 -> 62877 | V78: =V410+V426 -> 81307 | W78: =W410+W426 -> 67503 | X78: =X410+X426 -> 61719 | ... AB78: =AB410+AB426 -> 58164 | AC78: =SUM(Q78,R78,S78) -> 124020 | AD78: =SUM(T78,U78,V78) -> 203383 | AE78: =SUM(W78,X78,Y78) -> 217179 | AF78: =SUM(Z78,AA78,AB78) -> 184943 | AG78: =AC78+AD78 -> 327403 | AH78: =AF78+AE78 -> 402122 | AI78: =AG78+AH78 -> 729525
A79: 77 | B79: 1 | C79: 79 | D79: RF | E79: 1 | M79: Others | Q79: =Q419+Q435 -> 0 | R79: =R419+R435 -> 0 | S79: =S419+S435 -> 0 | T79: =T419+T435 -> 0 | U79: =U419+U435 -> 0 | V79: =V419+V435 -> 0 | W79: =W419+W435 -> 0 | X79: =X419+X435 -> 0 | ... AB79: =AB419+AB435 -> 0 | AC79: =SUM(Q79,R79,S79) -> 0 | AD79: =SUM(T79,U79,V79) -> 0 | AE79: =SUM(W79,X79,Y79) -> 0 | AF79: =SUM(Z79,AA79,AB79) -> 0 | AG79: =AC79+AD79 -> 0 | AH79: =AF79+AE79 -> 0 | AI79: =AG79+AH79 -> 0
A80: 78 | B80: 1 | C80: 80 | D80: RF | E80: 1 | I80: BT Consolidated Sales | O80: (Excludes Sales to BT-Gr. Companies) | Q80: =SUM(Q81:Q83) -> 149052 | R80: =SUM(R81:R83) -> 75043 | S80: =SUM(S81:S83) -> 125222 | T80: =SUM(T81:T83) -> 161075 | U80: =SUM(U81:U83) -> 186018 | V80: =SUM(V81:V83) -> 262197 | W80: =SUM(W81:W83) -> 162787 | X80: =SUM(X81:X83) -> 203003 | ... AB80: =SUM(AB81:AB83) -> 241345 | AC80: =SUM(Q80,R80,S80) -> 349317 | AD80: =SUM(T80,U80,V80) -> 609290 | AE80: =SUM(W80,X80,Y80) -> 613587 | AF80: =SUM(Z80,AA80,AB80) -> 580237 | AG80: =SUM(AG81:AG83) -> 958607 | AH80: =SUM(AH81:AH83) -> 1193824 | AI80: =SUM(AI81:AI83) -> 2152431
A81: 79 | B81: 1 | C81: 81 | D81: RF | E81: 1 | M81: Hard | Q81: 95114 | R81: 48907 | S81: 81276 | T81: 101876 | U81: 123141 | V81: 180890 | W81: 95284 | X81: 141284 | Y81: 159840 | Z81: 108942 | AA81: 103171 | AB81: 183181 | AC81: =SUM(Q81,R81,S81) -> 225297 | AD81: =SUM(T81,U81,V81) -> 405907 | AE81: =SUM(W81,X81,Y81) -> 396408 | AF81: =SUM(Z81,AA81,AB81) -> 395294 | AG81: =AC81+AD81 -> 631204 | AH81: =AF81+AE81 -> 791702 | AI81: =AG81+AH81 -> 1422906
A82: 80 | B82: 1 | C82: 82 | D82: RF | E82: 1 | M82: Non-hard | Q82: 53938 | R82: 26136 | S82: 43946 | T82: 59199 | U82: 62877 | V82: 81307 | W82: 67503 | X82: 61719 | Y82: 87957 | Z82: 59004 | AA82: 67775 | AB82: 58164 | AC82: =SUM(Q82,R82,S82) -> 124020 | AD82: =SUM(T82,U82,V82) -> 203383 | AE82: =SUM(W82,X82,Y82) -> 217179 | AF82: =SUM(Z82,AA82,AB82) -> 184943 | AG82: =AC82+AD82 -> 327403 | AH82: =AF82+AE82 -> 402122 | AI82: =AG82+AH82 -> 729525
A83: 81 | B83: 1 | C83: 83 | D83: RF | E83: 1 | M83: Others | AC83: =SUM(Q83,R83,S83) -> 0 | AD83: =SUM(T83,U83,V83) -> 0 | AE83: =SUM(W83,X83,Y83) -> 0 | AF83: =SUM(Z83,AA83,AB83) -> 0 | AG83: =AC83+AD83 -> 0 | AH83: =AF83+AE83 -> 0 | AI83: =AG83+AH83 -> 0
A84: 82 | B84: 1 | C84: 84 | E84: 1 | I84: Cost of Sales | Q84: =Q85+Q88+Q96 -> 98928 | R84: =R85+R88+R96 -> 46606 | S84: =S85+S88+S96 -> 81197 | T84: =T85+T88+T96 -> 101990 | U84: =U85+U88+U96 -> 121712 | V84: =V85+V88+V96 -> 167942 | W84: =W85+W88+W96 -> 104269 | X84: =X85+X88+X96 -> 128901 | ... AI84: =AI85+AI88+AI96 -> 1442008
A85: 83 | B85: 1 | C85: 85 | E85: 1 | M85: Hard | Q85: =SUM(Q86:Q87) -> 67475 | R85: =SUM(R86:R87) -> 29364 | S85: =SUM(S86:S87) -> 54359 | T85: =SUM(T86:T87) -> 67187 | U85: =SUM(U86:U87) -> 85512 | V85: =SUM(V86:V87) -> 121832 | W85: =SUM(W86:W87) -> 65166 | X85: =SUM(X86:X87) -> 91255 | ... AB85: =SUM(AB86:AB87) -> 151110 | AC85: =SUM(Q85,R85,S85) -> 151198 | AD85: =SUM(T85,U85,V85) -> 274531 | AE85: =SUM(W85,X85,Y85) -> 268338 | AF85: =SUM(Z85,AA85,AB85) -> 315933 | AG85: =AC85+AD85 -> 425729 | AH85: =AF85+AE85 -> 584271 | AI85: =AG85+AH85 -> 1010000
A86: 84 | B86: 1 | C86: 86 | E86: 1 | O86: KMI | Q86: =Q406+Q422-Q439-Q463 -> 67475 | R86: =R406+R422-R439-R463 -> 29364 | S86: =S406+S422-S439-S463 -> 54359 | T86: =T406+T422-T439-T463 -> 67187 | U86: =U406+U422-U439-U463 -> 85512 | V86: =V406+V422-V439-V463 -> 121832 | W86: =W406+W422-W439-W463 -> 65166 | X86: =X406+X422-X439-X463 -> 91255 | ... AB86: =AB406+AB422-AB439-AB463 -> 151110 | AC86: =SUM(Q86,R86,S86) -> 151198 | AD86: =SUM(T86,U86,V86) -> 274531 | AE86: =SUM(W86,X86,Y86) -> 268338 | AF86: =SUM(Z86,AA86,AB86) -> 315933 | AG86: =AC86+AD86 -> 425729 | AH86: =AF86+AE86 -> 584271 | AI86: =AG86+AH86 -> 1010000
A87: 85 | B87: 1 | C87: 87 | E87: 1 | O87: 3rd Party | Q87: =Q409+Q425-Q442-Q466 -> 0 | R87: =R409+R425-R442-R466 -> 0 | S87: =S409+S425-S442-S466 -> 0 | T87: =T409+T425-T442-T466 -> 0 | U87: =U409+U425-U442-U466 -> 0 | V87: =V409+V425-V442-V466 -> 0 | W87: =W409+W425-W442-W466 -> 0 | X87: =X409+X425-X442-X466 -> 0 | ... AB87: =AB409+AB425-AB442-AB466 -> 0 | AC87: =SUM(Q87,R87,S87) -> 0 | AD87: =SUM(T87,U87,V87) -> 0 | AE87: =SUM(W87,X87,Y87) -> 0 | AF87: =SUM(Z87,AA87,AB87) -> 0 | AG87: =AC87+AD87 -> 0 | AH87: =AF87+AE87 -> 0 | AI87: =AG87+AH87 -> 0
A88: 86 | B88: 1 | C88: 88 | E88: 1 | M88: Non-hard | Q88: =Q78-Q103 -> 31453 | R88: =R78-R103 -> 17242 | S88: =S78-S103 -> 26838 | T88: =T78-T103 -> 34803 | U88: =U78-U103 -> 36200 | V88: =V78-V103 -> 46110 | W88: =W78-W103 -> 39103 | X88: =X78-X103 -> 37646 | ... AB88: =AB78-AB103 -> 38040 | AC88: =SUM(Q88,R88,S88) -> 75533 | AD88: =SUM(T88,U88,V88) -> 117113 | AE88: =SUM(W88,X88,Y88) -> 124073 | AF88: =SUM(Z88,AA88,AB88) -> 115289 | AG88: =AC88+AD88 -> 192646 | AH88: =AF88+AE88 -> 239362 | AI88: =AG88+AH88 -> 432008
A89: 87 | B89: 1 | C89: 89 | E89: 1 | O89: Material Cost(Toner, Parts, Consumable) | Q89: 26536 | R89: 11575 | S89: 20448 | T89: 28011 | U89: 30201 | V89: 39594 | W89: 32309 | X89: 30800 | Y89: 40311 | Z89: 29095 | AA89: 34513 | AB89: 27315 | AC89: =SUM(Q89,R89,S89) -> 58559 | AD89: =SUM(T89,U89,V89) -> 97806 | AE89: =SUM(W89,X89,Y89) -> 103420 | AF89: =SUM(Z89,AA89,AB89) -> 90923 | AG89: =AC89+AD89 -> 156365 | AH89: =AF89+AE89 -> 194343 | AI89: =AG89+AH89 -> 350708
A90: 88 | B90: 1 | C90: 90 | E90: 1 | P90: Direct | Q90: =Q413-Q446 -> 2660 | R90: =R413-R446 -> 1884 | S90: =S413-S446 -> 4149 | T90: =T413-T446 -> 3972 | U90: =U413-U446 -> 4323 | V90: =V413-V446 -> 5093 | W90: =W413-W446 -> 4773 | X90: =X413-X446 -> 6150 | ... AB90: =AB413-AB446 -> 5125 | AC90: =SUM(Q90,R90,S90) -> 8693 | AD90: =SUM(T90,U90,V90) -> 13388 | AE90: =SUM(W90,X90,Y90) -> 14577 | AF90: =SUM(Z90,AA90,AB90) -> 15478 | AG90: =AC90+AD90 -> 22081 | AH90: =AF90+AE90 -> 30055 | AI90: =AG90+AH90 -> 52136
A91: 89 | B91: 1 | C91: 91 | E91: 1 | P91: Indirect | Q91: =Q89-Q90 -> 23876 | R91: =R89-R90 -> 9691 | S91: =S89-S90 -> 16299 | T91: =T89-T90 -> 24039 | U91: =U89-U90 -> 25878 | V91: =V89-V90 -> 34501 | W91: =W89-W90 -> 27536 | X91: =X89-X90 -> 24650 | ... AI91: =AI89-AI90 -> 298572
A92: 90 | B92: 1 | C92: 92 | E92: 1 | O92: Field Service Cost | Q92: =(Q452+Q476)*-1 -> 4884 | R92: =(R452+R476)*-1 -> 5634 | S92: =(S452+S476)*-1 -> 6357 | T92: =(T452+T476)*-1 -> 6765 | U92: =(U452+U476)*-1 -> 5972 | V92: =(V452+V476)*-1 -> 6483 | W92: =(W452+W476)*-1 -> 6761 | X92: =(X452+X476)*-1 -> 6813 | ... AB92: =(AB452+AB476)*-1 -> 10718 | AC92: =SUM(Q92,R92,S92) -> 16875 | AD92: =SUM(T92,U92,V92) -> 19220 | AE92: =SUM(W92,X92,Y92) -> 20532 | AF92: =SUM(Z92,AA92,AB92) -> 24296 | AG92: =AC92+AD92 -> 36095 | AH92: =AF92+AE92 -> 44828 | AI92: =AG92+AH92 -> 80923
A93: 91 | B93: 1 | C93: 93 | E93: 1 | O93: Service Desk Cost | Q93: =(Q456+Q480)*-1 -> 33 | R93: =(R456+R480)*-1 -> 33 | S93: =(S456+S480)*-1 -> 33 | T93: =(T456+T480)*-1 -> 27 | U93: =(U456+U480)*-1 -> 27 | V93: =(V456+V480)*-1 -> 33 | W93: =(W456+W480)*-1 -> 33 | X93: =(X456+X480)*-1 -> 33 | ... AB93: =(AB456+AB480)*-1 -> 7 | AC93: =SUM(Q93,R93,S93) -> 99 | AD93: =SUM(T93,U93,V93) -> 87 | AE93: =SUM(W93,X93,Y93) -> 121 | AF93: =SUM(Z93,AA93,AB93) -> 70 | AG93: =AC93+AD93 -> 186 | AH93: =AF93+AE93 -> 191 | AI93: =AG93+AH93 -> 377
A94: 92 | B94: 1 | C94: 94 | E94: 1 | O94: Depreciation & Amortization | Q94: =(Q459+Q483)*-1 -> 0 | R94: =(R459+R483)*-1 -> 0 | S94: =(S459+S483)*-1 -> 0 | T94: =(T459+T483)*-1 -> 0 | U94: =(U459+U483)*-1 -> 0 | V94: =(V459+V483)*-1 -> 0 | W94: =(W459+W483)*-1 -> 0 | X94: =(X459+X483)*-1 -> 0 | ... AB94: =(AB459+AB483)*-1 -> 0 | AC94: =SUM(Q94,R94,S94) -> 0 | AD94: =SUM(T94,U94,V94) -> 0 | AE94: =SUM(W94,X94,Y94) -> 0 | AF94: =SUM(Z94,AA94,AB94) -> 0 | AG94: =AC94+AD94 -> 0 | AH94: =AF94+AE94 -> 0 | AI94: =AG94+AH94 -> 0
A95: 93 | B95: 1 | C95: 95 | E95: 1 | O95: Others | Q95: =Q88-Q89-Q92-Q93-Q94 -> 0 | R95: =R88-R89-R92-R93-R94 -> 0 | S95: =S88-S89-S92-S93-S94 -> 0 | T95: =T88-T89-T92-T93-T94 -> 0 | U95: =U88-U89-U92-U93-U94 -> 0 | V95: =V88-V89-V92-V93-V94 -> 0 | W95: =W88-W89-W92-W93-W94 -> 0 | X95: =X88-X89-X92-X93-X94 -> 0 | ... AB95: =AB88-AB89-AB92-AB93-AB94 -> 0 | AC95: =SUM(Q95,R95,S95) -> 0 | AD95: =SUM(T95,U95,V95) -> 0 | AE95: =SUM(W95,X95,Y95) -> 0 | AF95: =SUM(Z95,AA95,AB95) -> 0 | AG95: =AC95+AD95 -> 0 | AH95: =AF95+AE95 -> 0 | AI95: =AG95+AH95 -> 0
A96: 94 | B96: 1 | C96: 96 | E96: 1 | M96: Others | O96: For KMJ Only | Q96: =Q419+Q435-Q460-Q484 -> 0 | R96: =R419+R435-R460-R484 -> 0 | S96: =S419+S435-S460-S484 -> 0 | T96: =T419+T435-T460-T484 -> 0 | U96: =U419+U435-U460-U484 -> 0 | V96: =V419+V435-V460-V484 -> 0 | W96: =W419+W435-W460-W484 -> 0 | X96: =X419+X435-X460-X484 -> 0 | ... AB96: =AB419+AB435-AB460-AB484 -> 0 | AC96: =SUM(Q96,R96,S96) -> 0 | AD96: =SUM(T96,U96,V96) -> 0 | AE96: =SUM(W96,X96,Y96) -> 0 | AF96: =SUM(Z96,AA96,AB96) -> 0 | AG96: =AC96+AD96 -> 0 | AH96: =AF96+AE96 -> 0 | AI96: =AG96+AH96 -> 0
A97: 95 | B97: 1 | C97: 97 | D97: RF | E97: 1 | I97: Gross Profit | Q97: =SUM(Q102:Q104) -> 50124 | R97: =SUM(R102:R104) -> 28437 | S97: =SUM(S102:S104) -> 44025 | T97: =SUM(T102:T104) -> 59085 | U97: =SUM(U102:U104) -> 64306 | V97: =SUM(V102:V104) -> 94255 | W97: =SUM(W102:W104) -> 58518 | X97: =SUM(X102:X104) -> 74102 | ... AB97: =SUM(AB102:AB104) -> 52195 | AC97: =SUM(Q97,R97,S97) -> 122586 | AD97: =SUM(T97,U97,V97) -> 217646 | AE97: =SUM(W97,X97,Y97) -> 221176 | AF97: =SUM(Z97,AA97,AB97) -> 149015 | AG97: =SUM(AG102:AG104) -> 340232 | AH97: =SUM(AH102:AH104) -> 370191 | AI97: =SUM(AI102:AI104) -> 710423
A98: 96 | B98: 1 | C98: 98 | D98: RF | E98: 1 | J98: (%) | O98: (Formula: Gross Profit / Net Sales) | Q98: =IFERROR(Q97/Q76,0) -> 0.33628532 | R98: =IFERROR(R97/R76,0) -> 0.37894274 | S98: =IFERROR(S97/S76,0) -> 0.3515756 | T98: =IFERROR(T97/T76,0) -> 0.3668167 | U98: =IFERROR(U97/U76,0) -> 0.34569773 | V98: =IFERROR(V97/V76,0) -> 0.35948161 | W98: =IFERROR(W97/W76,0) -> 0.35947588 | X98: =IFERROR(X97/X76,0) -> 0.36502909 | ... AI98: =IFERROR(AI97/AI76,0) -> 0.33005611
A99: 97 | B99: 1 | C99: 99 | D99: RF | E99: 1 | M99: Hard (%) | Q99: =IFERROR(Q102/Q77,0) -> 0.29058814 | R99: =IFERROR(R102/R77,0) -> 0.39959515 | S99: =IFERROR(S102/S77,0) -> 0.33118018 | T99: =IFERROR(T102/T77,0) -> 0.34050218 | U99: =IFERROR(U102/U77,0) -> 0.30557653 | V99: =IFERROR(V102/V77,0) -> 0.32648571 | W99: =IFERROR(W102/W77,0) -> 0.31608665 | X99: =IFERROR(X102/X77,0) -> 0.35410238 | ... AI99: =IFERROR(AI102/AI77,0) -> 0.29018502
A100: 98 | B100: 1 | C100: 100 | D100: RF | E100: 1 | M100: Non-hard (%) | Q100: =IFERROR(Q103/Q78,0) -> 0.41686751 | R100: =IFERROR(R103/R78,0) -> 0.34029691 | S100: =IFERROR(S103/S78,0) -> 0.38929595 | T100: =IFERROR(T103/T78,0) -> 0.41210156 | U100: =IFERROR(U103/U78,0) -> 0.42427279 | V100: =IFERROR(V103/V78,0) -> 0.43289016 | W100: =IFERROR(W103/W78,0) -> 0.42072204 | X100: =IFERROR(X103/X78,0) -> 0.39004196 | ... AI100: =IFERROR(AI103/AI78,0) -> 0.4078229
A101: 99 | B101: 1 | C101: 101 | D101: RF | E101: 1 | M101: Others (%) | Q101: =IFERROR(Q104/Q79,0) -> 0 | R101: =IFERROR(R104/R79,0) -> 0 | S101: =IFERROR(S104/S79,0) -> 0 | T101: =IFERROR(T104/T79,0) -> 0 | U101: =IFERROR(U104/U79,0) -> 0 | V101: =IFERROR(V104/V79,0) -> 0 | W101: =IFERROR(W104/W79,0) -> 0 | X101: =IFERROR(X104/X79,0) -> 0 | ... AI101: =IFERROR(AI104/AI79,0) -> 0
A102: 100 | B102: 1 | C102: 102 | D102: RF | E102: 1 | M102: Hard | Q102: =Q438+Q462 -> 27639 | R102: =R438+R462 -> 19543 | S102: =S438+S462 -> 26917 | T102: =T438+T462 -> 34689 | U102: =U438+U462 -> 37629 | V102: =V438+V462 -> 59058 | W102: =W438+W462 -> 30118 | X102: =X438+X462 -> 50029 | ... AB102: =AB438+AB462 -> 32071 | AC102: =SUM(Q102,R102,S102) -> 74099 | AD102: =SUM(T102,U102,V102) -> 131376 | AE102: =SUM(W102,X102,Y102) -> 128070 | AF102: =SUM(Z102,AA102,AB102) -> 79361 | AG102: =AC102+AD102 -> 205475 | AH102: =AF102+AE102 -> 207431 | AI102: =AG102+AH102 -> 412906
A103: 101 | B103: 1 | C103: 103 | D103: RF | E103: 1 | M103: Non-hard | Q103: =Q443+Q467 -> 22485 | R103: =R443+R467 -> 8894 | S103: =S443+S467 -> 17108 | T103: =T443+T467 -> 24396 | U103: =U443+U467 -> 26677 | V103: =V443+V467 -> 35197 | W103: =W443+W467 -> 28400 | X103: =X443+X467 -> 24073 | ... AB103: =AB443+AB467 -> 20124 | AC103: =SUM(Q103,R103,S103) -> 48487 | AD103: =SUM(T103,U103,V103) -> 86270 | AE103: =SUM(W103,X103,Y103) -> 93106 | AF103: =SUM(Z103,AA103,AB103) -> 69654 | AG103: =AC103+AD103 -> 134757 | AH103: =AF103+AE103 -> 162760 | AI103: =AG103+AH103 -> 297517
A104: 102 | B104: 1 | C104: 104 | D104: RF | E104: 1 | M104: Others | Q104: =Q460+Q484 -> 0 | R104: =R460+R484 -> 0 | S104: =S460+S484 -> 0 | T104: =T460+T484 -> 0 | U104: =U460+U484 -> 0 | V104: =V460+V484 -> 0 | W104: =W460+W484 -> 0 | X104: =X460+X484 -> 0 | ... AB104: =AB460+AB484 -> 0 | AC104: =SUM(Q104,R104,S104) -> 0 | AD104: =SUM(T104,U104,V104) -> 0 | AE104: =SUM(W104,X104,Y104) -> 0 | AF104: =SUM(Z104,AA104,AB104) -> 0 | AG104: =AC104+AD104 -> 0 | AH104: =AF104+AE104 -> 0 | AI104: =AG104+AH104 -> 0
...

Sheet OP
A4: Prev | C4: OP | F4: FY2022 Original Plan ver2.2 | P4: BIN | Q4: (Unit:1000LC)
D6: RF | I6: K_INR | L6: (Unit:1000LC) | P6: Input fields
P7: Input fields, but not affect PL
D8: RF | E8: 1 | F8: 1. P/L (1) - Overview
D9: RF | E9: 1 | G9: 1-1. P/L Statement
D10: RF | E10: 1 | Q10: 44652 | R10: 44682 | S10: 44713 | T10: 44743 | U10: 44774 | V10: 44805 | W10: 44835 | X10: 44866 | Y10: 44896 | Z10: 44927 | AA10: 44958 | AB10: 44986 | AC10: Q1 | AD10: Q2 | AE10: Q3 | AF10: Q4 | AG10: 1st H | AH10: 2nd H | AI10: Yr.
A11: 11 | B11: 1 | C11: 11 | D11: RF | E11: 1 | I11: Net Sales | Q11: 0 | R11: 0 | S11: 0 | T11: 0 | U11: 0 | V11: 0 | W11: 0 | X11: 0 | Y11: 0 | Z11: 0 | AA11: 0 | AB11: 0 | AC11: 0 | AD11: 0 | AE11: 0 | AF11: 0 | AG11: 0 | AH11: 0 | AI11: 0
A12: 12 | B12: 1 | C12: 12 | D12: RF | E12: 1 | I12: BT Consolidated Sales | Q12: 0 | R12: 0 | S12: 0 | T12: 0 | U12: 0 | V12: 0 | W12: 0 | X12: 0 | Y12: 0 | Z12: 0 | AA12: 0 | AB12: 0 | AC12: 0 | AD12: 0 | AE12: 0 | AF12: 0 | AG12: 0 | AH12: 0 | AI12: 0
A13: 13 | B13: 1 | C13: 13 | D13: RF | E13: 1 | I13: Cost of Sales | Q13: 0 | R13: 0 | S13: 0 | T13: 0 | U13: 0 | V13: 0 | W13: 0 | X13: 0 | Y13: 0 | Z13: 0 | AA13: 0 | AB13: 0 | AC13: 0 | AD13: 0 | AE13: 0 | AF13: 0 | AG13: 0 | AH13: 0 | AI13: 0
A14: 14 | B14: 1 | C14: 14 | D14: RF | E14: 1 | I14: Gross Profit | Q14: 0 | R14: 0 | S14: 0 | T14: 0 | U14: 0 | V14: 0 | W14: 0 | X14: 0 | Y14: 0 | Z14: 0 | AA14: 0 | AB14: 0 | AC14: 0 | AD14: 0 | AE14: 0 | AF14: 0 | AG14: 0 | AH14: 0 | AI14: 0
A15: 15 | B15: 1 | C15: 15 | D15: RF | E15: 1 | P15: (%) | Q15: 0 | R15: 0 | S15: 0 | T15: 0 | U15: 0 | V15: 0 | W15: 0 | X15: 0 | Y15: 0 | Z15: 0 | AA15: 0 | AB15: 0 | AC15: 0 | AD15: 0 | AE15: 0 | AF15: 0 | AG15: 0 | AH15: 0 | AI15: 0
A16: 16 | B16: 1 | C16: 16 | D16: RF | E16: 1 | I16: SGA Expenses | Q16: 0 | R16: 0 | S16: 0 | T16: 0 | U16: 0 | V16: 0 | W16: 0 | X16: 0 | Y16: 0 | Z16: 0 | AA16: 0 | AB16: 0 | AC16: 0 | AD16: 0 | AE16: 0 | AF16: 0 | AG16: 0 | AH16: 0 | AI16: 0
A17: 17 | B17: 1 | C17: 17 | D17: RF | E17: 1 | P17: (%) | Q17: 0 | R17: 0 | S17: 0 | T17: 0 | U17: 0 | V17: 0 | W17: 0 | X17: 0 | Y17: 0 | Z17: 0 | AA17: 0 | AB17: 0 | AC17: 0 | AD17: 0 | AE17: 0 | AF17: 0 | AG17: 0 | AH17: 0 | AI17: 0
A18: 18 | B18: 1 | C18: 18 | D18: RF | E18: 1 | J18: Variable Expenses | Q18: 0 | R18: 0 | S18: 0 | T18: 0 | U18: 0 | V18: 0 | W18: 0 | X18: 0 | Y18: 0 | Z18: 0 | AA18: 0 | AB18: 0 | AC18: 0 | AD18: 0 | AE18: 0 | AF18: 0 | AG18: 0 | AH18: 0 | AI18: 0
A19: 19 | B19: 1 | C19: 19 | D19: RF | E19: 1 | J19: Wages & Salaries | Q19: 0 | R19: 0 | S19: 0 | T19: 0 | U19: 0 | V19: 0 | W19: 0 | X19: 0 | Y19: 0 | Z19: 0 | AA19: 0 | AB19: 0 | AC19: 0 | AD19: 0 | AE19: 0 | AF19: 0 | AG19: 0 | AH19: 0 | AI19: 0
A20: 20 | B20: 1 | C20: 20 | D20: RF | E20: 1 | J20: Fixed Expenses | Q20: 0 | R20: 0 | S20: 0 | T20: 0 | U20: 0 | V20: 0 | W20: 0 | X20: 0 | Y20: 0 | Z20: 0 | AA20: 0 | AB20: 0 | AC20: 0 | AD20: 0 | AE20: 0 | AF20: 0 | AG20: 0 | AH20: 0 | AI20: 0
A21: 21 | B21: 1 | C21: 21 | D21: RF | E21: 1 | I21: Business Contribution Profit | Q21: 0 | R21: 0 | S21: 0 | T21: 0 | U21: 0 | V21: 0 | W21: 0 | X21: 0 | Y21: 0 | Z21: 0 | AA21: 0 | AB21: 0 | AC21: 0 | AD21: 0 | AE21: 0 | AF21: 0 | AG21: 0 | AH21: 0 | AI21: 0
A22: 22 | B22: 1 | C22: 22 | D22: RF | E22: 1 | P22: (%) | Q22: 0 | R22: 0 | S22: 0 | T22: 0 | U22: 0 | V22: 0 | W22: 0 | X22: 0 | Y22: 0 | Z22: 0 | AA22: 0 | AB22: 0 | AC22: 0 | AD22: 0 | AE22: 0 | AF22: 0 | AG22: 0 | AH22: 0 | AI22: 0
A23: 23 | B23: 1 | C23: 23 | D23: RF | E23: 1 | I23: Other Income | Q23: 0 | R23: 0 | S23: 0 | T23: 0 | U23: 0 | V23: 0 | W23: 0 | X23: 0 | Y23: 0 | Z23: 0 | AA23: 0 | AB23: 0 | AC23: 0 | AD23: 0 | AE23: 0 | AF23: 0 | AG23: 0 | AH23: 0 | AI23: 0
A24: 24 | B24: 1 | C24: 24 | D24: RF | E24: 1 | I24: Other Expenses | Q24: 0 | R24: 0 | S24: 0 | T24: 0 | U24: 0 | V24: 0 | W24: 0 | X24: 0 | Y24: 0 | Z24: 0 | AA24: 0 | AB24: 0 | AC24: 0 | AD24: 0 | AE24: 0 | AF24: 0 | AG24: 0 | AH24: 0 | AI24: 0
A25: 25 | B25: 1 | C25: 25 | D25: RF | E25: 1 | I25: Operating Profit | Q25: 0 | R25: 0 | S25: 0 | T25: 0 | U25: 0 | V25: 0 | W25: 0 | X25: 0 | Y25: 0 | Z25: 0 | AA25: 0 | AB25: 0 | AC25: 0 | AD25: 0 | AE25: 0 | AF25: 0 | AG25: 0 | AH25: 0 | AI25: 0
A26: 26 | B26: 1 | C26: 26 | D26: RF | E26: 1 | P26: (%) | Q26: 0 | R26: 0 | S26: 0 | T26: 0 | U26: 0 | V26: 0 | W26: 0 | X26: 0 | Y26: 0 | Z26: 0 | AA26: 0 | AB26: 0 | AC26: 0 | AD26: 0 | AE26: 0 | AF26: 0 | AG26: 0 | AH26: 0 | AI26: 0
A27: 27 | B27: 1 | C27: 27 | D27: RF | E27: 1 | I27: Financial Income (Expenses), net | Q27: 0 | R27: 0 | S27: 0 | T27: 0 | U27: 0 | V27: 0 | W27: 0 | X27: 0 | Y27: 0 | Z27: 0 | AA27: 0 | AB27: 0 | AC27: 0 | AD27: 0 | AE27: 0 | AF27: 0 | AG27: 0 | AH27: 0 | AI27: 0
A28: 28 | B28: 1 | C28: 28 | D28: RF | E28: 1 | J28: Financial Income | AC28: 0 | AD28: 0 | AE28: 0 | AF28: 0 | AG28: 0 | AH28: 0 | AI28: 0
A29: 29 | B29: 1 | C29: 29 | D29: RF | E29: 1 | J29: Financial Expenses | AC29: 0 | AD29: 0 | AE29: 0 | AF29: 0 | AG29: 0 | AH29: 0 | AI29: 0
A30: 30 | B30: 1 | C30: 30 | D30: RF | E30: 1 | I30: Profit before Taxes | Q30: 0 | R30: 0 | S30: 0 | T30: 0 | U30: 0 | V30: 0 | W30: 0 | X30: 0 | Y30: 0 | Z30: 0 | AA30: 0 | AB30: 0 | AC30: 0 | AD30: 0 | AE30: 0 | AF30: 0 | AG30: 0 | AH30: 0 | AI30: 0
A31: 31 | B31: 1 | C31: 31 | D31: RF | E31: 1 | I31: Tax Expenses & Others | AC31: 0 | AD31: 0 | AE31: 0 | AF31: 0 | AG31: 0 | AH31: 0 | AI31: 0
A32: 32 | B32: 1 | C32: 32 | D32: RF | E32: 1 | I32: Net Profit | Q32: 0 | R32: 0 | S32: 0 | T32: 0 | U32: 0 | V32: 0 | W32: 0 | X32: 0 | Y32: 0 | Z32: 0 | AA32: 0 | AB32: 0 | AC32: 0 | AD32: 0 | AE32: 0 | AF32: 0 | AG32: 0 | AH32: 0 | AI32: 0
A33: 33 | B33: 1 | C33: 33 | D33: RF | E33: 1 | P33: (%) | Q33: 0 | R33: 0 | S33: 0 | T33: 0 | U33: 0 | V33: 0 | W33: 0 | X33: 0 | Y33: 0 | Z33: 0 | AA33: 0 | AB33: 0 | AC33: 0 | AD33: 0 | AE33: 0 | AF33: 0 | AG33: 0 | AH33: 0 | AI33: 0
A34: 34 | B34: 1 | C34: 34 | E34: 1
A35: 35 | B35: 1 | C35: 35 | E35: 1
A36: 36 | B36: 1 | C36: 36 | E36: 1 | G36: 1-2.SGA Expenses Details
A37: 37 | B37: 1 | C37: 37 | E37: 1 | I37: Variable Expenses | Q37: 0 | R37: 0 | S37: 0 | T37: 0 | U37: 0 | V37: 0 | W37: 0 | X37: 0 | Y37: 0 | Z37: 0 | AA37: 0 | AB37: 0 | AC37: 0 | AD37: 0 | AE37: 0 | AF37: 0 | AG37: 0 | AH37: 0 | AI37: 0
A38: 38 | B38: 1 | C38: 38 | E38: 1 | J38: Selling Expenses | AC38: 0 | AD38: 0 | AE38: 0 | AF38: 0 | AG38: 0 | AH38: 0 | AI38: 0
A39: 39 | B39: 1 | C39: 39 | E39: 1 | J39: Adverting Expenses | AC39: 0 | AD39: 0 | AE39: 0 | AF39: 0 | AG39: 0 | AH39: 0 | AI39: 0
A40: 40 | B40: 1 | C40: 40 | E40: 1 | J40: Logistics Expense | AC40: 0 | AD40: 0 | AE40: 0 | AF40: 0 | AG40: 0 | AH40: 0 | AI40: 0
A41: 41 | B41: 1 | C41: 41 | E41: 1 | I41: Wages & Salaries | Q41: 0 | R41: 0 | S41: 0 | T41: 0 | U41: 0 | V41: 0 | W41: 0 | X41: 0 | Y41: 0 | Z41: 0 | AA41: 0 | AB41: 0 | AC41: 0 | AD41: 0 | AE41: 0 | AF41: 0 | AG41: 0 | AH41: 0 | AI41: 0
A42: 42 | B42: 1 | C42: 42 | E42: 1 | J42: Variable Wages & Salaries | AC42: 0 | AD42: 0 | AE42: 0 | AF42: 0 | AG42: 0 | AH42: 0 | AI42: 0
A43: 43 | B43: 1 | C43: 43 | E43: 1 | J43: Fixed Wages & Salaries | AC43: 0 | AD43: 0 | AE43: 0 | AF43: 0 | AG43: 0 | AH43: 0 | AI43: 0
A44: 44 | B44: 1 | C44: 44 | E44: 1 | J44: Retirement Benefit Cost | AC44: 0 | AD44: 0 | AE44: 0 | AF44: 0 | AG44: 0 | AH44: 0 | AI44: 0
A45: 45 | B45: 1 | C45: 45 | E45: 1 | I45: Fixed Expenses | Q45: 0 | R45: 0 | S45: 0 | T45: 0 | U45: 0 | V45: 0 | W45: 0 | X45: 0 | Y45: 0 | Z45: 0 | AA45: 0 | AB45: 0 | AC45: 0 | AD45: 0 | AE45: 0 | AF45: 0 | AG45: 0 | AH45: 0 | AI45: 0
A46: 46 | B46: 1 | C46: 46 | E46: 1 | J46: Traveling Expenses | AC46: 0 | AD46: 0 | AE46: 0 | AF46: 0 | AG46: 0 | AH46: 0 | AI46: 0
A47: 47 | B47: 1 | C47: 47 | E47: 1 | J47: Depreciation & Amortization | AC47: 0 | AD47: 0 | AE47: 0 | AF47: 0 | AG47: 0 | AH47: 0 | AI47: 0
A48: 48 | B48: 1 | C48: 48 | E48: 1 | J48: Repair and Maintenance | AC48: 0 | AD48: 0 | AE48: 0 | AF48: 0 | AG48: 0 | AH48: 0 | AI48: 0
